Workbook

Sheet MAYO CTE-5
B8: ÀREA FINANCIERA | K8: CTE-5
A10: UNIDAD DE CIRUGIA CARDIOVASCULAR DE GUATEMALA
A11: 5a. AVENIDA 6-22 ZONA 11
A12: dgunicar@yahoo.es Tel. 24163000
A14: Programación y ejecucion mensual por tipo de gasto año 2022, Expresado en Quetzales primer cuatrimestre 2022
A15: No. | B15: CATEGORIA DE GASTO | C15: ENERO | E15: FEBRERO | G15: MARZO | I15: ABRIL | K15: TOTAL CUATRIMESTRE
C16: PRESUPUESTO | D16: REAL | E16: PRESUPUESTO | F16: REAL | G16: PRESUPUESTO | H16: REAL | I16: PRESUPUESTO | J16: REAL | K16: PRESUPUESTO | L16: REAL
A17: 011 | B17: RECURSO HUMANO | C17: 2414811.3 | D17: 2367268.7 | E17: 2414811.3 | F17: 2396683.9 | G17: 2414811.3 | H17: 2410583.5 | I17: 2414811.3 | J17: 2417060.8 | K17: =+C17+E17+G17+I17 -> 9659245.3 | L17: =+D17+F17+H17+J17 -> 9591596.9
B19: GASTOS DE FUNCIONAMIENTO | C19: =+C31+C47 -> 2612557.9 | D19: =+D31+D47 -> 0 | E19: =+E31+E47 -> 2689873.5 | F19: =+F31+F47 -> 16502.89 | G19: =+G31+G47 -> 2771983.2 | H19: =+H31+H47 -> 132643.57 | I19: =+I31+I47 -> 2771983.2 | J19: =+J31+J47 -> 748869.8 | K19: =+C19+E19+G19+I19 -> 10846398 | L19: =+D19+F19+H19+J19 -> 898016.26
A20: 111 | B20: ENERGIA ELECTRICA | C20: 0 | D20: 0 | E20: 77315.63 | F20: 0 | G20: 77315.63 | H20: 70182.48 | I20: 77315.63 | J20: 80017.57 | K20: =+C20+E20+G20+I20 -> 231946.89 | L20: =+D20+F20+H20+J20 -> 150200.05
A21: 113 | B21: TELEFONIA | C21: 10564.58 | D21: 0 | E21: 10564.58 | F21: 8302.09 | G21: 10564.58 | H21: 11306.4 | I21: 10564.58 | J21: 11126.04 | K21: =+C21+E21+G21+I21 -> 42258.32 | L21: =+D21+F21+H21+J21 -> 30734.53
A22: 122 | B22: IMPRESIÓN, ENCUADERNACION Y REPRODUCCION | C22: 0 | D22: 0 | E22: 0 | F22: 0 | G22: 6085.56 | H22: 0 | I22: 6085.56 | J22: 0 | K22: =+C22+E22+G22+I22 -> 12171.12 | L22: =+D22+F22+H22+J22 -> 0
A23: 163 | B23: MANT. Y REP. EQUIPO MEDICO SANITARIO Y DE LAB. | C23: 0 | D23: 0 | E23: 0 | F23: 0 | G23: 75924.2 | H23: 0 | I23: 75924.2 | J23: 0 | K23: =+C23+E23+G23+I23 -> 151848.4 | L23: =+D23+F23+H23+J23 -> 0
A24: 168 | B24: MANTENIMIENTO Y REPARACION DE EQUIPO DE COMPUTO | C24: 0 | D24: 0 | E24: 0 | F24: 0 | G24: 100 | H24: 0 | I24: 100 | J24: 0 | K24: =+C24+E24+G24+I24 -> 200 | L24: =+D24+F24+H24+J24 -> 0
A25: 169 | B25: MANT. Y REP. DE OTRAS MAQ. Y EQUIPO | C25: 3526.67 | D25: 0 | E25: 3526.67 | F25: 0 | G25: 3526.67 | H25: 0 | I25: 3526.67 | J25: 0 | K25: =+C25+E25+G25+I25 -> 14106.68 | L25: =+D25+F25+H25+J25 -> 0
A26: 171 | B26: MANT. Y REPARACION DE EDIFICIOS | C26: 3638.33 | D26: 0 | E26: 3638.33 | F26: 0 | G26: 3638.33 | H26: 0 | I26: 3638.33 | J26: 0 | K26: =+C26+E26+G26+I26 -> 14553.32 | L26: =+D26+F26+H26+J26 -> 0
A27: 174 | B27: MANT. Y REP. DE INSTALACIONES | C27: 7356.33 | D27: 0 | E27: 7356.33 | F27: 0 | G27: 7356.33 | H27: 0 | I27: 7356.33 | J27: 6360 | K27: =+C27+E27+G27+I27 -> 29425.32 | L27: =+D27+F27+H27+J27 -> 6360
A28: 182 | B28: SERVICIOS MEDICO-SANITARIOS | C28: 317986.83 | D28: 0 | E28: 317986.83 | F28: 0 | G28: 317986.83 | H28: 32843.76 | I28: 317986.83 | J28: 99905.74 | K28: =+C28+E28+G28+I28 -> 1271947.3 | L28: =+D28+F28+H28+J28 -> 132749.5
A29: 197 | B29: SERVICIOS DE VIGILANCIA | C29: 42350 | D29: 0 | E29: 42350 | F29: 0 | G29: 42350 | H29: 0 | I29: 42350 | J29: 84000 | K29: =+C29+E29+G29+I29 -> 169400 | L29: =+D29+F29+H29+J29 -> 84000
A30: 199 | B30: OTROS SERVICIOS NO PERSONALES | C30: 67060 | D30: 0 | E30: 67060 | F30: 8200.8 | G30: 67060 | H30: 4100 | I30: 67060 | J30: 6150.2 | K30: =+C30+E30+G30+I30 -> 268240 | L30: =+D30+F30+H30+J30 -> 18451
B31: SUMA GASTOS GENERALES | C31: =SUM(C20:C30) -> 452482.74 | D31: =SUM(D20:D30) -> 0 | E31: =SUM(E20:E30) -> 529798.37 | F31: =SUM(F20:F30) -> 16502.89 | G31: =SUM(G20:G30) -> 611908.13 | H31: =SUM(H20:H30) -> 118432.64 | I31: =SUM(I20:I30) -> 611908.13 | J31: =SUM(J20:J30) -> 287559.55 | ... L31: =SUM(L20:L30) -> 422495.08
B32: MATERIALES Y SUMINISTROS
A33: 211 | B33: ALIMENTOS PARA PERSONAS | C33: 58165.57 | D33: 0 | E33: 58165.57 | F33: 0 | G33: 58165.57 | H33: 13077 | I33: 58165.57 | J33: 90483.25 | K33: =+C33+E33+G33+I33 -> 232662.28 | L33: =+D33+F33+H33+J33 -> 103560.25
A34: 232 | B34: ACABADOS TEXTILES | C34: 12500 | D34: 0 | E34: 12500 | F34: 0 | G34: 12500 | H34: 0 | I34: 12500 | J34: 0 | K34: =+C34+E34+G34+I34 -> 50000 | L34: =+D34+F34+H34+J34 -> 0
A35: 261 | B35: ELEMENTOS Y COMPUESTOS QUIMICOS | C35: 82888.02 | D35: 0 | E35: 82888.02 | F35: 0 | G35: 82888.02 | H35: 0 | I35: 82888.02 | J35: 61685.07 | K35: =+C35+E35+G35+I35 -> 331552.08 | L35: =+D35+F35+H35+J35 -> 61685.07
A36: 262 | B36: COMBUSTIBLES Y LUBRICANTES | C36: 666.67 | D36: 0 | E36: 666.67 | F36: 0 | G36: 666.67 | H36: 0 | I36: 666.67 | J36: 0 | K36: =+C36+E36+G36+I36 -> 2666.68 | L36: =+D36+F36+H36+J36 -> 0
A37: 266 | B37: PRODUCTOS MEDICINALES Y FARMACEUTICOS | C37: 381939.32 | D37: 0 | E37: 381939.32 | F37: 0 | G37: 381939.32 | H37: 133.93 | I37: 381939.32 | J37: 194422.07 | K37: =+C37+E37+G37+I37 -> 1527757.3 | L37: =+D37+F37+H37+J37 -> 194556
A38: 267 | B38: TINTES, PINTURAS Y COLORANTES | C38: 750 | D38: 0 | E38: 750 | F38: 0 | G38: 750 | H38: 0 | I38: 750 | J38: 0 | K38: =+C38+E38+G38+I38 -> 3000 | L38: =+D38+F38+H38+J38 -> 0
A39: 268 | B39: PRODUCTOS PLASTICOS, NYLON, VINIL Y PVC | C39: 11811.29 | D39: 0 | E39: 11811.29 | F39: 0 | G39: 11811.29 | H39: 0 | I39: 11811.29 | J39: 0 | K39: =+C39+E39+G39+I39 -> 47245.16 | L39: =+D39+F39+H39+J39 -> 0
A40: 269 | B40: OTROS PRODUCTOS QUIMICOS Y CONEXOS | C40: 833.33 | D40: 0 | E40: 833.33 | F40: 0 | G40: 833.33 | H40: 0 | I40: 833.33 | J40: 0 | K40: =+C40+E40+G40+I40 -> 3333.32 | L40: =+D40+F40+H40+J40 -> 0
A41: 289 | B41: OTROS PRODUCTOS METALICOS | C41: 574.88 | D41: 0 | E41: 574.88 | F41: 0 | G41: 574.88 | H41: 0 | I41: 574.88 | J41: 0 | K41: =+C41+E41+G41+I41 -> 2299.52 | L41: =+D41+F41+H41+J41 -> 0
A42: 292 | B42: UTILES DE LIMPIEZA Y PRODUCTOS SANITARIOS | C42: 7014.93 | D42: 0 | E42: 7014.93 | F42: 0 | G42: 7014.93 | H42: 0 | I42: 7014.93 | J42: 0 | K42: =+C42+E42+G42+I42 -> 28059.72 | L42: =+D42+F42+H42+J42 -> 0
A43: 295 | B43: UTILES MENORES MEDICO QUIRURGICOS Y DE LAB. | C43: 1548540.1 | D43: 0 | E43: 1548540.1 | F43: 0 | G43: 1548540.1 | H43: 0 | I43: 1548540.1 | J43: 108377 | K43: =+C43+E43+G43+I43 -> 6194160.2 | L43: =+D43+F43+H43+J43 -> 108377
A44: 297 | B44: UTILES, ACCESORIOS Y MATERIALES ELECTRICOS | C44: 1591.07 | D44: 0 | E44: 1591.07 | F44: 0 | G44: 1591.07 | H44: 0 | I44: 1591.07 | J44: 0 | K44: =+C44+E44+G44+I44 -> 6364.28 | L44: =+D44+F44+H44+J44 -> 0
... A46: 299 | B46: OTROS MATERIALES Y SUMINISTROS | C46: 19041.83 | D46: 0 | E46: 19041.83 | F46: 0 | G46: 19041.83 | H46: 0 | I46: 19041.83 | J46: 0 | K46: =+C46+E46+G46+I46 -> 76167.32 | L46: =+D46+F46+H46+J46 -> 0
B47: TOTAL MATERIALES Y SUMINISTROS | C47: =SUM(C33:C46) -> 2160075.1 | D47: =SUM(D33:D46) -> 0 | E47: =SUM(E33:E46) -> 2160075.1 | F47: =SUM(F33:F46) -> 0 | G47: =SUM(G33:G46) -> 2160075.1 | H47: =SUM(H33:H46) -> 14210.93 | I47: =SUM(I33:I46) -> 2160075.1 | J47: =SUM(J33:J46) -> 461310.25 | ... L47: =SUM(L33:L46) -> 475521.18
B48: PROPIEDAD PLANTA Y EQUIPO
B49: EQUIPO MEDICO SANITARIO Y DE LABORATORIO | C49: 0 | D49: 0 | E49: 0 | F49: 0 | H49: 0 | K49: =+C49+E49+G49+I49 -> 0 | L49: =+D49+F49+H49+J49 -> 0
B50: OTRAS MAQUINARIAS Y EQUIPOS | C50: 0 | D50: 0 | E50: 0 | F50: 0 | H50: 0 | I50: 0 | K50: =+C50+E50+G50+I50 -> 0 | L50: =+D50+F50+H50+J50 -> 0
B51: TOTAL PROPIEDAD PLANTA Y EQUIPO | C51: =SUM(C49:C50) -> 0 | D51: =SUM(D49:D50) -> 0 | E51: =SUM(E49:E50) -> 0 | F51: =SUM(F49:F50) -> 0 | G51: =SUM(G49:G50) -> 0 | H51: =SUM(H49:H50) -> 0 | I51: =SUM(I49:I50) -> 0 | J51: =SUM(J49:J50) -> 0 | ... L51: =SUM(L49:L50) -> 0
A60: Programación y ejecucion mensual por tipo de gasto año 2022, Expresado en Quetzales segundo cuatrimestre 2022
A61: No. | B61: CATEGORIA DE GASTO | C61: MAYO | E61: JUNIO | G61: JULIO | I61: AGOSTO | K61: TOTAL CUATRIMESTRE | M61: TOTAL ACUMULADO
C62: PRESUPUESTO | D62: REAL | E62: PRESUPUESTO | F62: REAL | G62: PRESUPUESTO | H62: REAL | I62: PRESUPUESTO | J62: REAL | K62: PRESUPUESTO | L62: REAL | M62: PRESUPUESTO | N62: REAL
A63: 011 | B63: RECURSO HUMANO | C63: 2414811.3 | D63: 2417711.1 | K63: =+C63+E63+G63+I63 -> 2414811.3 | L63: =+D63+F63+H63+J63 -> 2417711.1 | M63: =+K63+K17 -> 12074057 | N63: =+L63+L17 -> 12009308
B65: GASTOS DE FUNCIONAMIENTO | C65: =+C77+C93 -> 2771983.2 | D65: =+D77+D93+D97 -> 1295730.8 | E65: =+E77+E93 -> 0 | F65: =+F77+F93 -> 0 | G65: =+G77+G93 -> 0 | H65: =+H77+H93 -> 0 | I65: =+I77+I93 -> 0 | J65: =+J77+J93 -> 0 | K65: =+C65+E65+G65+I65 -> 2771983.2 | L65: =+D65+F65+H65+J65 -> 1295730.8 | M65: =+K65+K19 -> 13618381 | N65: =+L65+L19 -> 2193747
A66: 111 | B66: ENERGIA ELECTRICA | C66: 77315.63 | D66: 86367.27 | K66: =+C66+E66+G66+I66 -> 77315.63 | L66: =+D66+F66+H66+J66 -> 86367.27 | M66: =+K66+K20 -> 309262.52 | N66: =+L66+L20 -> 236567.32
A67: 113 | B67: TELEFONIA | C67: 10564.58 | D67: 11246.38 | K67: =+C67+E67+G67+I67 -> 10564.58 | L67: =+D67+F67+H67+J67 -> 11246.38 | M67: =+K67+K21 -> 52822.9 | N67: =+L67+L21 -> 41980.91
A68: 122 | B68: IMPRESIÓN, ENCUADERNACION Y REPRODUCCION | C68: 6085.56 | D68: 0 | K68: =+C68+E68+G68+I68 -> 6085.56 | L68: =+D68+F68+H68+J68 -> 0 | M68: =+K68+K22 -> 18256.68 | N68: =+L68+L22 -> 0
A69: 163 | B69: MANT. Y REP. EQUIPO MEDICO SANITARIO Y DE LAB. | C69: 75924.2 | D69: 29608.97 | K69: =+C69+E69+G69+I69 -> 75924.2 | L69: =+D69+F69+H69+J69 -> 29608.97 | M69: =+K69+K23 -> 227772.6 | N69: =+L69+L23 -> 29608.97
A70: 168 | B70: MANTENIMIENTO Y REPARACION DE EQUIPO DE COMPUTO | C70: 100 | D70: 0 | K70: =+C70+E70+G70+I70 -> 100 | L70: =+D70+F70+H70+J70 -> 0 | M70: =+K70+K24 -> 300 | N70: =+L70+L24 -> 0
A71: 169 | B71: MANT. Y REP. DE OTRAS MAQ. Y EQUIPO | C71: 3526.67 | D71: 0 | K71: =+C71+E71+G71+I71 -> 3526.67 | L71: =+D71+F71+H71+J71 -> 0 | M71: =+K71+K25 -> 17633.35 | N71: =+L71+L25 -> 0
A72: 171 | B72: MANT. Y REPARACION DE EDIFICIOS | C72: 3638.33 | D72: 1200 | K72: =+C72+E72+G72+I72 -> 3638.33 | L72: =+D72+F72+H72+J72 -> 1200 | M72: =+K72+K26 -> 18191.65 | N72: =+L72+L26 -> 1200
A73: 174 | B73: MANT. Y REP. DE INSTALACIONES | C73: 7356.33 | D73: 3180 | K73: =+C73+E73+G73+I73 -> 7356.33 | L73: =+D73+F73+H73+J73 -> 3180 | M73: =+K73+K27 -> 36781.65 | N73: =+L73+L27 -> 9540
A74: 182 | B74: SERVICIOS MEDICO-SANITARIOS | C74: 317986.83 | D74: 287212.34 | K74: =+C74+E74+G74+I74 -> 317986.83 | L74: =+D74+F74+H74+J74 -> 287212.34 | M74: =+K74+K28 -> 1589934.2 | N74: =+L74+L28 -> 419961.84
A75: 197 | B75: SERVICIOS DE VIGILANCIA | C75: 42350 | D75: 84000 | K75: =+C75+E75+G75+I75 -> 42350 | L75: =+D75+F75+H75+J75 -> 84000 | M75: =+K75+K29 -> 211750 | N75: =+L75+L29 -> 168000
A76: 199 | B76: OTROS SERVICIOS NO PERSONALES | C76: 67060 | D76: 47611.05 | K76: =+C76+E76+G76+I76 -> 67060 | L76: =+D76+F76+H76+J76 -> 47611.05 | M76: =+K76+K30 -> 335300 | N76: =+L76+L30 -> 66062.05
B77: SUMA GASTOS GENERALES | C77: =SUM(C66:C76) -> 611908.13 | D77: =SUM(D66:D76) -> 550426.01 | E77: =SUM(E66:E76) -> 0 | F77: =SUM(F66:F76) -> 0 | G77: =SUM(G66:G76) -> 0 | H77: =SUM(H66:H76) -> 0 | I77: =SUM(I66:I76) -> 0 | J77: =SUM(J66:J76) -> 0 | ... N77: =SUM(N66:N76) -> 972921.09
B78: MATERIALES Y SUMINISTROS
A79: 211 | B79: ALIMENTOS PARA PERSONAS | C79: 58165.57 | D79: 60286 | K79: =+C79+E79+G79+I79 -> 58165.57 | L79: =+D79+F79+H79+J79 -> 60286 | M79: =+K79+K33 -> 290827.85 | N79: =+L79+L33 -> 163846.25
A80: 232 | B80: ACABADOS TEXTILES | C80: 12500 | D80: 0 | K80: =+C80+E80+G80+I80 -> 12500 | L80: =+D80+F80+H80+J80 -> 0 | M80: =+K80+K34 -> 62500 | N80: =+L80+L34 -> 0
A81: 261 | B81: ELEMENTOS Y COMPUESTOS QUIMICOS | C81: 82888.02 | D81: 70520.36 | K81: =+C81+E81+G81+I81 -> 82888.02 | L81: =+D81+F81+H81+J81 -> 70520.36 | M81: =+K81+K35 -> 414440.1 | N81: =+L81+L35 -> 132205.43
A82: 262 | B82: COMBUSTIBLES Y LUBRICANTES | C82: 666.67 | D82: 0 | K82: =+C82+E82+G82+I82 -> 666.67 | L82: =+D82+F82+H82+J82 -> 0 | M82: =+K82+K36 -> 3333.35 | N82: =+L82+L36 -> 0
A83: 266 | B83: PRODUCTOS MEDICINALES Y FARMACEUTICOS | C83: 381939.32 | D83: 319595.33 | K83: =+C83+E83+G83+I83 -> 381939.32 | L83: =+D83+F83+H83+J83 -> 319595.33 | M83: =+K83+K37 -> 1909696.6 | N83: =+L83+L37 -> 514151.33
A84: 267 | B84: TINTES, PINTURAS Y COLORANTES | C84: 750 | D84: 0 | K84: =+C84+E84+G84+I84 -> 750 | L84: =+D84+F84+H84+J84 -> 0 | M84: =+K84+K38 -> 3750 | N84: =+L84+L38 -> 0
A85: 268 | B85: PRODUCTOS PLASTICOS, NYLON, VINIL Y PVC | C85: 11811.29 | D85: 0 | K85: =+C85+E85+G85+I85 -> 11811.29 | L85: =+D85+F85+H85+J85 -> 0 | M85: =+K85+K39 -> 59056.45 | N85: =+L85+L39 -> 0
A86: 269 | B86: OTROS PRODUCTOS QUIMICOS Y CONEXOS | C86: 833.33 | D86: 0 | K86: =+C86+E86+G86+I86 -> 833.33 | L86: =+D86+F86+H86+J86 -> 0 | M86: =+K86+K40 -> 4166.65 | N86: =+L86+L40 -> 0
A87: 289 | B87: OTROS PRODUCTOS METALICOS | C87: 574.88 | D87: 6592.5 | K87: =+C87+E87+G87+I87 -> 574.88 | L87: =+D87+F87+H87+J87 -> 6592.5 | M87: =+K87+K41 -> 2874.4 | N87: =+L87+L41 -> 6592.5
A88: 292 | B88: UTILES DE LIMPIEZA Y PRODUCTOS SANITARIOS | C88: 7014.93 | D88: 5886 | K88: =+C88+E88+G88+I88 -> 7014.93 | L88: =+D88+F88+H88+J88 -> 5886 | M88: =+K88+K42 -> 35074.65 | N88: =+L88+L42 -> 5886
A89: 295 | B89: UTILES MENORES MEDICO QUIRURGICOS Y DE LAB. | C89: 1548540.1 | D89: 230759.8 | K89: =+C89+E89+G89+I89 -> 1548540.1 | L89: =+D89+F89+H89+J89 -> 230759.8 | M89: =+K89+K43 -> 7742700.3 | N89: =+L89+L43 -> 339136.8
A90: 297 | B90: UTILES, ACCESORIOS Y MATERIALES ELECTRICOS | C90: 1591.07 | D90: 8599.25 | K90: =+C90+E90+G90+I90 -> 1591.07 | L90: =+D90+F90+H90+J90 -> 8599.25 | M90: =+K90+K44 -> 7955.35 | N90: =+L90+L44 -> 8599.25
... A92: 299 | B92: OTROS MATERIALES Y SUMINISTROS | C92: 19041.83 | D92: 14265 | K92: =+C92+E92+G92+I92 -> 19041.83 | L92: =+D92+F92+H92+J92 -> 14265 | M92: =+K92+K46 -> 95209.15 | N92: =+L92+L46 -> 14265
B93: TOTAL MATERIALES Y SUMINISTROS | C93: =SUM(C79:C92) -> 2160075.1 | D93: =SUM(D79:D92) -> 745304.77 | E93: =SUM(E79:E92) -> 0 | F93: =SUM(F79:F92) -> 0 | G93: =SUM(G79:G92) -> 0 | H93: =SUM(H79:H92) -> 0 | I93: =SUM(I79:I92) -> 0 | J93: =SUM(J79:J92) -> 0 | ... N93: =SUM(N79:N92) -> 1220825.9
B94: PROPIEDAD PLANTA Y EQUIPO
B95: EQUIPO MEDICO SANITARIO Y DE LABORATORIO | K95: =+C95+E95+G95+I95 -> 0 | L95: =+D95+F95+H95+J95 -> 0
B96: OTRAS MAQUINARIAS Y EQUIPOS | K96: =+C96+E96+G96+I96 -> 0 | L96: =+D96+F96+H96+J96 -> 0
B97: TOTAL PROPIEDAD PLANTA Y EQUIPO | C97: =SUM(C95:C96) -> 0 | D97: =SUM(D95:D96) -> 0 | E97: =SUM(E95:E96) -> 0 | F97: =SUM(F95:F96) -> 0 | G97: =SUM(G95:G96) -> 0 | H97: =SUM(H95:H96) -> 0 | I97: =SUM(I95:I96) -> 0 | J97: =SUM(J95:J96) -> 0 | ... L97: =SUM(L95:L96) -> 0
A100: Programación y ejecucion mensual por tipo de gasto año 2022, Expresado en Quetzales tercer cuatrimestre 2022
A101: No. | B101: CATEGORIA DE GASTO | C101: SEPTIEMBRE | E101: OCTUBRE | G101: NOVIEMBRE | I101: DICIEMBRE | K101: TOTAL CUATRIMESTRE | M101: TOTAL ACUMULADO
C102: PRESUPUESTO | D102: REAL | E102: PRESUPUESTO | F102: REAL | G102: PRESUPUESTO | H102: REAL | I102: PRESUPUESTO | J102: REAL | K102: PRESUPUESTO | L102: REAL | M102: PRESUPUESTO | N102: REAL
A103: 011 | B103: RECURSO HUMANO | K103: =+C103+E103+G103+I103 -> 0 | L103: =+D103+F103+H103+J103 -> 0
B105: GASTOS DE FUNCIONAMIENTO | C105: =+C117+C133 -> 0 | D105: =+D117+D133 -> 0 | E105: =+E117+E133 -> 0 | F105: =+F117+F133 -> 0 | G105: =+G117+G133 -> 0 | H105: =+H117+H133 -> 0 | I105: =+I117+I133 -> 0 | J105: =+J117+J133 -> 0 | K105: =+C105+E105+G105+I105 -> 0 | L105: =+D105+F105+H105+J105 -> 0
A106: 111 | B106: ENERGIA ELECTRICA | K106: =+C106+E106+G106+I106 -> 0 | L106: =+D106+F106+H106+J106 -> 0
A107: 113 | B107: TELEFONIA | K107: =+C107+E107+G107+I107 -> 0 | L107: =+D107+F107+H107+J107 -> 0
A108: 122 | B108: IMPRESIÓN, ENCUADERNACION Y REPRODUCCION | K108: =+C108+E108+G108+I108 -> 0 | L108: =+D108+F108+H108+J108 -> 0
A109: 163 | B109: MANT. Y REP. EQUIPO MEDICO SANITARIO Y DE LAB. | K109: =+C109+E109+G109+I109 -> 0 | L109: =+D109+F109+H109+J109 -> 0
A110: 168 | B110: MANTENIMIENTO Y REPARACION DE EQUIPO DE COMPUTO | K110: =+C110+E110+G110+I110 -> 0 | L110: =+D110+F110+H110+J110 -> 0
A111: 169 | B111: MANT. Y REP. DE OTRAS MAQ. Y EQUIPO | K111: =+C111+E111+G111+I111 -> 0 | L111: =+D111+F111+H111+J111 -> 0
A112: 171 | B112: MANT. Y REPARACION DE EDIFICIOS | K112: =+C112+E112+G112+I112 -> 0 | L112: =+D112+F112+H112+J112 -> 0
A113: 174 | B113: MANT. Y REP. DE INSTALACIONES | K113: =+C113+E113+G113+I113 -> 0 | L113: =+D113+F113+H113+J113 -> 0
A114: 182 | B114: SERVICIOS MEDICO-SANITARIOS | K114: =+C114+E114+G114+I114 -> 0 | L114: =+D114+F114+H114+J114 -> 0
A115: 197 | B115: SERVICIOS DE VIGILANCIA | K115: =+C115+E115+G115+I115 -> 0 | L115: =+D115+F115+H115+J115 -> 0
A116: 199 | B116: OTROS SERVICIOS NO PERSONALES | K116: =+C116+E116+G116+I116 -> 0 | L116: =+D116+F116+H116+J116 -> 0
B117: SUMA GASTOS GENERALES | C117: =SUM(C106:C116) -> 0 | D117: =SUM(D106:D116) -> 0 | E117: =SUM(E106:E116) -> 0 | F117: =SUM(F106:F116) -> 0 | G117: =SUM(G106:G116) -> 0 | H117: =SUM(H106:H116) -> 0 | I117: =SUM(I106:I116) -> 0 | J117: =SUM(J106:J116) -> 0 | ... L117: =SUM(L106:L116) -> 0
B118: MATERIALES Y SUMINISTROS
A119: 211 | B119: ALIMENTOS PARA PERSONAS | K119: =+C119+E119+G119+I119 -> 0 | L119: =+D119+F119+H119+J119 -> 0
A120: 232 | B120: ACABADOS TEXTILES | K120: =+C120+E120+G120+I120 -> 0 | L120: =+D120+F120+H120+J120 -> 0
A121: 261 | B121: ELEMENTOS Y COMPUESTOS QUIMICOS | K121: =+C121+E121+G121+I121 -> 0 | L121: =+D121+F121+H121+J121 -> 0
A122: 262 | B122: COMBUSTIBLES Y LUBRICANTES | K122: =+C122+E122+G122+I122 -> 0 | L122: =+D122+F122+H122+J122 -> 0
A123: 266 | B123: PRODUCTOS MEDICINALES Y FARMACEUTICOS | K123: =+C123+E123+G123+I123 -> 0 | L123: =+D123+F123+H123+J123 -> 0
A124: 267 | B124: TINTES, PINTURAS Y COLORANTES | K124: =+C124+E124+G124+I124 -> 0 | L124: =+D124+F124+H124+J124 -> 0
...

Sheet JUNIO CTE-5
B8: ÀREA FINANCIERA | K8: CTE-5
A10: UNIDAD DE CIRUGIA CARDIOVASCULAR DE GUATEMALA
A11: 5a. AVENIDA 6-22 ZONA 11
A12: dgunicar@yahoo.es Tel. 24163000
A14: Programación y ejecucion mensual por tipo de gasto año 2022, Expresado en Quetzales primer cuatrimestre 2022
A15: No. | B15: CATEGORIA DE GASTO | C15: ENERO | E15: FEBRERO | G15: MARZO | I15: ABRIL | K15: TOTAL CUATRIMESTRE
C16: PRESUPUESTO | D16: REAL | E16: PRESUPUESTO | F16: REAL | G16: PRESUPUESTO | H16: REAL | I16: PRESUPUESTO | J16: REAL | K16: PRESUPUESTO | L16: REAL
A17: 011 | B17: RECURSO HUMANO | C17: 2414811.3 | D17: 2367268.7 | E17: 2414811.3 | F17: 2396683.9 | G17: 2414811.3 | H17: 2410583.5 | I17: 2414811.3 | J17: 2417060.8 | K17: =+C17+E17+G17+I17 -> 9659245.3 | L17: =+D17+F17+H17+J17 -> 9591596.9
B19: GASTOS DE FUNCIONAMIENTO | C19: =+C31+C47 -> 2612557.9 | D19: =+D31+D47 -> 0 | E19: =+E31+E47 -> 2689873.5 | F19: =+F31+F47 -> 16502.89 | G19: =+G31+G47 -> 2771983.2 | H19: =+H31+H47 -> 132643.57 | I19: =+I31+I47 -> 2771983.2 | J19: =+J31+J47 -> 748869.8 | K19: =+C19+E19+G19+I19 -> 10846398 | L19: =+D19+F19+H19+J19 -> 898016.26
A20: 111 | B20: ENERGIA ELECTRICA | C20: 0 | D20: 0 | E20: 77315.63 | F20: 0 | G20: 77315.63 | H20: 70182.48 | I20: 77315.63 | J20: 80017.57 | K20: =+C20+E20+G20+I20 -> 231946.89 | L20: =+D20+F20+H20+J20 -> 150200.05
A21: 113 | B21: TELEFONIA | C21: 10564.58 | D21: 0 | E21: 10564.58 | F21: 8302.09 | G21: 10564.58 | H21: 11306.4 | I21: 10564.58 | J21: 11126.04 | K21: =+C21+E21+G21+I21 -> 42258.32 | L21: =+D21+F21+H21+J21 -> 30734.53
A22: 122 | B22: IMPRESIÓN, ENCUADERNACION Y REPRODUCCION | C22: 0 | D22: 0 | E22: 0 | F22: 0 | G22: 6085.56 | H22: 0 | I22: 6085.56 | J22: 0 | K22: =+C22+E22+G22+I22 -> 12171.12 | L22: =+D22+F22+H22+J22 -> 0
A23: 163 | B23: MANT. Y REP. EQUIPO MEDICO SANITARIO Y DE LAB. | C23: 0 | D23: 0 | E23: 0 | F23: 0 | G23: 75924.2 | H23: 0 | I23: 75924.2 | J23: 0 | K23: =+C23+E23+G23+I23 -> 151848.4 | L23: =+D23+F23+H23+J23 -> 0
A24: 168 | B24: MANTENIMIENTO Y REPARACION DE EQUIPO DE COMPUTO | C24: 0 | D24: 0 | E24: 0 | F24: 0 | G24: 100 | H24: 0 | I24: 100 | J24: 0 | K24: =+C24+E24+G24+I24 -> 200 | L24: =+D24+F24+H24+J24 -> 0
A25: 169 | B25: MANT. Y REP. DE OTRAS MAQ. Y EQUIPO | C25: 3526.67 | D25: 0 | E25: 3526.67 | F25: 0 | G25: 3526.67 | H25: 0 | I25: 3526.67 | J25: 0 | K25: =+C25+E25+G25+I25 -> 14106.68 | L25: =+D25+F25+H25+J25 -> 0
A26: 171 | B26: MANT. Y REPARACION DE EDIFICIOS | C26: 3638.33 | D26: 0 | E26: 3638.33 | F26: 0 | G26: 3638.33 | H26: 0 | I26: 3638.33 | J26: 0 | K26: =+C26+E26+G26+I26 -> 14553.32 | L26: =+D26+F26+H26+J26 -> 0
A27: 174 | B27: MANT. Y REP. DE INSTALACIONES | C27: 7356.33 | D27: 0 | E27: 7356.33 | F27: 0 | G27: 7356.33 | H27: 0 | I27: 7356.33 | J27: 6360 | K27: =+C27+E27+G27+I27 -> 29425.32 | L27: =+D27+F27+H27+J27 -> 6360
A28: 182 | B28: SERVICIOS MEDICO-SANITARIOS | C28: 317986.83 | D28: 0 | E28: 317986.83 | F28: 0 | G28: 317986.83 | H28: 32843.76 | I28: 317986.83 | J28: 99905.74 | K28: =+C28+E28+G28+I28 -> 1271947.3 | L28: =+D28+F28+H28+J28 -> 132749.5
A29: 197 | B29: SERVICIOS DE VIGILANCIA | C29: 42350 | D29: 0 | E29: 42350 | F29: 0 | G29: 42350 | H29: 0 | I29: 42350 | J29: 84000 | K29: =+C29+E29+G29+I29 -> 169400 | L29: =+D29+F29+H29+J29 -> 84000
A30: 199 | B30: OTROS SERVICIOS NO PERSONALES | C30: 67060 | D30: 0 | E30: 67060 | F30: 8200.8 | G30: 67060 | H30: 4100 | I30: 67060 | J30: 6150.2 | K30: =+C30+E30+G30+I30 -> 268240 | L30: =+D30+F30+H30+J30 -> 18451
B31: SUMA GASTOS GENERALES | C31: =SUM(C20:C30) -> 452482.74 | D31: =SUM(D20:D30) -> 0 | E31: =SUM(E20:E30) -> 529798.37 | F31: =SUM(F20:F30) -> 16502.89 | G31: =SUM(G20:G30) -> 611908.13 | H31: =SUM(H20:H30) -> 118432.64 | I31: =SUM(I20:I30) -> 611908.13 | J31: =SUM(J20:J30) -> 287559.55 | ... L31: =SUM(L20:L30) -> 422495.08
B32: MATERIALES Y SUMINISTROS
A33: 211 | B33: ALIMENTOS PARA PERSONAS | C33: 58165.57 | D33: 0 | E33: 58165.57 | F33: 0 | G33: 58165.57 | H33: 13077 | I33: 58165.57 | J33: 90483.25 | K33: =+C33+E33+G33+I33 -> 232662.28 | L33: =+D33+F33+H33+J33 -> 103560.25
A34: 232 | B34: ACABADOS TEXTILES | C34: 12500 | D34: 0 | E34: 12500 | F34: 0 | G34: 12500 | H34: 0 | I34: 12500 | J34: 0 | K34: =+C34+E34+G34+I34 -> 50000 | L34: =+D34+F34+H34+J34 -> 0
A35: 261 | B35: ELEMENTOS Y COMPUESTOS QUIMICOS | C35: 82888.02 | D35: 0 | E35: 82888.02 | F35: 0 | G35: 82888.02 | H35: 0 | I35: 82888.02 | J35: 61685.07 | K35: =+C35+E35+G35+I35 -> 331552.08 | L35: =+D35+F35+H35+J35 -> 61685.07
A36: 262 | B36: COMBUSTIBLES Y LUBRICANTES | C36: 666.67 | D36: 0 | E36: 666.67 | F36: 0 | G36: 666.67 | H36: 0 | I36: 666.67 | J36: 0 | K36: =+C36+E36+G36+I36 -> 2666.68 | L36: =+D36+F36+H36+J36 -> 0
A37: 266 | B37: PRODUCTOS MEDICINALES Y FARMACEUTICOS | C37: 381939.32 | D37: 0 | E37: 381939.32 | F37: 0 | G37: 381939.32 | H37: 133.93 | I37: 381939.32 | J37: 194422.07 | K37: =+C37+E37+G37+I37 -> 1527757.3 | L37: =+D37+F37+H37+J37 -> 194556
A38: 267 | B38: TINTES, PINTURAS Y COLORANTES | C38: 750 | D38: 0 | E38: 750 | F38: 0 | G38: 750 | H38: 0 | I38: 750 | J38: 0 | K38: =+C38+E38+G38+I38 -> 3000 | L38: =+D38+F38+H38+J38 -> 0
A39: 268 | B39: PRODUCTOS PLASTICOS, NYLON, VINIL Y PVC | C39: 11811.29 | D39: 0 | E39: 11811.29 | F39: 0 | G39: 11811.29 | H39: 0 | I39: 11811.29 | J39: 0 | K39: =+C39+E39+G39+I39 -> 47245.16 | L39: =+D39+F39+H39+J39 -> 0
A40: 269 | B40: OTROS PRODUCTOS QUIMICOS Y CONEXOS | C40: 833.33 | D40: 0 | E40: 833.33 | F40: 0 | G40: 833.33 | H40: 0 | I40: 833.33 | J40: 0 | K40: =+C40+E40+G40+I40 -> 3333.32 | L40: =+D40+F40+H40+J40 -> 0
A41: 289 | B41: OTROS PRODUCTOS METALICOS | C41: 574.88 | D41: 0 | E41: 574.88 | F41: 0 | G41: 574.88 | H41: 0 | I41: 574.88 | J41: 0 | K41: =+C41+E41+G41+I41 -> 2299.52 | L41: =+D41+F41+H41+J41 -> 0
A42: 292 | B42: UTILES DE LIMPIEZA Y PRODUCTOS SANITARIOS | C42: 7014.93 | D42: 0 | E42: 7014.93 | F42: 0 | G42: 7014.93 | H42: 0 | I42: 7014.93 | J42: 0 | K42: =+C42+E42+G42+I42 -> 28059.72 | L42: =+D42+F42+H42+J42 -> 0
A43: 295 | B43: UTILES MENORES MEDICO QUIRURGICOS Y DE LAB. | C43: 1548540.1 | D43: 0 | E43: 1548540.1 | F43: 0 | G43: 1548540.1 | H43: 0 | I43: 1548540.1 | J43: 108377 | K43: =+C43+E43+G43+I43 -> 6194160.2 | L43: =+D43+F43+H43+J43 -> 108377
A44: 297 | B44: UTILES, ACCESORIOS Y MATERIALES ELECTRICOS | C44: 1591.07 | D44: 0 | E44: 1591.07 | F44: 0 | G44: 1591.07 | H44: 0 | I44: 1591.07 | J44: 0 | K44: =+C44+E44+G44+I44 -> 6364.28 | L44: =+D44+F44+H44+J44 -> 0
... A46: 299 | B46: OTROS MATERIALES Y SUMINISTROS | C46: 19041.83 | D46: 0 | E46: 19041.83 | F46: 0 | G46: 19041.83 | H46: 0 | I46: 19041.83 | J46: 0 | K46: =+C46+E46+G46+I46 -> 76167.32 | L46: =+D46+F46+H46+J46 -> 0
B47: TOTAL MATERIALES Y SUMINISTROS | C47: =SUM(C33:C46) -> 2160075.1 | D47: =SUM(D33:D46) -> 0 | E47: =SUM(E33:E46) -> 2160075.1 | F47: =SUM(F33:F46) -> 0 | G47: =SUM(G33:G46) -> 2160075.1 | H47: =SUM(H33:H46) -> 14210.93 | I47: =SUM(I33:I46) -> 2160075.1 | J47: =SUM(J33:J46) -> 461310.25 | ... L47: =SUM(L33:L46) -> 475521.18
B48: PROPIEDAD PLANTA Y EQUIPO
B49: EQUIPO MEDICO SANITARIO Y DE LABORATORIO | C49: 0 | D49: 0 | E49: 0 | F49: 0 | H49: 0 | K49: =+C49+E49+G49+I49 -> 0 | L49: =+D49+F49+H49+J49 -> 0
B50: OTRAS MAQUINARIAS Y EQUIPOS | C50: 0 | D50: 0 | E50: 0 | F50: 0 | H50: 0 | I50: 0 | K50: =+C50+E50+G50+I50 -> 0 | L50: =+D50+F50+H50+J50 -> 0
B51: TOTAL PROPIEDAD PLANTA Y EQUIPO | C51: =SUM(C49:C50) -> 0 | D51: =SUM(D49:D50) -> 0 | E51: =SUM(E49:E50) -> 0 | F51: =SUM(F49:F50) -> 0 | G51: =SUM(G49:G50) -> 0 | H51: =SUM(H49:H50) -> 0 | I51: =SUM(I49:I50) -> 0 | J51: =SUM(J49:J50) -> 0 | ... L51: =SUM(L49:L50) -> 0
A60: Programación y ejecucion mensual por tipo de gasto año 2022, Expresado en Quetzales segundo cuatrimestre 2022
A61: No. | B61: CATEGORIA DE GASTO | C61: MAYO | E61: JUNIO | G61: JULIO | I61: AGOSTO | K61: TOTAL CUATRIMESTRE | M61: TOTAL ACUMULADO
C62: PRESUPUESTO | D62: REAL | E62: PRESUPUESTO | F62: REAL | G62: PRESUPUESTO | H62: REAL | I62: PRESUPUESTO | J62: REAL | K62: PRESUPUESTO | L62: REAL | M62: PRESUPUESTO | N62: REAL
A63: 011 | B63: RECURSO HUMANO | C63: 2414811.3 | D63: 2417711.1 | E63: 2414811.3 | F63: 2408593 | K63: =+C63+E63+G63+I63 -> 4829622.7 | L63: =+D63+F63+H63+J63 -> 4826304.2 | M63: =+K63+K17 -> 14488868 | N63: =+L63+L17 -> 14417901
B65: GASTOS DE FUNCIONAMIENTO | C65: =+C77+C93 -> 2771983.2 | D65: =+D77+D93+D97 -> 1295730.8 | E65: =+E77+E93 -> 2771983.2 | F65: =+F77+F93 -> 3338607.9 | G65: =+G77+G93 -> 0 | H65: =+H77+H93 -> 0 | I65: =+I77+I93 -> 0 | J65: =+J77+J93 -> 0 | K65: =+C65+E65+G65+I65 -> 5543966.5 | L65: =+D65+F65+H65+J65 -> 4634338.7 | M65: =+K65+K19 -> 16390364 | N65: =+L65+L19 -> 5532354.9
A66: 111 | B66: ENERGIA ELECTRICA | C66: 77315.63 | D66: 86367.27 | E66: 77315.63 | F66: 94176.3 | K66: =+C66+E66+G66+I66 -> 154631.26 | L66: =+D66+F66+H66+J66 -> 180543.57 | M66: =+K66+K20 -> 386578.15 | N66: =+L66+L20 -> 330743.62
A67: 113 | B67: TELEFONIA | C67: 10564.58 | D67: 11246.38 | E67: 10564.58 | F67: 11291.9 | K67: =+C67+E67+G67+I67 -> 21129.16 | L67: =+D67+F67+H67+J67 -> 22538.28 | M67: =+K67+K21 -> 63387.48 | N67: =+L67+L21 -> 53272.81
A68: 122 | B68: IMPRESIÓN, ENCUADERNACION Y REPRODUCCION | C68: 6085.56 | D68: 0 | E68: 6085.56 | F68: 16633.47 | K68: =+C68+E68+G68+I68 -> 12171.12 | L68: =+D68+F68+H68+J68 -> 16633.47 | M68: =+K68+K22 -> 24342.24 | N68: =+L68+L22 -> 16633.47
A69: 163 | B69: MANT. Y REP. EQUIPO MEDICO SANITARIO Y DE LAB. | C69: 75924.2 | D69: 29608.97 | E69: 75924.2 | F69: 104241.03 | K69: =+C69+E69+G69+I69 -> 151848.4 | L69: =+D69+F69+H69+J69 -> 133850 | M69: =+K69+K23 -> 303696.8 | N69: =+L69+L23 -> 133850
A70: 168 | B70: MANTENIMIENTO Y REPARACION DE EQUIPO DE COMPUTO | C70: 100 | D70: 0 | E70: 100 | F70: 0 | K70: =+C70+E70+G70+I70 -> 200 | L70: =+D70+F70+H70+J70 -> 0 | M70: =+K70+K24 -> 400 | N70: =+L70+L24 -> 0
A71: 169 | B71: MANT. Y REP. DE OTRAS MAQ. Y EQUIPO | C71: 3526.67 | D71: 0 | E71: 3526.67 | F71: 4850 | K71: =+C71+E71+G71+I71 -> 7053.34 | L71: =+D71+F71+H71+J71 -> 4850 | M71: =+K71+K25 -> 21160.02 | N71: =+L71+L25 -> 4850
A72: 171 | B72: MANT. Y REPARACION DE EDIFICIOS | C72: 3638.33 | D72: 1200 | E72: 3638.33 | F72: 2400 | K72: =+C72+E72+G72+I72 -> 7276.66 | L72: =+D72+F72+H72+J72 -> 3600 | M72: =+K72+K26 -> 21829.98 | N72: =+L72+L26 -> 3600
A73: 174 | B73: MANT. Y REP. DE INSTALACIONES | C73: 7356.33 | D73: 3180 | E73: 7356.33 | F73: 13545 | K73: =+C73+E73+G73+I73 -> 14712.66 | L73: =+D73+F73+H73+J73 -> 16725 | M73: =+K73+K27 -> 44137.98 | N73: =+L73+L27 -> 23085
A74: 182 | B74: SERVICIOS MEDICO-SANITARIOS | C74: 317986.83 | D74: 287212.34 | E74: 317986.83 | F74: 391667.16 | K74: =+C74+E74+G74+I74 -> 635973.66 | L74: =+D74+F74+H74+J74 -> 678879.5 | M74: =+K74+K28 -> 1907921 | N74: =+L74+L28 -> 811629
A75: 197 | B75: SERVICIOS DE VIGILANCIA | C75: 42350 | D75: 84000 | E75: 42350 | F75: 42000 | K75: =+C75+E75+G75+I75 -> 84700 | L75: =+D75+F75+H75+J75 -> 126000 | M75: =+K75+K29 -> 254100 | N75: =+L75+L29 -> 210000
A76: 199 | B76: OTROS SERVICIOS NO PERSONALES | C76: 67060 | D76: 47611.05 | E76: 67060 | F76: 118481 | K76: =+C76+E76+G76+I76 -> 134120 | L76: =+D76+F76+H76+J76 -> 166092.05 | M76: =+K76+K30 -> 402360 | N76: =+L76+L30 -> 184543.05
B77: SUMA GASTOS GENERALES | C77: =SUM(C66:C76) -> 611908.13 | D77: =SUM(D66:D76) -> 550426.01 | E77: =SUM(E66:E76) -> 611908.13 | F77: =SUM(F66:F76) -> 799285.86 | G77: =SUM(G66:G76) -> 0 | H77: =SUM(H66:H76) -> 0 | I77: =SUM(I66:I76) -> 0 | J77: =SUM(J66:J76) -> 0 | ... N77: =SUM(N66:N76) -> 1772206.9
B78: MATERIALES Y SUMINISTROS
A79: 211 | B79: ALIMENTOS PARA PERSONAS | C79: 58165.57 | D79: 60286 | E79: 58165.57 | F79: 48763.25 | K79: =+C79+E79+G79+I79 -> 116331.14 | L79: =+D79+F79+H79+J79 -> 109049.25 | M79: =+K79+K33 -> 348993.42 | N79: =+L79+L33 -> 212609.5
A80: 232 | B80: ACABADOS TEXTILES | C80: 12500 | D80: 0 | E80: 12500 | F80: 0 | K80: =+C80+E80+G80+I80 -> 25000 | L80: =+D80+F80+H80+J80 -> 0 | M80: =+K80+K34 -> 75000 | N80: =+L80+L34 -> 0
A81: 261 | B81: ELEMENTOS Y COMPUESTOS QUIMICOS | C81: 82888.02 | D81: 70520.36 | E81: 82888.02 | F81: 113332.23 | K81: =+C81+E81+G81+I81 -> 165776.04 | L81: =+D81+F81+H81+J81 -> 183852.59 | M81: =+K81+K35 -> 497328.12 | N81: =+L81+L35 -> 245537.66
A82: 262 | B82: COMBUSTIBLES Y LUBRICANTES | C82: 666.67 | D82: 0 | E82: 666.67 | F82: 0 | K82: =+C82+E82+G82+I82 -> 1333.34 | L82: =+D82+F82+H82+J82 -> 0 | M82: =+K82+K36 -> 4000.02 | N82: =+L82+L36 -> 0
A83: 266 | B83: PRODUCTOS MEDICINALES Y FARMACEUTICOS | C83: 381939.32 | D83: 319595.33 | E83: 381939.32 | F83: 554062.46 | K83: =+C83+E83+G83+I83 -> 763878.64 | L83: =+D83+F83+H83+J83 -> 873657.79 | M83: =+K83+K37 -> 2291635.9 | N83: =+L83+L37 -> 1068213.8
A84: 267 | B84: TINTES, PINTURAS Y COLORANTES | C84: 750 | D84: 0 | E84: 750 | F84: 0 | K84: =+C84+E84+G84+I84 -> 1500 | L84: =+D84+F84+H84+J84 -> 0 | M84: =+K84+K38 -> 4500 | N84: =+L84+L38 -> 0
A85: 268 | B85: PRODUCTOS PLASTICOS, NYLON, VINIL Y PVC | C85: 11811.29 | D85: 0 | E85: 11811.29 | F85: 47270.98 | K85: =+C85+E85+G85+I85 -> 23622.58 | L85: =+D85+F85+H85+J85 -> 47270.98 | M85: =+K85+K39 -> 70867.74 | N85: =+L85+L39 -> 47270.98
A86: 269 | B86: OTROS PRODUCTOS QUIMICOS Y CONEXOS | C86: 833.33 | D86: 0 | E86: 833.33 | F86: 0 | K86: =+C86+E86+G86+I86 -> 1666.66 | L86: =+D86+F86+H86+J86 -> 0 | M86: =+K86+K40 -> 4999.98 | N86: =+L86+L40 -> 0
A87: 289 | B87: OTROS PRODUCTOS METALICOS | C87: 574.88 | D87: 6592.5 | E87: 574.88 | F87: 0 | K87: =+C87+E87+G87+I87 -> 1149.76 | L87: =+D87+F87+H87+J87 -> 6592.5 | M87: =+K87+K41 -> 3449.28 | N87: =+L87+L41 -> 6592.5
A88: 292 | B88: UTILES DE LIMPIEZA Y PRODUCTOS SANITARIOS | C88: 7014.93 | D88: 5886 | E88: 7014.93 | F88: 69850.45 | K88: =+C88+E88+G88+I88 -> 14029.86 | L88: =+D88+F88+H88+J88 -> 75736.45 | M88: =+K88+K42 -> 42089.58 | N88: =+L88+L42 -> 75736.45
A89: 295 | B89: UTILES MENORES MEDICO QUIRURGICOS Y DE LAB. | C89: 1548540.1 | D89: 230759.8 | E89: 1548540.1 | F89: 1697231 | K89: =+C89+E89+G89+I89 -> 3097080.1 | L89: =+D89+F89+H89+J89 -> 1927990.8 | M89: =+K89+K43 -> 9291240.4 | N89: =+L89+L43 -> 2036367.8
A90: 297 | B90: UTILES, ACCESORIOS Y MATERIALES ELECTRICOS | C90: 1591.07 | D90: 8599.25 | E90: 1591.07 | F90: 0 | K90: =+C90+E90+G90+I90 -> 3182.14 | L90: =+D90+F90+H90+J90 -> 8599.25 | M90: =+K90+K44 -> 9546.42 | N90: =+L90+L44 -> 8599.25
... A92: 299 | B92: OTROS MATERIALES Y SUMINISTROS | C92: 19041.83 | D92: 14265 | E92: 19041.83 | F92: 0 | K92: =+C92+E92+G92+I92 -> 38083.66 | L92: =+D92+F92+H92+J92 -> 14265 | M92: =+K92+K46 -> 114250.98 | N92: =+L92+L46 -> 14265
B93: TOTAL MATERIALES Y SUMINISTROS | C93: =SUM(C79:C92) -> 2160075.1 | D93: =SUM(D79:D92) -> 745304.77 | E93: =SUM(E79:E92) -> 2160075.1 | F93: =SUM(F79:F92) -> 2539322 | G93: =SUM(G79:G92) -> 0 | H93: =SUM(H79:H92) -> 0 | I93: =SUM(I79:I92) -> 0 | J93: =SUM(J79:J92) -> 0 | ... N93: =SUM(N79:N92) -> 3760148
B94: PROPIEDAD PLANTA Y EQUIPO
B95: EQUIPO MEDICO SANITARIO Y DE LABORATORIO | K95: =+C95+E95+G95+I95 -> 0 | L95: =+D95+F95+H95+J95 -> 0
B96: OTRAS MAQUINARIAS Y EQUIPOS | K96: =+C96+E96+G96+I96 -> 0 | L96: =+D96+F96+H96+J96 -> 0
B97: TOTAL PROPIEDAD PLANTA Y EQUIPO | C97: =SUM(C95:C96) -> 0 | D97: =SUM(D95:D96) -> 0 | E97: =SUM(E95:E96) -> 0 | F97: =SUM(F95:F96) -> 0 | G97: =SUM(G95:G96) -> 0 | H97: =SUM(H95:H96) -> 0 | I97: =SUM(I95:I96) -> 0 | J97: =SUM(J95:J96) -> 0 | ... L97: =SUM(L95:L96) -> 0
A100: Programación y ejecucion mensual por tipo de gasto año 2022, Expresado en Quetzales tercer cuatrimestre 2022
A101: No. | B101: CATEGORIA DE GASTO | C101: SEPTIEMBRE | E101: OCTUBRE | G101: NOVIEMBRE | I101: DICIEMBRE | K101: TOTAL CUATRIMESTRE | M101: TOTAL ACUMULADO
C102: PRESUPUESTO | D102: REAL | E102: PRESUPUESTO | F102: REAL | G102: PRESUPUESTO | H102: REAL | I102: PRESUPUESTO | J102: REAL | K102: PRESUPUESTO | L102: REAL | M102: PRESUPUESTO | N102: REAL
A103: 011 | B103: RECURSO HUMANO | K103: =+C103+E103+G103+I103 -> 0 | L103: =+D103+F103+H103+J103 -> 0
B105: GASTOS DE FUNCIONAMIENTO | C105: =+C117+C133 -> 0 | D105: =+D117+D133 -> 0 | E105: =+E117+E133 -> 0 | F105: =+F117+F133 -> 0 | G105: =+G117+G133 -> 0 | H105: =+H117+H133 -> 0 | I105: =+I117+I133 -> 0 | J105: =+J117+J133 -> 0 | K105: =+C105+E105+G105+I105 -> 0 | L105: =+D105+F105+H105+J105 -> 0
A106: 111 | B106: ENERGIA ELECTRICA | K106: =+C106+E106+G106+I106 -> 0 | L106: =+D106+F106+H106+J106 -> 0
A107: 113 | B107: TELEFONIA | K107: =+C107+E107+G107+I107 -> 0 | L107: =+D107+F107+H107+J107 -> 0
A108: 122 | B108: IMPRESIÓN, ENCUADERNACION Y REPRODUCCION | K108: =+C108+E108+G108+I108 -> 0 | L108: =+D108+F108+H108+J108 -> 0
A109: 163 | B109: MANT. Y REP. EQUIPO MEDICO SANITARIO Y DE LAB. | K109: =+C109+E109+G109+I109 -> 0 | L109: =+D109+F109+H109+J109 -> 0
A110: 168 | B110: MANTENIMIENTO Y REPARACION DE EQUIPO DE COMPUTO | K110: =+C110+E110+G110+I110 -> 0 | L110: =+D110+F110+H110+J110 -> 0
A111: 169 | B111: MANT. Y REP. DE OTRAS MAQ. Y EQUIPO | K111: =+C111+E111+G111+I111 -> 0 | L111: =+D111+F111+H111+J111 -> 0
A112: 171 | B112: MANT. Y REPARACION DE EDIFICIOS | K112: =+C112+E112+G112+I112 -> 0 | L112: =+D112+F112+H112+J112 -> 0
A113: 174 | B113: MANT. Y REP. DE INSTALACIONES | K113: =+C113+E113+G113+I113 -> 0 | L113: =+D113+F113+H113+J113 -> 0
A114: 182 | B114: SERVICIOS MEDICO-SANITARIOS | K114: =+C114+E114+G114+I114 -> 0 | L114: =+D114+F114+H114+J114 -> 0
A115: 197 | B115: SERVICIOS DE VIGILANCIA | K115: =+C115+E115+G115+I115 -> 0 | L115: =+D115+F115+H115+J115 -> 0
A116: 199 | B116: OTROS SERVICIOS NO PERSONALES | K116: =+C116+E116+G116+I116 -> 0 | L116: =+D116+F116+H116+J116 -> 0
B117: SUMA GASTOS GENERALES | C117: =SUM(C106:C116) -> 0 | D117: =SUM(D106:D116) -> 0 | E117: =SUM(E106:E116) -> 0 | F117: =SUM(F106:F116) -> 0 | G117: =SUM(G106:G116) -> 0 | H117: =SUM(H106:H116) -> 0 | I117: =SUM(I106:I116) -> 0 | J117: =SUM(J106:J116) -> 0 | ... L117: =SUM(L106:L116) -> 0
B118: MATERIALES Y SUMINISTROS
A119: 211 | B119: ALIMENTOS PARA PERSONAS | K119: =+C119+E119+G119+I119 -> 0 | L119: =+D119+F119+H119+J119 -> 0
A120: 232 | B120: ACABADOS TEXTILES | K120: =+C120+E120+G120+I120 -> 0 | L120: =+D120+F120+H120+J120 -> 0
A121: 261 | B121: ELEMENTOS Y COMPUESTOS QUIMICOS | K121: =+C121+E121+G121+I121 -> 0 | L121: =+D121+F121+H121+J121 -> 0
A122: 262 | B122: COMBUSTIBLES Y LUBRICANTES | K122: =+C122+E122+G122+I122 -> 0 | L122: =+D122+F122+H122+J122 -> 0
A123: 266 | B123: PRODUCTOS MEDICINALES Y FARMACEUTICOS | K123: =+C123+E123+G123+I123 -> 0 | L123: =+D123+F123+H123+J123 -> 0
A124: 267 | B124: TINTES, PINTURAS Y COLORANTES | K124: =+C124+E124+G124+I124 -> 0 | L124: =+D124+F124+H124+J124 -> 0
...

Sheet JULIO CTE-5
B8: ÀREA FINANCIERA | K8: CTE-5
A10: UNIDAD DE CIRUGIA CARDIOVASCULAR DE GUATEMALA
A11: 5a. AVENIDA 6-22 ZONA 11
A12: dgunicar@yahoo.es Tel. 24163000
A14: Programación y ejecucion mensual por tipo de gasto año 2022, Expresado en Quetzales primer cuatrimestre 2022
A15: No. | B15: CATEGORIA DE GASTO | C15: ENERO | E15: FEBRERO | G15: MARZO | I15: ABRIL | K15: TOTAL CUATRIMESTRE
C16: PRESUPUESTO | D16: REAL | E16: PRESUPUESTO | F16: REAL | G16: PRESUPUESTO | H16: REAL | I16: PRESUPUESTO | J16: REAL | K16: PRESUPUESTO | L16: REAL
A17: 011 | B17: RECURSO HUMANO | C17: 2414811.3 | D17: 2367268.7 | E17: 2414811.3 | F17: 2396683.9 | G17: 2414811.3 | H17: 2410583.5 | I17: 2414811.3 | J17: 2417060.8 | K17: =+C17+E17+G17+I17 -> 9659245.3 | L17: =+D17+F17+H17+J17 -> 9591596.9
B19: GASTOS DE FUNCIONAMIENTO | C19: =+C31+C47 -> 2612557.9 | D19: =+D31+D47 -> 0 | E19: =+E31+E47 -> 2689873.5 | F19: =+F31+F47 -> 16502.89 | G19: =+G31+G47 -> 2771983.2 | H19: =+H31+H47 -> 132643.57 | I19: =+I31+I47 -> 2771983.2 | J19: =+J31+J47 -> 748869.8 | K19: =+C19+E19+G19+I19 -> 10846398 | L19: =+D19+F19+H19+J19 -> 898016.26
A20: 111 | B20: ENERGIA ELECTRICA | C20: 0 | D20: 0 | E20: 77315.63 | F20: 0 | G20: 77315.63 | H20: 70182.48 | I20: 77315.63 | J20: 80017.57 | K20: =+C20+E20+G20+I20 -> 231946.89 | L20: =+D20+F20+H20+J20 -> 150200.05
A21: 113 | B21: TELEFONIA | C21: 10564.58 | D21: 0 | E21: 10564.58 | F21: 8302.09 | G21: 10564.58 | H21: 11306.4 | I21: 10564.58 | J21: 11126.04 | K21: =+C21+E21+G21+I21 -> 42258.32 | L21: =+D21+F21+H21+J21 -> 30734.53
A22: 122 | B22: IMPRESIÓN, ENCUADERNACION Y REPRODUCCION | C22: 0 | D22: 0 | E22: 0 | F22: 0 | G22: 6085.56 | H22: 0 | I22: 6085.56 | J22: 0 | K22: =+C22+E22+G22+I22 -> 12171.12 | L22: =+D22+F22+H22+J22 -> 0
A23: 163 | B23: MANT. Y REP. EQUIPO MEDICO SANITARIO Y DE LAB. | C23: 0 | D23: 0 | E23: 0 | F23: 0 | G23: 75924.2 | H23: 0 | I23: 75924.2 | J23: 0 | K23: =+C23+E23+G23+I23 -> 151848.4 | L23: =+D23+F23+H23+J23 -> 0
A24: 168 | B24: MANTENIMIENTO Y REPARACION DE EQUIPO DE COMPUTO | C24: 0 | D24: 0 | E24: 0 | F24: 0 | G24: 100 | H24: 0 | I24: 100 | J24: 0 | K24: =+C24+E24+G24+I24 -> 200 | L24: =+D24+F24+H24+J24 -> 0
A25: 169 | B25: MANT. Y REP. DE OTRAS MAQ. Y EQUIPO | C25: 3526.67 | D25: 0 | E25: 3526.67 | F25: 0 | G25: 3526.67 | H25: 0 | I25: 3526.67 | J25: 0 | K25: =+C25+E25+G25+I25 -> 14106.68 | L25: =+D25+F25+H25+J25 -> 0
A26: 171 | B26: MANT. Y REPARACION DE EDIFICIOS | C26: 3638.33 | D26: 0 | E26: 3638.33 | F26: 0 | G26: 3638.33 | H26: 0 | I26: 3638.33 | J26: 0 | K26: =+C26+E26+G26+I26 -> 14553.32 | L26: =+D26+F26+H26+J26 -> 0
A27: 174 | B27: MANT. Y REP. DE INSTALACIONES | C27: 7356.33 | D27: 0 | E27: 7356.33 | F27: 0 | G27: 7356.33 | H27: 0 | I27: 7356.33 | J27: 6360 | K27: =+C27+E27+G27+I27 -> 29425.32 | L27: =+D27+F27+H27+J27 -> 6360
A28: 182 | B28: SERVICIOS MEDICO-SANITARIOS | C28: 317986.83 | D28: 0 | E28: 317986.83 | F28: 0 | G28: 317986.83 | H28: 32843.76 | I28: 317986.83 | J28: 99905.74 | K28: =+C28+E28+G28+I28 -> 1271947.3 | L28: =+D28+F28+H28+J28 -> 132749.5
A29: 197 | B29: SERVICIOS DE VIGILANCIA | C29: 42350 | D29: 0 | E29: 42350 | F29: 0 | G29: 42350 | H29: 0 | I29: 42350 | J29: 84000 | K29: =+C29+E29+G29+I29 -> 169400 | L29: =+D29+F29+H29+J29 -> 84000
A30: 199 | B30: OTROS SERVICIOS NO PERSONALES | C30: 67060 | D30: 0 | E30: 67060 | F30: 8200.8 | G30: 67060 | H30: 4100 | I30: 67060 | J30: 6150.2 | K30: =+C30+E30+G30+I30 -> 268240 | L30: =+D30+F30+H30+J30 -> 18451
B31: SUMA GASTOS GENERALES | C31: =SUM(C20:C30) -> 452482.74 | D31: =SUM(D20:D30) -> 0 | E31: =SUM(E20:E30) -> 529798.37 | F31: =SUM(F20:F30) -> 16502.89 | G31: =SUM(G20:G30) -> 611908.13 | H31: =SUM(H20:H30) -> 118432.64 | I31: =SUM(I20:I30) -> 611908.13 | J31: =SUM(J20:J30) -> 287559.55 | ... L31: =SUM(L20:L30) -> 422495.08
B32: MATERIALES Y SUMINISTROS
A33: 211 | B33: ALIMENTOS PARA PERSONAS | C33: 58165.57 | D33: 0 | E33: 58165.57 | F33: 0 | G33: 58165.57 | H33: 13077 | I33: 58165.57 | J33: 90483.25 | K33: =+C33+E33+G33+I33 -> 232662.28 | L33: =+D33+F33+H33+J33 -> 103560.25
A34: 232 | B34: ACABADOS TEXTILES | C34: 12500 | D34: 0 | E34: 12500 | F34: 0 | G34: 12500 | H34: 0 | I34: 12500 | J34: 0 | K34: =+C34+E34+G34+I34 -> 50000 | L34: =+D34+F34+H34+J34 -> 0
A35: 261 | B35: ELEMENTOS Y COMPUESTOS QUIMICOS | C35: 82888.02 | D35: 0 | E35: 82888.02 | F35: 0 | G35: 82888.02 | H35: 0 | I35: 82888.02 | J35: 61685.07 | K35: =+C35+E35+G35+I35 -> 331552.08 | L35: =+D35+F35+H35+J35 -> 61685.07
A36: 262 | B36: COMBUSTIBLES Y LUBRICANTES | C36: 666.67 | D36: 0 | E36: 666.67 | F36: 0 | G36: 666.67 | H36: 0 | I36: 666.67 | J36: 0 | K36: =+C36+E36+G36+I36 -> 2666.68 | L36: =+D36+F36+H36+J36 -> 0
A37: 266 | B37: PRODUCTOS MEDICINALES Y FARMACEUTICOS | C37: 381939.32 | D37: 0 | E37: 381939.32 | F37: 0 | G37: 381939.32 | H37: 133.93 | I37: 381939.32 | J37: 194422.07 | K37: =+C37+E37+G37+I37 -> 1527757.3 | L37: =+D37+F37+H37+J37 -> 194556
A38: 267 | B38: TINTES, PINTURAS Y COLORANTES | C38: 750 | D38: 0 | E38: 750 | F38: 0 | G38: 750 | H38: 0 | I38: 750 | J38: 0 | K38: =+C38+E38+G38+I38 -> 3000 | L38: =+D38+F38+H38+J38 -> 0
A39: 268 | B39: PRODUCTOS PLASTICOS, NYLON, VINIL Y PVC | C39: 11811.29 | D39: 0 | E39: 11811.29 | F39: 0 | G39: 11811.29 | H39: 0 | I39: 11811.29 | J39: 0 | K39: =+C39+E39+G39+I39 -> 47245.16 | L39: =+D39+F39+H39+J39 -> 0
A40: 269 | B40: OTROS PRODUCTOS QUIMICOS Y CONEXOS | C40: 833.33 | D40: 0 | E40: 833.33 | F40: 0 | G40: 833.33 | H40: 0 | I40: 833.33 | J40: 0 | K40: =+C40+E40+G40+I40 -> 3333.32 | L40: =+D40+F40+H40+J40 -> 0
A41: 289 | B41: OTROS PRODUCTOS METALICOS | C41: 574.88 | D41: 0 | E41: 574.88 | F41: 0 | G41: 574.88 | H41: 0 | I41: 574.88 | J41: 0 | K41: =+C41+E41+G41+I41 -> 2299.52 | L41: =+D41+F41+H41+J41 -> 0
A42: 292 | B42: UTILES DE LIMPIEZA Y PRODUCTOS SANITARIOS | C42: 7014.93 | D42: 0 | E42: 7014.93 | F42: 0 | G42: 7014.93 | H42: 0 | I42: 7014.93 | J42: 0 | K42: =+C42+E42+G42+I42 -> 28059.72 | L42: =+D42+F42+H42+J42 -> 0
A43: 295 | B43: UTILES MENORES MEDICO QUIRURGICOS Y DE LAB. | C43: 1548540.1 | D43: 0 | E43: 1548540.1 | F43: 0 | G43: 1548540.1 | H43: 0 | I43: 1548540.1 | J43: 108377 | K43: =+C43+E43+G43+I43 -> 6194160.2 | L43: =+D43+F43+H43+J43 -> 108377
A44: 297 | B44: UTILES, ACCESORIOS Y MATERIALES ELECTRICOS | C44: 1591.07 | D44: 0 | E44: 1591.07 | F44: 0 | G44: 1591.07 | H44: 0 | I44: 1591.07 | J44: 0 | K44: =+C44+E44+G44+I44 -> 6364.28 | L44: =+D44+F44+H44+J44 -> 0
... A46: 299 | B46: OTROS MATERIALES Y SUMINISTROS | C46: 19041.83 | D46: 0 | E46: 19041.83 | F46: 0 | G46: 19041.83 | H46: 0 | I46: 19041.83 | J46: 0 | K46: =+C46+E46+G46+I46 -> 76167.32 | L46: =+D46+F46+H46+J46 -> 0
B47: TOTAL MATERIALES Y SUMINISTROS | C47: =SUM(C33:C46) -> 2160075.1 | D47: =SUM(D33:D46) -> 0 | E47: =SUM(E33:E46) -> 2160075.1 | F47: =SUM(F33:F46) -> 0 | G47: =SUM(G33:G46) -> 2160075.1 | H47: =SUM(H33:H46) -> 14210.93 | I47: =SUM(I33:I46) -> 2160075.1 | J47: =SUM(J33:J46) -> 461310.25 | ... L47: =SUM(L33:L46) -> 475521.18
B48: PROPIEDAD PLANTA Y EQUIPO
B49: EQUIPO MEDICO SANITARIO Y DE LABORATORIO | C49: 0 | D49: 0 | E49: 0 | F49: 0 | H49: 0 | K49: =+C49+E49+G49+I49 -> 0 | L49: =+D49+F49+H49+J49 -> 0
B50: OTRAS MAQUINARIAS Y EQUIPOS | C50: 0 | D50: 0 | E50: 0 | F50: 0 | H50: 0 | I50: 0 | K50: =+C50+E50+G50+I50 -> 0 | L50: =+D50+F50+H50+J50 -> 0
B51: TOTAL PROPIEDAD PLANTA Y EQUIPO | C51: =SUM(C49:C50) -> 0 | D51: =SUM(D49:D50) -> 0 | E51: =SUM(E49:E50) -> 0 | F51: =SUM(F49:F50) -> 0 | G51: =SUM(G49:G50) -> 0 | H51: =SUM(H49:H50) -> 0 | I51: =SUM(I49:I50) -> 0 | J51: =SUM(J49:J50) -> 0 | ... L51: =SUM(L49:L50) -> 0
A60: Programación y ejecucion mensual por tipo de gasto año 2022, Expresado en Quetzales segundo cuatrimestre 2022
A61: No. | B61: CATEGORIA DE GASTO | C61: MAYO | E61: JUNIO | G61: JULIO | I61: AGOSTO | K61: TOTAL CUATRIMESTRE | M61: TOTAL ACUMULADO
C62: PRESUPUESTO | D62: REAL | E62: PRESUPUESTO | F62: REAL | G62: PRESUPUESTO | H62: REAL | I62: PRESUPUESTO | J62: REAL | K62: PRESUPUESTO | L62: REAL | M62: PRESUPUESTO | N62: REAL
A63: 011 | B63: RECURSO HUMANO | C63: 2414811.3 | D63: 2417711.1 | E63: 2414811.3 | F63: 2408593 | G63: 2414811.3 | H63: 2416876.5 | K63: =+C63+E63+G63+I63 -> 7244434 | L63: =+D63+F63+H63+J63 -> 7243180.7 | M63: =+K63+K17 -> 16903679 | N63: =+L63+L17 -> 16834778
B65: GASTOS DE FUNCIONAMIENTO | C65: =+C77+C93 -> 2771983.2 | D65: =+D77+D93+D97 -> 1295730.8 | E65: =+E77+E93 -> 2771983.2 | F65: =+F77+F93 -> 3338607.9 | G65: =+G77+G93 -> 2771983.2 | H65: =+H77+H93 -> 2433144.6 | I65: =+I77+I93 -> 0 | J65: =+J77+J93 -> 0 | K65: =+C65+E65+G65+I65 -> 8315949.8 | L65: =+D65+F65+H65+J65 -> 7067483.3 | M65: =+K65+K19 -> 19162348 | N65: =+L65+L19 -> 7965499.6
A66: 111 | B66: ENERGIA ELECTRICA | C66: 77315.63 | D66: 86367.27 | E66: 77315.63 | F66: 94176.3 | G66: 77315.63 | H66: 86010.19 | K66: =+C66+E66+G66+I66 -> 231946.89 | L66: =+D66+F66+H66+J66 -> 266553.76 | M66: =+K66+K20 -> 463893.78 | N66: =+L66+L20 -> 416753.81
A67: 113 | B67: TELEFONIA | C67: 10564.58 | D67: 11246.38 | E67: 10564.58 | F67: 11291.9 | G67: 10564.58 | H67: 11339.74 | K67: =+C67+E67+G67+I67 -> 31693.74 | L67: =+D67+F67+H67+J67 -> 33878.02 | M67: =+K67+K21 -> 73952.06 | N67: =+L67+L21 -> 64612.55
A68: 122 | B68: IMPRESIÓN, ENCUADERNACION Y REPRODUCCION | C68: 6085.56 | D68: 0 | E68: 6085.56 | F68: 16633.47 | G68: 6085.56 | H68: 23433.02 | K68: =+C68+E68+G68+I68 -> 18256.68 | L68: =+D68+F68+H68+J68 -> 40066.49 | M68: =+K68+K22 -> 30427.8 | N68: =+L68+L22 -> 40066.49
A69: 163 | B69: MANT. Y REP. EQUIPO MEDICO SANITARIO Y DE LAB. | C69: 75924.2 | D69: 29608.97 | E69: 75924.2 | F69: 104241.03 | G69: 75924.2 | H69: 52753.17 | K69: =+C69+E69+G69+I69 -> 227772.6 | L69: =+D69+F69+H69+J69 -> 186603.17 | M69: =+K69+K23 -> 379621 | N69: =+L69+L23 -> 186603.17
A70: 168 | B70: MANTENIMIENTO Y REPARACION DE EQUIPO DE COMPUTO | C70: 100 | D70: 0 | E70: 100 | F70: 0 | G70: 100 | H70: 0 | K70: =+C70+E70+G70+I70 -> 300 | L70: =+D70+F70+H70+J70 -> 0 | M70: =+K70+K24 -> 500 | N70: =+L70+L24 -> 0
A71: 169 | B71: MANT. Y REP. DE OTRAS MAQ. Y EQUIPO | C71: 3526.67 | D71: 0 | E71: 3526.67 | F71: 4850 | G71: 3526.67 | H71: 8300 | K71: =+C71+E71+G71+I71 -> 10580.01 | L71: =+D71+F71+H71+J71 -> 13150 | M71: =+K71+K25 -> 24686.69 | N71: =+L71+L25 -> 13150
A72: 171 | B72: MANT. Y REPARACION DE EDIFICIOS | C72: 3638.33 | D72: 1200 | E72: 3638.33 | F72: 2400 | G72: 3638.33 | H72: 7400 | K72: =+C72+E72+G72+I72 -> 10914.99 | L72: =+D72+F72+H72+J72 -> 11000 | M72: =+K72+K26 -> 25468.31 | N72: =+L72+L26 -> 11000
A73: 174 | B73: MANT. Y REP. DE INSTALACIONES | C73: 7356.33 | D73: 3180 | E73: 7356.33 | F73: 13545 | G73: 7356.33 | H73: 4530 | K73: =+C73+E73+G73+I73 -> 22068.99 | L73: =+D73+F73+H73+J73 -> 21255 | M73: =+K73+K27 -> 51494.31 | N73: =+L73+L27 -> 27615
A74: 182 | B74: SERVICIOS MEDICO-SANITARIOS | C74: 317986.83 | D74: 287212.34 | E74: 317986.83 | F74: 391667.16 | G74: 317986.83 | H74: 285438 | K74: =+C74+E74+G74+I74 -> 953960.49 | L74: =+D74+F74+H74+J74 -> 964317.5 | M74: =+K74+K28 -> 2225907.8 | N74: =+L74+L28 -> 1097067
A75: 197 | B75: SERVICIOS DE VIGILANCIA | C75: 42350 | D75: 84000 | E75: 42350 | F75: 42000 | G75: 42350 | H75: 42000 | K75: =+C75+E75+G75+I75 -> 127050 | L75: =+D75+F75+H75+J75 -> 168000 | M75: =+K75+K29 -> 296450 | N75: =+L75+L29 -> 252000
A76: 199 | B76: OTROS SERVICIOS NO PERSONALES | C76: 67060 | D76: 47611.05 | E76: 67060 | F76: 118481 | G76: 67060 | H76: 70039 | K76: =+C76+E76+G76+I76 -> 201180 | L76: =+D76+F76+H76+J76 -> 236131.05 | M76: =+K76+K30 -> 469420 | N76: =+L76+L30 -> 254582.05
B77: SUMA GASTOS GENERALES | C77: =SUM(C66:C76) -> 611908.13 | D77: =SUM(D66:D76) -> 550426.01 | E77: =SUM(E66:E76) -> 611908.13 | F77: =SUM(F66:F76) -> 799285.86 | G77: =SUM(G66:G76) -> 611908.13 | H77: =SUM(H66:H76) -> 591243.12 | I77: =SUM(I66:I76) -> 0 | J77: =SUM(J66:J76) -> 0 | ... N77: =SUM(N66:N76) -> 2363450.1
B78: MATERIALES Y SUMINISTROS
A79: 211 | B79: ALIMENTOS PARA PERSONAS | C79: 58165.57 | D79: 60286 | E79: 58165.57 | F79: 48763.25 | G79: 58165.57 | H79: 61735.5 | K79: =+C79+E79+G79+I79 -> 174496.71 | L79: =+D79+F79+H79+J79 -> 170784.75 | M79: =+K79+K33 -> 407158.99 | N79: =+L79+L33 -> 274345
A80: 232 | B80: ACABADOS TEXTILES | C80: 12500 | D80: 0 | E80: 12500 | F80: 0 | G80: 12500 | H80: 0 | K80: =+C80+E80+G80+I80 -> 37500 | L80: =+D80+F80+H80+J80 -> 0 | M80: =+K80+K34 -> 87500 | N80: =+L80+L34 -> 0
A81: 261 | B81: ELEMENTOS Y COMPUESTOS QUIMICOS | C81: 82888.02 | D81: 70520.36 | E81: 82888.02 | F81: 113332.23 | G81: 82888.02 | H81: 76741.63 | K81: =+C81+E81+G81+I81 -> 248664.06 | L81: =+D81+F81+H81+J81 -> 260594.22 | M81: =+K81+K35 -> 580216.14 | N81: =+L81+L35 -> 322279.29
A82: 262 | B82: COMBUSTIBLES Y LUBRICANTES | C82: 666.67 | D82: 0 | E82: 666.67 | F82: 0 | G82: 666.67 | H82: 554408.41 | K82: =+C82+E82+G82+I82 -> 2000.01 | L82: =+D82+F82+H82+J82 -> 554408.41 | M82: =+K82+K36 -> 4666.69 | N82: =+L82+L36 -> 554408.41
A83: 266 | B83: PRODUCTOS MEDICINALES Y FARMACEUTICOS | C83: 381939.32 | D83: 319595.33 | E83: 381939.32 | F83: 554062.46 | G83: 381939.32 | H83: 0 | K83: =+C83+E83+G83+I83 -> 1145818 | L83: =+D83+F83+H83+J83 -> 873657.79 | M83: =+K83+K37 -> 2673575.2 | N83: =+L83+L37 -> 1068213.8
A84: 267 | B84: TINTES, PINTURAS Y COLORANTES | C84: 750 | D84: 0 | E84: 750 | F84: 0 | G84: 750 | H84: 1798.5 | K84: =+C84+E84+G84+I84 -> 2250 | L84: =+D84+F84+H84+J84 -> 1798.5 | M84: =+K84+K38 -> 5250 | N84: =+L84+L38 -> 1798.5
A85: 268 | B85: PRODUCTOS PLASTICOS, NYLON, VINIL Y PVC | C85: 11811.29 | D85: 0 | E85: 11811.29 | F85: 47270.98 | G85: 11811.29 | H85: 21978 | K85: =+C85+E85+G85+I85 -> 35433.87 | L85: =+D85+F85+H85+J85 -> 69248.98 | M85: =+K85+K39 -> 82679.03 | N85: =+L85+L39 -> 69248.98
A86: 269 | B86: OTROS PRODUCTOS QUIMICOS Y CONEXOS | C86: 833.33 | D86: 0 | E86: 833.33 | F86: 0 | G86: 833.33 | H86: 0 | K86: =+C86+E86+G86+I86 -> 2499.99 | L86: =+D86+F86+H86+J86 -> 0 | M86: =+K86+K40 -> 5833.31 | N86: =+L86+L40 -> 0
A87: 289 | B87: OTROS PRODUCTOS METALICOS | C87: 574.88 | D87: 6592.5 | E87: 574.88 | F87: 0 | G87: 574.88 | H87: 0 | K87: =+C87+E87+G87+I87 -> 1724.64 | L87: =+D87+F87+H87+J87 -> 6592.5 | M87: =+K87+K41 -> 4024.16 | N87: =+L87+L41 -> 6592.5
A88: 292 | B88: UTILES DE LIMPIEZA Y PRODUCTOS SANITARIOS | C88: 7014.93 | D88: 5886 | E88: 7014.93 | F88: 69850.45 | G88: 7014.93 | H88: 7734.24 | K88: =+C88+E88+G88+I88 -> 21044.79 | L88: =+D88+F88+H88+J88 -> 83470.69 | M88: =+K88+K42 -> 49104.51 | N88: =+L88+L42 -> 83470.69
A89: 295 | B89: UTILES MENORES MEDICO QUIRURGICOS Y DE LAB. | C89: 1548540.1 | D89: 230759.8 | E89: 1548540.1 | F89: 1697231 | G89: 1548540.1 | H89: 1069438.9 | K89: =+C89+E89+G89+I89 -> 4645620.2 | L89: =+D89+F89+H89+J89 -> 2997429.8 | M89: =+K89+K43 -> 10839780 | N89: =+L89+L43 -> 3105806.8
A90: 297 | B90: UTILES, ACCESORIOS Y MATERIALES ELECTRICOS | C90: 1591.07 | D90: 8599.25 | E90: 1591.07 | F90: 0 | G90: 1591.07 | H90: 9483.3 | K90: =+C90+E90+G90+I90 -> 4773.21 | L90: =+D90+F90+H90+J90 -> 18082.55 | M90: =+K90+K44 -> 11137.49 | N90: =+L90+L44 -> 18082.55
... A92: 299 | B92: OTROS MATERIALES Y SUMINISTROS | C92: 19041.83 | D92: 14265 | E92: 19041.83 | F92: 0 | G92: 19041.83 | H92: 9438 | K92: =+C92+E92+G92+I92 -> 57125.49 | L92: =+D92+F92+H92+J92 -> 23703 | M92: =+K92+K46 -> 133292.81 | N92: =+L92+L46 -> 23703
B93: TOTAL MATERIALES Y SUMINISTROS | C93: =SUM(C79:C92) -> 2160075.1 | D93: =SUM(D79:D92) -> 745304.77 | E93: =SUM(E79:E92) -> 2160075.1 | F93: =SUM(F79:F92) -> 2539322 | G93: =SUM(G79:G92) -> 2160075.1 | H93: =SUM(H79:H92) -> 1841901.5 | I93: =SUM(I79:I92) -> 0 | J93: =SUM(J79:J92) -> 0 | ... N93: =SUM(N79:N92) -> 5602049.5
B94: PROPIEDAD PLANTA Y EQUIPO
B95: EQUIPO MEDICO SANITARIO Y DE LABORATORIO | K95: =+C95+E95+G95+I95 -> 0 | L95: =+D95+F95+H95+J95 -> 0
B96: OTRAS MAQUINARIAS Y EQUIPOS | K96: =+C96+E96+G96+I96 -> 0 | L96: =+D96+F96+H96+J96 -> 0
B97: TOTAL PROPIEDAD PLANTA Y EQUIPO | C97: =SUM(C95:C96) -> 0 | D97: =SUM(D95:D96) -> 0 | E97: =SUM(E95:E96) -> 0 | F97: =SUM(F95:F96) -> 0 | G97: =SUM(G95:G96) -> 0 | H97: =SUM(H95:H96) -> 0 | I97: =SUM(I95:I96) -> 0 | J97: =SUM(J95:J96) -> 0 | ... L97: =SUM(L95:L96) -> 0
A100: Programación y ejecucion mensual por tipo de gasto año 2022, Expresado en Quetzales tercer cuatrimestre 2022
A101: No. | B101: CATEGORIA DE GASTO | C101: SEPTIEMBRE | E101: OCTUBRE | G101: NOVIEMBRE | I101: DICIEMBRE | K101: TOTAL CUATRIMESTRE | M101: TOTAL ACUMULADO
C102: PRESUPUESTO | D102: REAL | E102: PRESUPUESTO | F102: REAL | G102: PRESUPUESTO | H102: REAL | I102: PRESUPUESTO | J102: REAL | K102: PRESUPUESTO | L102: REAL | M102: PRESUPUESTO | N102: REAL
A103: 011 | B103: RECURSO HUMANO | K103: =+C103+E103+G103+I103 -> 0 | L103: =+D103+F103+H103+J103 -> 0
B105: GASTOS DE FUNCIONAMIENTO | C105: =+C117+C133 -> 0 | D105: =+D117+D133 -> 0 | E105: =+E117+E133 -> 0 | F105: =+F117+F133 -> 0 | G105: =+G117+G133 -> 0 | H105: =+H117+H133 -> 0 | I105: =+I117+I133 -> 0 | J105: =+J117+J133 -> 0 | K105: =+C105+E105+G105+I105 -> 0 | L105: =+D105+F105+H105+J105 -> 0
A106: 111 | B106: ENERGIA ELECTRICA | K106: =+C106+E106+G106+I106 -> 0 | L106: =+D106+F106+H106+J106 -> 0
A107: 113 | B107: TELEFONIA | K107: =+C107+E107+G107+I107 -> 0 | L107: =+D107+F107+H107+J107 -> 0
A108: 122 | B108: IMPRESIÓN, ENCUADERNACION Y REPRODUCCION | K108: =+C108+E108+G108+I108 -> 0 | L108: =+D108+F108+H108+J108 -> 0
A109: 163 | B109: MANT. Y REP. EQUIPO MEDICO SANITARIO Y DE LAB. | K109: =+C109+E109+G109+I109 -> 0 | L109: =+D109+F109+H109+J109 -> 0
A110: 168 | B110: MANTENIMIENTO Y REPARACION DE EQUIPO DE COMPUTO | K110: =+C110+E110+G110+I110 -> 0 | L110: =+D110+F110+H110+J110 -> 0
A111: 169 | B111: MANT. Y REP. DE OTRAS MAQ. Y EQUIPO | K111: =+C111+E111+G111+I111 -> 0 | L111: =+D111+F111+H111+J111 -> 0
A112: 171 | B112: MANT. Y REPARACION DE EDIFICIOS | K112: =+C112+E112+G112+I112 -> 0 | L112: =+D112+F112+H112+J112 -> 0
A113: 174 | B113: MANT. Y REP. DE INSTALACIONES | K113: =+C113+E113+G113+I113 -> 0 | L113: =+D113+F113+H113+J113 -> 0
A114: 182 | B114: SERVICIOS MEDICO-SANITARIOS | K114: =+C114+E114+G114+I114 -> 0 | L114: =+D114+F114+H114+J114 -> 0
A115: 197 | B115: SERVICIOS DE VIGILANCIA | K115: =+C115+E115+G115+I115 -> 0 | L115: =+D115+F115+H115+J115 -> 0
A116: 199 | B116: OTROS SERVICIOS NO PERSONALES | K116: =+C116+E116+G116+I116 -> 0 | L116: =+D116+F116+H116+J116 -> 0
B117: SUMA GASTOS GENERALES | C117: =SUM(C106:C116) -> 0 | D117: =SUM(D106:D116) -> 0 | E117: =SUM(E106:E116) -> 0 | F117: =SUM(F106:F116) -> 0 | G117: =SUM(G106:G116) -> 0 | H117: =SUM(H106:H116) -> 0 | I117: =SUM(I106:I116) -> 0 | J117: =SUM(J106:J116) -> 0 | ... L117: =SUM(L106:L116) -> 0
B118: MATERIALES Y SUMINISTROS
A119: 211 | B119: ALIMENTOS PARA PERSONAS | K119: =+C119+E119+G119+I119 -> 0 | L119: =+D119+F119+H119+J119 -> 0
A120: 232 | B120: ACABADOS TEXTILES | K120: =+C120+E120+G120+I120 -> 0 | L120: =+D120+F120+H120+J120 -> 0
A121: 261 | B121: ELEMENTOS Y COMPUESTOS QUIMICOS | K121: =+C121+E121+G121+I121 -> 0 | L121: =+D121+F121+H121+J121 -> 0
A122: 262 | B122: COMBUSTIBLES Y LUBRICANTES | K122: =+C122+E122+G122+I122 -> 0 | L122: =+D122+F122+H122+J122 -> 0
A123: 266 | B123: PRODUCTOS MEDICINALES Y FARMACEUTICOS | K123: =+C123+E123+G123+I123 -> 0 | L123: =+D123+F123+H123+J123 -> 0
A124: 267 | B124: TINTES, PINTURAS Y COLORANTES | K124: =+C124+E124+G124+I124 -> 0 | L124: =+D124+F124+H124+J124 -> 0
...

Sheet AGOSTO CTE-5
B8: ÀREA FINANCIERA | K8: CTE-5
A10: UNIDAD DE CIRUGIA CARDIOVASCULAR DE GUATEMALA
A11: 5a. AVENIDA 6-22 ZONA 11
A12: dgunicar@yahoo.es Tel. 24163000
A14: Programación y ejecucion mensual por tipo de gasto año 2022, Expresado en Quetzales primer cuatrimestre 2022
A15: No. | B15: CATEGORIA DE GASTO | C15: ENERO | E15: FEBRERO | G15: MARZO | I15: ABRIL | K15: TOTAL CUATRIMESTRE
C16: PRESUPUESTO | D16: REAL | E16: PRESUPUESTO | F16: REAL | G16: PRESUPUESTO | H16: REAL | I16: PRESUPUESTO | J16: REAL | K16: PRESUPUESTO | L16: REAL
A17: 011 | B17: RECURSO HUMANO | C17: 2414811.3 | D17: 2367268.7 | E17: 2414811.3 | F17: 2396683.9 | G17: 2414811.3 | H17: 2410583.5 | I17: 2414811.3 | J17: 2417060.8 | K17: =+C17+E17+G17+I17 -> 9659245.3 | L17: =+D17+F17+H17+J17 -> 9591596.9
B19: GASTOS DE FUNCIONAMIENTO | C19: =+C31+C47 -> 2612557.9 | D19: =+D31+D47 -> 0 | E19: =+E31+E47 -> 2689873.5 | F19: =+F31+F47 -> 16502.89 | G19: =+G31+G47 -> 2771983.2 | H19: =+H31+H47 -> 132643.57 | I19: =+I31+I47 -> 2771983.2 | J19: =+J31+J47 -> 748869.8 | K19: =+C19+E19+G19+I19 -> 10846398 | L19: =+D19+F19+H19+J19 -> 898016.26
A20: 111 | B20: ENERGIA ELECTRICA | C20: 0 | D20: 0 | E20: 77315.63 | F20: 0 | G20: 77315.63 | H20: 70182.48 | I20: 77315.63 | J20: 80017.57 | K20: =+C20+E20+G20+I20 -> 231946.89 | L20: =+D20+F20+H20+J20 -> 150200.05
A21: 113 | B21: TELEFONIA | C21: 10564.58 | D21: 0 | E21: 10564.58 | F21: 8302.09 | G21: 10564.58 | H21: 11306.4 | I21: 10564.58 | J21: 11126.04 | K21: =+C21+E21+G21+I21 -> 42258.32 | L21: =+D21+F21+H21+J21 -> 30734.53
A22: 122 | B22: IMPRESIÓN, ENCUADERNACION Y REPRODUCCION | C22: 0 | D22: 0 | E22: 0 | F22: 0 | G22: 6085.56 | H22: 0 | I22: 6085.56 | J22: 0 | K22: =+C22+E22+G22+I22 -> 12171.12 | L22: =+D22+F22+H22+J22 -> 0
A23: 163 | B23: MANT. Y REP. EQUIPO MEDICO SANITARIO Y DE LAB. | C23: 0 | D23: 0 | E23: 0 | F23: 0 | G23: 75924.2 | H23: 0 | I23: 75924.2 | J23: 0 | K23: =+C23+E23+G23+I23 -> 151848.4 | L23: =+D23+F23+H23+J23 -> 0
A24: 168 | B24: MANTENIMIENTO Y REPARACION DE EQUIPO DE COMPUTO | C24: 0 | D24: 0 | E24: 0 | F24: 0 | G24: 100 | H24: 0 | I24: 100 | J24: 0 | K24: =+C24+E24+G24+I24 -> 200 | L24: =+D24+F24+H24+J24 -> 0
A25: 169 | B25: MANT. Y REP. DE OTRAS MAQ. Y EQUIPO | C25: 3526.67 | D25: 0 | E25: 3526.67 | F25: 0 | G25: 3526.67 | H25: 0 | I25: 3526.67 | J25: 0 | K25: =+C25+E25+G25+I25 -> 14106.68 | L25: =+D25+F25+H25+J25 -> 0
A26: 171 | B26: MANT. Y REPARACION DE EDIFICIOS | C26: 3638.33 | D26: 0 | E26: 3638.33 | F26: 0 | G26: 3638.33 | H26: 0 | I26: 3638.33 | J26: 0 | K26: =+C26+E26+G26+I26 -> 14553.32 | L26: =+D26+F26+H26+J26 -> 0
A27: 174 | B27: MANT. Y REP. DE INSTALACIONES | C27: 7356.33 | D27: 0 | E27: 7356.33 | F27: 0 | G27: 7356.33 | H27: 0 | I27: 7356.33 | J27: 6360 | K27: =+C27+E27+G27+I27 -> 29425.32 | L27: =+D27+F27+H27+J27 -> 6360
A28: 182 | B28: SERVICIOS MEDICO-SANITARIOS | C28: 317986.83 | D28: 0 | E28: 317986.83 | F28: 0 | G28: 317986.83 | H28: 32843.76 | I28: 317986.83 | J28: 99905.74 | K28: =+C28+E28+G28+I28 -> 1271947.3 | L28: =+D28+F28+H28+J28 -> 132749.5
A29: 197 | B29: SERVICIOS DE VIGILANCIA | C29: 42350 | D29: 0 | E29: 42350 | F29: 0 | G29: 42350 | H29: 0 | I29: 42350 | J29: 84000 | K29: =+C29+E29+G29+I29 -> 169400 | L29: =+D29+F29+H29+J29 -> 84000
A30: 199 | B30: OTROS SERVICIOS NO PERSONALES | C30: 67060 | D30: 0 | E30: 67060 | F30: 8200.8 | G30: 67060 | H30: 4100 | I30: 67060 | J30: 6150.2 | K30: =+C30+E30+G30+I30 -> 268240 | L30: =+D30+F30+H30+J30 -> 18451
B31: SUMA GASTOS GENERALES | C31: =SUM(C20:C30) -> 452482.74 | D31: =SUM(D20:D30) -> 0 | E31: =SUM(E20:E30) -> 529798.37 | F31: =SUM(F20:F30) -> 16502.89 | G31: =SUM(G20:G30) -> 611908.13 | H31: =SUM(H20:H30) -> 118432.64 | I31: =SUM(I20:I30) -> 611908.13 | J31: =SUM(J20:J30) -> 287559.55 | ... L31: =SUM(L20:L30) -> 422495.08
B32: MATERIALES Y SUMINISTROS
A33: 211 | B33: ALIMENTOS PARA PERSONAS | C33: 58165.57 | D33: 0 | E33: 58165.57 | F33: 0 | G33: 58165.57 | H33: 13077 | I33: 58165.57 | J33: 90483.25 | K33: =+C33+E33+G33+I33 -> 232662.28 | L33: =+D33+F33+H33+J33 -> 103560.25
A34: 232 | B34: ACABADOS TEXTILES | C34: 12500 | D34: 0 | E34: 12500 | F34: 0 | G34: 12500 | H34: 0 | I34: 12500 | J34: 0 | K34: =+C34+E34+G34+I34 -> 50000 | L34: =+D34+F34+H34+J34 -> 0
A35: 261 | B35: ELEMENTOS Y COMPUESTOS QUIMICOS | C35: 82888.02 | D35: 0 | E35: 82888.02 | F35: 0 | G35: 82888.02 | H35: 0 | I35: 82888.02 | J35: 61685.07 | K35: =+C35+E35+G35+I35 -> 331552.08 | L35: =+D35+F35+H35+J35 -> 61685.07
A36: 262 | B36: COMBUSTIBLES Y LUBRICANTES | C36: 666.67 | D36: 0 | E36: 666.67 | F36: 0 | G36: 666.67 | H36: 0 | I36: 666.67 | J36: 0 | K36: =+C36+E36+G36+I36 -> 2666.68 | L36: =+D36+F36+H36+J36 -> 0
A37: 266 | B37: PRODUCTOS MEDICINALES Y FARMACEUTICOS | C37: 381939.32 | D37: 0 | E37: 381939.32 | F37: 0 | G37: 381939.32 | H37: 133.93 | I37: 381939.32 | J37: 194422.07 | K37: =+C37+E37+G37+I37 -> 1527757.3 | L37: =+D37+F37+H37+J37 -> 194556
A38: 267 | B38: TINTES, PINTURAS Y COLORANTES | C38: 750 | D38: 0 | E38: 750 | F38: 0 | G38: 750 | H38: 0 | I38: 750 | J38: 0 | K38: =+C38+E38+G38+I38 -> 3000 | L38: =+D38+F38+H38+J38 -> 0
A39: 268 | B39: PRODUCTOS PLASTICOS, NYLON, VINIL Y PVC | C39: 11811.29 | D39: 0 | E39: 11811.29 | F39: 0 | G39: 11811.29 | H39: 0 | I39: 11811.29 | J39: 0 | K39: =+C39+E39+G39+I39 -> 47245.16 | L39: =+D39+F39+H39+J39 -> 0
A40: 269 | B40: OTROS PRODUCTOS QUIMICOS Y CONEXOS | C40: 833.33 | D40: 0 | E40: 833.33 | F40: 0 | G40: 833.33 | H40: 0 | I40: 833.33 | J40: 0 | K40: =+C40+E40+G40+I40 -> 3333.32 | L40: =+D40+F40+H40+J40 -> 0
A41: 289 | B41: OTROS PRODUCTOS METALICOS | C41: 574.88 | D41: 0 | E41: 574.88 | F41: 0 | G41: 574.88 | H41: 0 | I41: 574.88 | J41: 0 | K41: =+C41+E41+G41+I41 -> 2299.52 | L41: =+D41+F41+H41+J41 -> 0
A42: 292 | B42: UTILES DE LIMPIEZA Y PRODUCTOS SANITARIOS | C42: 7014.93 | D42: 0 | E42: 7014.93 | F42: 0 | G42: 7014.93 | H42: 0 | I42: 7014.93 | J42: 0 | K42: =+C42+E42+G42+I42 -> 28059.72 | L42: =+D42+F42+H42+J42 -> 0
A43: 295 | B43: UTILES MENORES MEDICO QUIRURGICOS Y DE LAB. | C43: 1548540.1 | D43: 0 | E43: 1548540.1 | F43: 0 | G43: 1548540.1 | H43: 0 | I43: 1548540.1 | J43: 108377 | K43: =+C43+E43+G43+I43 -> 6194160.2 | L43: =+D43+F43+H43+J43 -> 108377
A44: 297 | B44: UTILES, ACCESORIOS Y MATERIALES ELECTRICOS | C44: 1591.07 | D44: 0 | E44: 1591.07 | F44: 0 | G44: 1591.07 | H44: 0 | I44: 1591.07 | J44: 0 | K44: =+C44+E44+G44+I44 -> 6364.28 | L44: =+D44+F44+H44+J44 -> 0
... A46: 299 | B46: OTROS MATERIALES Y SUMINISTROS | C46: 19041.83 | D46: 0 | E46: 19041.83 | F46: 0 | G46: 19041.83 | H46: 0 | I46: 19041.83 | J46: 0 | K46: =+C46+E46+G46+I46 -> 76167.32 | L46: =+D46+F46+H46+J46 -> 0
B47: TOTAL MATERIALES Y SUMINISTROS | C47: =SUM(C33:C46) -> 2160075.1 | D47: =SUM(D33:D46) -> 0 | E47: =SUM(E33:E46) -> 2160075.1 | F47: =SUM(F33:F46) -> 0 | G47: =SUM(G33:G46) -> 2160075.1 | H47: =SUM(H33:H46) -> 14210.93 | I47: =SUM(I33:I46) -> 2160075.1 | J47: =SUM(J33:J46) -> 461310.25 | ... L47: =SUM(L33:L46) -> 475521.18
B48: PROPIEDAD PLANTA Y EQUIPO
B49: EQUIPO MEDICO SANITARIO Y DE LABORATORIO | C49: 0 | D49: 0 | E49: 0 | F49: 0 | H49: 0 | K49: =+C49+E49+G49+I49 -> 0 | L49: =+D49+F49+H49+J49 -> 0
B50: OTRAS MAQUINARIAS Y EQUIPOS | C50: 0 | D50: 0 | E50: 0 | F50: 0 | H50: 0 | I50: 0 | K50: =+C50+E50+G50+I50 -> 0 | L50: =+D50+F50+H50+J50 -> 0
B51: TOTAL PROPIEDAD PLANTA Y EQUIPO | C51: =SUM(C49:C50) -> 0 | D51: =SUM(D49:D50) -> 0 | E51: =SUM(E49:E50) -> 0 | F51: =SUM(F49:F50) -> 0 | G51: =SUM(G49:G50) -> 0 | H51: =SUM(H49:H50) -> 0 | I51: =SUM(I49:I50) -> 0 | J51: =SUM(J49:J50) -> 0 | ... L51: =SUM(L49:L50) -> 0
A60: Programación y ejecucion mensual por tipo de gasto año 2022, Expresado en Quetzales segundo cuatrimestre 2022
A61: No. | B61: CATEGORIA DE GASTO | C61: MAYO | E61: JUNIO | G61: JULIO | I61: AGOSTO | K61: TOTAL CUATRIMESTRE | M61: TOTAL ACUMULADO
C62: PRESUPUESTO | D62: REAL | E62: PRESUPUESTO | F62: REAL | G62: PRESUPUESTO | H62: REAL | I62: PRESUPUESTO | J62: REAL | K62: PRESUPUESTO | L62: REAL | M62: PRESUPUESTO | N62: REAL
A63: 011 | B63: RECURSO HUMANO | C63: 2414811.3 | D63: 2417711.1 | E63: 2414811.3 | F63: 2408593 | G63: 2414811.3 | H63: 2416876.5 | I63: 2414811.3 | J63: 2426363.1 | K63: =+C63+E63+G63+I63 -> 9659245.3 | L63: =+D63+F63+H63+J63 -> 9669543.8 | M63: =+K63+K17 -> 19318491 | N63: =+L63+L17 -> 19261141
B65: GASTOS DE FUNCIONAMIENTO | C65: =+C77+C93 -> 2771983.2 | D65: =+D77+D93+D97 -> 1295730.8 | E65: =+E77+E93 -> 2771983.2 | F65: =+F77+F93 -> 3338607.9 | G65: =+G77+G93 -> 2771983.2 | H65: =+H77+H93 -> 2433144.6 | I65: =+I77+I93 -> 2771983.2 | J65: =+J77+J93 -> 4481129.3 | K65: =+C65+E65+G65+I65 -> 11087933 | L65: =+D65+F65+H65+J65 -> 11548613 | M65: =+K65+K19 -> 21934331 | N65: =+L65+L19 -> 12446629
A66: 111 | B66: ENERGIA ELECTRICA | C66: 77315.63 | D66: 86367.27 | E66: 77315.63 | F66: 94176.3 | G66: 77315.63 | H66: 86010.19 | I66: 77315.63 | J66: 87596.5 | K66: =+C66+E66+G66+I66 -> 309262.52 | L66: =+D66+F66+H66+J66 -> 354150.26 | M66: =+K66+K20 -> 541209.41 | N66: =+L66+L20 -> 504350.31
A67: 113 | B67: TELEFONIA | C67: 10564.58 | D67: 11246.38 | E67: 10564.58 | F67: 11291.9 | G67: 10564.58 | H67: 11339.74 | I67: 10564.58 | J67: 11320.21 | K67: =+C67+E67+G67+I67 -> 42258.32 | L67: =+D67+F67+H67+J67 -> 45198.23 | M67: =+K67+K21 -> 84516.64 | N67: =+L67+L21 -> 75932.76
A68: 122 | B68: IMPRESIÓN, ENCUADERNACION Y REPRODUCCION | C68: 6085.56 | D68: 0 | E68: 6085.56 | F68: 16633.47 | G68: 6085.56 | H68: 23433.02 | I68: 6085.56 | J68: 18680.5 | K68: =+C68+E68+G68+I68 -> 24342.24 | L68: =+D68+F68+H68+J68 -> 58746.99 | M68: =+K68+K22 -> 36513.36 | N68: =+L68+L22 -> 58746.99
A69: 163 | B69: MANT. Y REP. EQUIPO MEDICO SANITARIO Y DE LAB. | C69: 75924.2 | D69: 29608.97 | E69: 75924.2 | F69: 104241.03 | G69: 75924.2 | H69: 52753.17 | I69: 75924.2 | J69: 85711.51 | K69: =+C69+E69+G69+I69 -> 303696.8 | L69: =+D69+F69+H69+J69 -> 272314.68 | M69: =+K69+K23 -> 455545.2 | N69: =+L69+L23 -> 272314.68
A70: 168 | B70: MANTENIMIENTO Y REPARACION DE EQUIPO DE COMPUTO | C70: 100 | D70: 0 | E70: 100 | F70: 0 | G70: 100 | H70: 0 | I70: 100 | J70: 0 | K70: =+C70+E70+G70+I70 -> 400 | L70: =+D70+F70+H70+J70 -> 0 | M70: =+K70+K24 -> 600 | N70: =+L70+L24 -> 0
A71: 169 | B71: MANT. Y REP. DE OTRAS MAQ. Y EQUIPO | C71: 3526.67 | D71: 0 | E71: 3526.67 | F71: 4850 | G71: 3526.67 | H71: 8300 | I71: 3526.67 | J71: 0 | K71: =+C71+E71+G71+I71 -> 14106.68 | L71: =+D71+F71+H71+J71 -> 13150 | M71: =+K71+K25 -> 28213.36 | N71: =+L71+L25 -> 13150
A72: 171 | B72: MANT. Y REPARACION DE EDIFICIOS | C72: 3638.33 | D72: 1200 | E72: 3638.33 | F72: 2400 | G72: 3638.33 | H72: 7400 | I72: 3638.33 | J72: 1200 | K72: =+C72+E72+G72+I72 -> 14553.32 | L72: =+D72+F72+H72+J72 -> 12200 | M72: =+K72+K26 -> 29106.64 | N72: =+L72+L26 -> 12200
A73: 174 | B73: MANT. Y REP. DE INSTALACIONES | C73: 7356.33 | D73: 3180 | E73: 7356.33 | F73: 13545 | G73: 7356.33 | H73: 4530 | I73: 7356.33 | J73: 3180 | K73: =+C73+E73+G73+I73 -> 29425.32 | L73: =+D73+F73+H73+J73 -> 24435 | M73: =+K73+K27 -> 58850.64 | N73: =+L73+L27 -> 30795
A74: 182 | B74: SERVICIOS MEDICO-SANITARIOS | C74: 317986.83 | D74: 287212.34 | E74: 317986.83 | F74: 391667.16 | G74: 317986.83 | H74: 285438 | I74: 317986.83 | J74: 226561 | K74: =+C74+E74+G74+I74 -> 1271947.3 | L74: =+D74+F74+H74+J74 -> 1190878.5 | M74: =+K74+K28 -> 2543894.6 | N74: =+L74+L28 -> 1323628
A75: 197 | B75: SERVICIOS DE VIGILANCIA | C75: 42350 | D75: 84000 | E75: 42350 | F75: 42000 | G75: 42350 | H75: 42000 | I75: 42350 | J75: 42000 | K75: =+C75+E75+G75+I75 -> 169400 | L75: =+D75+F75+H75+J75 -> 210000 | M75: =+K75+K29 -> 338800 | N75: =+L75+L29 -> 294000
A76: 199 | B76: OTROS SERVICIOS NO PERSONALES | C76: 67060 | D76: 47611.05 | E76: 67060 | F76: 118481 | G76: 67060 | H76: 70039 | I76: 67060 | J76: 51262.3 | K76: =+C76+E76+G76+I76 -> 268240 | L76: =+D76+F76+H76+J76 -> 287393.35 | M76: =+K76+K30 -> 536480 | N76: =+L76+L30 -> 305844.35
B77: SUMA GASTOS GENERALES | C77: =SUM(C66:C76) -> 611908.13 | D77: =SUM(D66:D76) -> 550426.01 | E77: =SUM(E66:E76) -> 611908.13 | F77: =SUM(F66:F76) -> 799285.86 | G77: =SUM(G66:G76) -> 611908.13 | H77: =SUM(H66:H76) -> 591243.12 | I77: =SUM(I66:I76) -> 611908.13 | J77: =SUM(J66:J76) -> 527512.02 | ... N77: =SUM(N66:N76) -> 2890962.1
B78: MATERIALES Y SUMINISTROS
A79: 211 | B79: ALIMENTOS PARA PERSONAS | C79: 58165.57 | D79: 60286 | E79: 58165.57 | F79: 48763.25 | G79: 58165.57 | H79: 61735.5 | I79: 58165.57 | J79: 36540 | K79: =+C79+E79+G79+I79 -> 232662.28 | L79: =+D79+F79+H79+J79 -> 207324.75 | M79: =+K79+K33 -> 465324.56 | N79: =+L79+L33 -> 310885
A80: 232 | B80: ACABADOS TEXTILES | C80: 12500 | D80: 0 | E80: 12500 | F80: 0 | G80: 12500 | H80: 0 | I80: 12500 | J80: 0 | K80: =+C80+E80+G80+I80 -> 50000 | L80: =+D80+F80+H80+J80 -> 0 | M80: =+K80+K34 -> 100000 | N80: =+L80+L34 -> 0
A81: 261 | B81: ELEMENTOS Y COMPUESTOS QUIMICOS | C81: 82888.02 | D81: 70520.36 | E81: 82888.02 | F81: 113332.23 | G81: 82888.02 | H81: 76741.63 | I81: 82888.02 | J81: 58281.54 | K81: =+C81+E81+G81+I81 -> 331552.08 | L81: =+D81+F81+H81+J81 -> 318875.76 | M81: =+K81+K35 -> 663104.16 | N81: =+L81+L35 -> 380560.83
A82: 262 | B82: COMBUSTIBLES Y LUBRICANTES | C82: 666.67 | D82: 0 | E82: 666.67 | F82: 0 | G82: 666.67 | H82: 0 | I82: 666.67 | J82: 0 | K82: =+C82+E82+G82+I82 -> 2666.68 | L82: =+D82+F82+H82+J82 -> 0 | M82: =+K82+K36 -> 5333.36 | N82: =+L82+L36 -> 0
A83: 266 | B83: PRODUCTOS MEDICINALES Y FARMACEUTICOS | C83: 381939.32 | D83: 319595.33 | E83: 381939.32 | F83: 554062.46 | G83: 381939.32 | H83: 554408.41 | I83: 381939.32 | J83: 487437.1 | K83: =+C83+E83+G83+I83 -> 1527757.3 | L83: =+D83+F83+H83+J83 -> 1915503.3 | M83: =+K83+K37 -> 3055514.6 | N83: =+L83+L37 -> 2110059.3
A84: 267 | B84: TINTES, PINTURAS Y COLORANTES | C84: 750 | D84: 0 | E84: 750 | F84: 0 | G84: 750 | H84: 1798.5 | I84: 750 | J84: 0 | K84: =+C84+E84+G84+I84 -> 3000 | L84: =+D84+F84+H84+J84 -> 1798.5 | M84: =+K84+K38 -> 6000 | N84: =+L84+L38 -> 1798.5
A85: 268 | B85: PRODUCTOS PLASTICOS, NYLON, VINIL Y PVC | C85: 11811.29 | D85: 0 | E85: 11811.29 | F85: 47270.98 | G85: 11811.29 | H85: 21978 | I85: 11811.29 | J85: 7820 | K85: =+C85+E85+G85+I85 -> 47245.16 | L85: =+D85+F85+H85+J85 -> 77068.98 | M85: =+K85+K39 -> 94490.32 | N85: =+L85+L39 -> 77068.98
A86: 269 | B86: OTROS PRODUCTOS QUIMICOS Y CONEXOS | C86: 833.33 | D86: 0 | E86: 833.33 | F86: 0 | G86: 833.33 | H86: 0 | I86: 833.33 | J86: 0 | K86: =+C86+E86+G86+I86 -> 3333.32 | L86: =+D86+F86+H86+J86 -> 0 | M86: =+K86+K40 -> 6666.64 | N86: =+L86+L40 -> 0
A87: 289 | B87: OTROS PRODUCTOS METALICOS | C87: 574.88 | D87: 6592.5 | E87: 574.88 | F87: 0 | G87: 574.88 | H87: 0 | I87: 574.88 | J87: 0 | K87: =+C87+E87+G87+I87 -> 2299.52 | L87: =+D87+F87+H87+J87 -> 6592.5 | M87: =+K87+K41 -> 4599.04 | N87: =+L87+L41 -> 6592.5
A88: 292 | B88: UTILES DE LIMPIEZA Y PRODUCTOS SANITARIOS | C88: 7014.93 | D88: 5886 | E88: 7014.93 | F88: 69850.45 | G88: 7014.93 | H88: 7734.24 | I88: 7014.93 | J88: 0 | K88: =+C88+E88+G88+I88 -> 28059.72 | L88: =+D88+F88+H88+J88 -> 83470.69 | M88: =+K88+K42 -> 56119.44 | N88: =+L88+L42 -> 83470.69
A89: 295 | B89: UTILES MENORES MEDICO QUIRURGICOS Y DE LAB. | C89: 1548540.1 | D89: 230759.8 | E89: 1548540.1 | F89: 1697231 | G89: 1548540.1 | H89: 1069438.9 | I89: 1548540.1 | J89: 3237195.4 | K89: =+C89+E89+G89+I89 -> 6194160.2 | L89: =+D89+F89+H89+J89 -> 6234625.2 | M89: =+K89+K43 -> 12388320 | N89: =+L89+L43 -> 6343002.2
A90: 297 | B90: UTILES, ACCESORIOS Y MATERIALES ELECTRICOS | C90: 1591.07 | D90: 8599.25 | E90: 1591.07 | F90: 0 | G90: 1591.07 | H90: 9483.3 | I90: 1591.07 | J90: 0 | K90: =+C90+E90+G90+I90 -> 6364.28 | L90: =+D90+F90+H90+J90 -> 18082.55 | M90: =+K90+K44 -> 12728.56 | N90: =+L90+L44 -> 18082.55
... A92: 299 | B92: OTROS MATERIALES Y SUMINISTROS | C92: 19041.83 | D92: 14265 | E92: 19041.83 | F92: 0 | G92: 19041.83 | H92: 9438 | I92: 19041.83 | J92: 24860.61 | K92: =+C92+E92+G92+I92 -> 76167.32 | L92: =+D92+F92+H92+J92 -> 48563.61 | M92: =+K92+K46 -> 152334.64 | N92: =+L92+L46 -> 48563.61
B93: TOTAL MATERIALES Y SUMINISTROS | C93: =SUM(C79:C92) -> 2160075.1 | D93: =SUM(D79:D92) -> 745304.77 | E93: =SUM(E79:E92) -> 2160075.1 | F93: =SUM(F79:F92) -> 2539322 | G93: =SUM(G79:G92) -> 2160075.1 | H93: =SUM(H79:H92) -> 1841901.5 | I93: =SUM(I79:I92) -> 2160075.1 | J93: =SUM(J79:J92) -> 3953617.3 | ... N93: =SUM(N79:N92) -> 9555666.8
B94: PROPIEDAD PLANTA Y EQUIPO
B95: EQUIPO MEDICO SANITARIO Y DE LABORATORIO | K95: =+C95+E95+G95+I95 -> 0 | L95: =+D95+F95+H95+J95 -> 0
B96: OTRAS MAQUINARIAS Y EQUIPOS | K96: =+C96+E96+G96+I96 -> 0 | L96: =+D96+F96+H96+J96 -> 0
B97: TOTAL PROPIEDAD PLANTA Y EQUIPO | C97: =SUM(C95:C96) -> 0 | D97: =SUM(D95:D96) -> 0 | E97: =SUM(E95:E96) -> 0 | F97: =SUM(F95:F96) -> 0 | G97: =SUM(G95:G96) -> 0 | H97: =SUM(H95:H96) -> 0 | I97: =SUM(I95:I96) -> 0 | J97: =SUM(J95:J96) -> 0 | ... L97: =SUM(L95:L96) -> 0
A100: Programación y ejecucion mensual por tipo de gasto año 2022, Expresado en Quetzales tercer cuatrimestre 2022
A101: No. | B101: CATEGORIA DE GASTO | C101: SEPTIEMBRE | E101: OCTUBRE | G101: NOVIEMBRE | I101: DICIEMBRE | K101: TOTAL CUATRIMESTRE | M101: TOTAL ACUMULADO
C102: PRESUPUESTO | D102: REAL | E102: PRESUPUESTO | F102: REAL | G102: PRESUPUESTO | H102: REAL | I102: PRESUPUESTO | J102: REAL | K102: PRESUPUESTO | L102: REAL | M102: PRESUPUESTO | N102: REAL
A103: 011 | B103: RECURSO HUMANO | K103: =+C103+E103+G103+I103 -> 0 | L103: =+D103+F103+H103+J103 -> 0
B105: GASTOS DE FUNCIONAMIENTO | C105: =+C117+C133 -> 0 | D105: =+D117+D133 -> 0 | E105: =+E117+E133 -> 0 | F105: =+F117+F133 -> 0 | G105: =+G117+G133 -> 0 | H105: =+H117+H133 -> 0 | I105: =+I117+I133 -> 0 | J105: =+J117+J133 -> 0 | K105: =+C105+E105+G105+I105 -> 0 | L105: =+D105+F105+H105+J105 -> 0
A106: 111 | B106: ENERGIA ELECTRICA | K106: =+C106+E106+G106+I106 -> 0 | L106: =+D106+F106+H106+J106 -> 0
A107: 113 | B107: TELEFONIA | K107: =+C107+E107+G107+I107 -> 0 | L107: =+D107+F107+H107+J107 -> 0
A108: 122 | B108: IMPRESIÓN, ENCUADERNACION Y REPRODUCCION | K108: =+C108+E108+G108+I108 -> 0 | L108: =+D108+F108+H108+J108 -> 0
A109: 163 | B109: MANT. Y REP. EQUIPO MEDICO SANITARIO Y DE LAB. | K109: =+C109+E109+G109+I109 -> 0 | L109: =+D109+F109+H109+J109 -> 0
A110: 168 | B110: MANTENIMIENTO Y REPARACION DE EQUIPO DE COMPUTO | K110: =+C110+E110+G110+I110 -> 0 | L110: =+D110+F110+H110+J110 -> 0
A111: 169 | B111: MANT. Y REP. DE OTRAS MAQ. Y EQUIPO | K111: =+C111+E111+G111+I111 -> 0 | L111: =+D111+F111+H111+J111 -> 0
A112: 171 | B112: MANT. Y REPARACION DE EDIFICIOS | K112: =+C112+E112+G112+I112 -> 0 | L112: =+D112+F112+H112+J112 -> 0
A113: 174 | B113: MANT. Y REP. DE INSTALACIONES | K113: =+C113+E113+G113+I113 -> 0 | L113: =+D113+F113+H113+J113 -> 0
A114: 182 | B114: SERVICIOS MEDICO-SANITARIOS | K114: =+C114+E114+G114+I114 -> 0 | L114: =+D114+F114+H114+J114 -> 0
A115: 197 | B115: SERVICIOS DE VIGILANCIA | K115: =+C115+E115+G115+I115 -> 0 | L115: =+D115+F115+H115+J115 -> 0
A116: 199 | B116: OTROS SERVICIOS NO PERSONALES | K116: =+C116+E116+G116+I116 -> 0 | L116: =+D116+F116+H116+J116 -> 0
B117: SUMA GASTOS GENERALES | C117: =SUM(C106:C116) -> 0 | D117: =SUM(D106:D116) -> 0 | E117: =SUM(E106:E116) -> 0 | F117: =SUM(F106:F116) -> 0 | G117: =SUM(G106:G116) -> 0 | H117: =SUM(H106:H116) -> 0 | I117: =SUM(I106:I116) -> 0 | J117: =SUM(J106:J116) -> 0 | ... L117: =SUM(L106:L116) -> 0
B118: MATERIALES Y SUMINISTROS
A119: 211 | B119: ALIMENTOS PARA PERSONAS | K119: =+C119+E119+G119+I119 -> 0 | L119: =+D119+F119+H119+J119 -> 0
A120: 232 | B120: ACABADOS TEXTILES | K120: =+C120+E120+G120+I120 -> 0 | L120: =+D120+F120+H120+J120 -> 0
A121: 261 | B121: ELEMENTOS Y COMPUESTOS QUIMICOS | K121: =+C121+E121+G121+I121 -> 0 | L121: =+D121+F121+H121+J121 -> 0
A122: 262 | B122: COMBUSTIBLES Y LUBRICANTES | K122: =+C122+E122+G122+I122 -> 0 | L122: =+D122+F122+H122+J122 -> 0
A123: 266 | B123: PRODUCTOS MEDICINALES Y FARMACEUTICOS | K123: =+C123+E123+G123+I123 -> 0 | L123: =+D123+F123+H123+J123 -> 0
A124: 267 | B124: TINTES, PINTURAS Y COLORANTES | K124: =+C124+E124+G124+I124 -> 0 | L124: =+D124+F124+H124+J124 -> 0
...

Sheet MAYO ANEXO A CTE-5
B8: ÀREA FINANCIERA | I8: ANEXO DE CTE-5
A10: UNIDAD DE CIRUGIA CARDIOVASCULAR DE GUATEMALA
A11: 5a. AVENIDA 6-22 ZONA 11
A12: dgunicar@yahoo.es Tel. 24163000
A14: Programación mensual por tipo de gasto año 2018, Expresado en Quetzales primer cuatrimestre 2018
A15: No. | B15: CATEGORIA DE GASTO | C15: ENERO | E15: FEBRERO | G15: MARZO | I15: ABRIL
C16: PRESUPUESTO | D16: REAL | E16: PRESUPUESTO | F16: REAL | G16: PRESUPUESTO | H16: REAL | I16: PRESUPUESTO | J16: REAL
B17: RECURSO HUMANO | C17: 1764858.4 | D17: 1492317.4 | E17: 1764858.4 | F17: 1792563.6 | G17: 1764858.4 | H17: 1578007.9 | I17: 1764858.4 | J17: 1803793.6
B19: GASTOS DE FUNCIONAMIENTO | C19: =+C27+C43 -> 2818474.9 | D19: =+D27+D43 -> 0 | E19: =+E27+E43 -> 2818474.9 | F19: =+F27+F43 -> 67111.02 | G19: =+G27+G43 -> 2818474.9 | H19: =+H27+H43 -> 58543.64 | I19: =+I27+I43 -> 2818474.9 | J19: =+J27+J43 -> 3743927.3
B20: ENERGIA ELECTRICA | C20: 62500 | E20: 62500 | F20: 56112.02 | G20: 62500 | I20: 62500 | J20: 68083.01
B21: TELEFONIA | C21: 7500 | E21: 7500 | F21: 10999 | G21: 7500 | H21: 11011 | I21: 7500 | J21: 10992
B22: IMPRESIÓN, ENCUADERNACION Y REPRODUCCION | C22: 8133.97 | E22: 8133.97 | G22: 8133.97 | I22: 8133.97 | J22: 4358
B23: MANT. Y REP. EQUIPO MEDICO SANITARIO Y DE LAB. | C23: 33333.33 | E23: 33333.33 | G23: 33333.33 | I23: 33333.33 | J23: 45020
B24: SERVICIOS MEDICO-SANITARIOS | C24: 165141.75 | E24: 165141.75 | G24: 165141.75 | H24: 1000 | I24: 165141.75 | J24: 26842.86
B25: SERVICIOS DE VIGILANCIA | C25: 40000 | E25: 40000 | G25: 40000 | I25: 40000 | J25: 76240
B26: OTROS SERVICIOS NO PERSONALES | C26: 26305.03 | E26: 26305.03 | G26: 26305.03 | H26: 46532.64 | I26: 26305.03 | J26: 55063.68
B27: SUMA GASTOS GENERALES | C27: =SUM(C20:C26) -> 342914.08 | D27: =SUM(D20:D26) -> 0 | E27: =SUM(E20:E26) -> 342914.08 | F27: =SUM(F20:F26) -> 67111.02 | G27: =SUM(G20:G26) -> 342914.08 | H27: =SUM(H20:H26) -> 58543.64 | I27: =SUM(I20:I26) -> 342914.08 | J27: =SUM(J20:J26) -> 286599.55
B28: MATERIALES Y SUMINISTROS
B29: ALIMENTOS PARA PERSONAS | C29: 60936.45 | E29: 60936.45 | G29: 60936.45 | I29: 60936.45 | J29: 202940.25
B30: ACABADOS TEXTILES | C30: 600 | E30: 600 | G30: 600 | I30: 600
B31: PRODUCTOS DE PAPEL O CARTON | C31: 945.42 | E31: 945.42 | G31: 945.42 | I31: 945.42
B32: ELEMENTOS Y COMPUESTOS QUIMICOS | C32: 169652.57 | E32: 169652.57 | G32: 169652.57 | I32: 169652.57 | J32: 178282.05
B33: COMBUSTIBLES Y LUBRICANTES | C33: 912 | E33: 912 | G33: 912 | I33: 912
B34: PRODUCTOS MEDICINALES Y FARMACEUTICOS | C34: 427229.65 | E34: 427229.65 | G34: 427229.65 | I34: 427229.65 | J34: 1425199.8
B35: TINTES, PINTURAS Y COLORANTES | C35: 100 | E35: 100 | G35: 100 | I35: 100
B36: PRODUCTOS PLASTICOS, NYLON, VINIL Y PVC | C36: 13579.7 | E36: 13579.7 | G36: 13579.7 | I36: 13579.7 | J36: 75162.24
B37: OTROS PRODUCTOS METALICOS | C37: 310 | E37: 310 | G37: 310 | I37: 310
B38: UTILES DE LIMPIEZA Y PRODUCTOS SANITARIOS | C38: 10809.43 | E38: 10809.43 | G38: 10809.43 | I38: 10809.43 | J38: 14528.6
B39: UTILES MENORES MEDICO QUIRURGICOS Y DE LAB. | C39: 1780006.3 | E39: 1780006.3 | G39: 1780006.3 | I39: 1780006.3 | J39: 1545914.8
B40: UTILES, ACCESORIOS Y MATERIALES ELECTRICOS | C40: 2208.7 | E40: 2208.7 | G40: 2208.7 | I40: 2208.7 | J40: 15300
B41: ACCESORIOS Y REPUESTOS EN GENERAL | C41: 8105.1 | E41: 8105.1 | G41: 8105.1 | I41: 8105.1
B42: OTROS MATERIALES Y SUMINISTROS | C42: 165.5 | E42: 165.5 | G42: 165.5 | I42: 165.5
B43: TOTAL MATERIALES Y SUMINISTROS | C43: =SUM(C29:C42) -> 2475560.8 | D43: =SUM(D29:D42) -> 0 | E43: =SUM(E29:E42) -> 2475560.8 | F43: =SUM(F29:F42) -> 0 | G43: =SUM(G29:G42) -> 2475560.8 | H43: =SUM(H29:H42) -> 0 | I43: =SUM(I29:I42) -> 2475560.8 | J43: =SUM(J29:J42) -> 3457327.8
A46: Programación mensual por tipo de gasto año 2016, Expresado en Quetzales
A47: No. | B47: Categoría de Gasto | C47: Julio | E47: Agosto | G47: Septiembre
B48: Recurso Humano | C48: Pto. | D48: Real | E48: Pto. | F48: Real | G48: Pto. | H48: Real
B51: Gastos de Funcionamiento
B52: detallar cada gasto cargado
A60: TOTALES
A73: Programación mensual por tipo de gasto año 2018, Expresado en Quetzales segundo cuatrimestre 2018
A74: No. | B74: CATEGORIA DE GASTO | C74: MAYO | E74: JUNIO | G74: JULIO | I74: AGOSTO
C75: PRESUPUESTO | D75: REAL | E75: PRESUPUESTO | F75: REAL | G75: PRESUPUESTO | H75: REAL | I75: PRESUPUESTO | J75: REAL
B76: RECURSO HUMANO | C76: 1764858.4 | D76: 2281196.2 | E76: 1764858.4 | F76: 1896496.9
B78: GASTOS DE FUNCIONAMIENTO | C78: =+C86+C102 -> 2818474.9 | D78: =+D86+D102 -> 3820610.3 | E78: =+E86+E102 -> 2818474.9 | F78: =+F86+F102 -> 2361172.2 | G78: =+G86+G102 -> 0 | H78: =+H86+H102 -> 0 | I78: =+I86+I102 -> 0 | J78: =+J86+J102 -> 0
B79: ENERGIA ELECTRICA | C79: 62500 | D79: 138609.61 | E79: 62500
B80: TELEFONIA | C80: 7500 | D80: 9818.25 | E80: 7500 | F80: 9560.36
B81: IMPRESIÓN, ENCUADERNACION Y REPRODUCCION | C81: 8133.97 | E81: 8133.97 | F81: 39787
B82: MANT. Y REP. EQUIPO MEDICO SANITARIO Y DE LAB. | C82: 33333.33 | D82: 19161.8 | E82: 33333.33
B83: SERVICIOS MEDICO-SANITARIOS | C83: 165141.75 | D83: 4057.14 | E83: 165141.75 | F83: 184282.78
B84: SERVICIOS DE VIGILANCIA | C84: 40000 | D84: 38120 | E84: 40000 | F84: 38120
B85: OTROS SERVICIOS NO PERSONALES | C85: 26305.03 | D85: 48548.64 | E85: 26305.03 | F85: 44604
B86: SUMA GASTOS GENERALES | C86: =SUM(C79:C85) -> 342914.08 | D86: =SUM(D79:D85) -> 258315.44 | E86: =SUM(E79:E85) -> 342914.08 | F86: =SUM(F79:F85) -> 316354.14 | G86: =SUM(G79:G85) -> 0 | H86: =SUM(H79:H85) -> 0 | I86: =SUM(I79:I85) -> 0 | J86: =SUM(J79:J85) -> 0
B87: MATERIALES Y SUMINISTROS
B88: ALIMENTOS PARA PERSONAS | C88: 60936.45 | D88: 1023 | E88: 60936.45 | F88: 58023.7
B89: ACABADOS TEXTILES | C89: 600 | E89: 600
B90: PRODUCTOS DE PAPEL O CARTON | C90: 945.42 | E90: 945.42
B91: ELEMENTOS Y COMPUESTOS QUIMICOS | C91: 169652.57 | D91: 181188.84 | E91: 169652.57 | F91: 66957.58
B92: COMBUSTIBLES Y LUBRICANTES | C92: 912 | E92: 912
B93: PRODUCTOS MEDICINALES Y FARMACEUTICOS | C93: 427229.65 | D93: 535053.33 | E93: 427229.65 | F93: 261536.69
B94: TINTES, PINTURAS Y COLORANTES | C94: 100 | E94: 100
B95: PRODUCTOS PLASTICOS, NYLON, VINIL Y PVC | C95: 13579.7 | D95: 6224.76 | E95: 13579.7 | F95: 6630
B96: OTROS PRODUCTOS METALICOS | C96: 310 | D96: 3610 | E96: 310
B97: UTILES DE LIMPIEZA Y PRODUCTOS SANITARIOS | C97: 10809.43 | D97: 39404.76 | E97: 10809.43 | F97: 23463
B98: UTILES MENORES MEDICO QUIRURGICOS Y DE LAB. | C98: 1780006.3 | D98: 2752150.2 | E98: 1780006.3 | F98: 1617110.1
B99: UTILES, ACCESORIOS Y MATERIALES ELECTRICOS | C99: 2208.7 | E99: 2208.7 | F99: 11097
B100: ACCESORIOS Y REPUESTOS EN GENERAL | C100: 8105.1 | D100: 43640 | E100: 8105.1
B101: OTROS MATERIALES Y SUMINISTROS | C101: 165.5 | E101: 165.5
B102: TOTAL MATERIALES Y SUMINISTROS | C102: =SUM(C88:C101) -> 2475560.8 | D102: =SUM(D88:D101) -> 3562294.9 | E102: =SUM(E88:E101) -> 2475560.8 | F102: =SUM(F88:F101) -> 2044818 | G102: =SUM(G88:G101) -> 0 | H102: =SUM(H88:H101) -> 0 | I102: =SUM(I88:I101) -> 0 | J102: =SUM(J88:J101) -> 0
A123: Programación mensual por tipo de gasto año 2017, Expresado en Quetzales tercer cuatrimestre 2018
A124: No. | B124: CATEGORIA DE GASTO | C124: SEPTIEMBRE | E124: OCTUBRE | G124: NOVIEMBRE | I124: DICIEMBRE
C125: PRESUPUESTO | D125: REAL | E125: PRESUPUESTO | F125: REAL | G125: PRESUPUESTO | H125: REAL | I125: PRESUPUESTO | J125: REAL
B126: RECURSO HUMANO
B128: GASTOS DE FUNCIONAMIENTO | C128: =+C136+C152 -> 0 | D128: =+D136+D152 -> 0 | E128: =+E136+E152 -> 0 | F128: =+F136+F152 -> 0 | G128: =+G136+G152 -> 0 | H128: =+H136+H152 -> 0 | I128: =+I136+I152 -> 0 | J128: =+J136+J152 -> 0
B129: ENERGIA ELECTRICA
B130: TELEFONIA
B131: IMPRESIÓN, ENCUADERNACION Y REPRODUCCION
B132: MANT. Y REP. EQUIPO MEDICO SANITARIO Y DE LAB.
B133: SERVICIOS MEDICO-SANITARIOS
B134: SERVICIOS DE VIGILANCIA
B135: OTROS SERVICIOS NO PERSONALES
B136: SUMA GASTOS GENERALES | C136: =SUM(C129:C135) -> 0 | D136: =SUM(D129:D135) -> 0 | E136: =SUM(E129:E135) -> 0 | F136: =SUM(F129:F135) -> 0 | G136: =SUM(G129:G135) -> 0 | H136: =SUM(H129:H135) -> 0 | I136: =SUM(I129:I135) -> 0 | J136: =SUM(J129:J135) -> 0
B137: MATERIALES Y SUMINISTROS
B138: ALIMENTOS PARA PERSONAS
B139: AVABADOS TEXTILES
B140: PRODUCTOS DE PAPEL O CARTON
B141: ELEMENTOS Y COMPUESTOS QUIMICOS
B142: COMBUSTIBLES Y LUBRICANTES
B143: PRODUCTOS MEDICINALES Y FARMACEUTICOS
B144: TINTES, PINTURAS Y COLORANTES
B145: PRODUCTOS PLASTICOS, NYLON, VINIL Y PVC
B146: OTROS PRODUCTOS METALICOS
B147: UTILES DE LIMPIEZA Y PRODUCTOS SANITARIOS
B148: UTILES MENORES MEDICO QUIRURGICOS Y DE LAB.
... B151: OTROS MATERIALES Y SUMINISTROS
B152: TOTAL MATERIALES Y SUMINISTROS | C152: =SUM(C138:C151) -> 0 | D152: =SUM(D138:D151) -> 0 | E152: =SUM(E138:E151) -> 0 | F152: =SUM(F138:F151) -> 0 | G152: =SUM(G138:G151) -> 0 | H152: =SUM(H138:H151) -> 0 | I152: =SUM(I138:I151) -> 0 | J152: =SUM(J138:J151) -> 0
C177: PROGRAMACION POR TIPO DE GASTO AÑO 2022
C178: RESUMEN AL 31 DE MAYO 2022
C179: No. | D179: CATEGORIA DE GASTO | E179: TOTAL ANUAL
C180: OTROS PRODUCTOS METALICOS | E180: PRESUPUESTO | F180: COMPROMETIDO
D181: RECURSO HUMANO | E181: =+'MAYO CTE-5'!C177 -> 12074057 | F181: =+'MAYO CTE-5'!D177 -> 12009308
...

Sheet JUNIO ANEXO A CTE-5
B8: ÀREA FINANCIERA | I8: ANEXO DE CTE-5
A10: UNIDAD DE CIRUGIA CARDIOVASCULAR DE GUATEMALA
A11: 5a. AVENIDA 6-22 ZONA 11
A12: dgunicar@yahoo.es Tel. 24163000
A14: Programación mensual por tipo de gasto año 2018, Expresado en Quetzales primer cuatrimestre 2018
A15: No. | B15: CATEGORIA DE GASTO | C15: ENERO | E15: FEBRERO | G15: MARZO | I15: ABRIL
C16: PRESUPUESTO | D16: REAL | E16: PRESUPUESTO | F16: REAL | G16: PRESUPUESTO | H16: REAL | I16: PRESUPUESTO | J16: REAL
B17: RECURSO HUMANO | C17: 1764858.4 | D17: 1492317.4 | E17: 1764858.4 | F17: 1792563.6 | G17: 1764858.4 | H17: 1578007.9 | I17: 1764858.4 | J17: 1803793.6
B19: GASTOS DE FUNCIONAMIENTO | C19: =+C27+C43 -> 2818474.9 | D19: =+D27+D43 -> 0 | E19: =+E27+E43 -> 2818474.9 | F19: =+F27+F43 -> 67111.02 | G19: =+G27+G43 -> 2818474.9 | H19: =+H27+H43 -> 58543.64 | I19: =+I27+I43 -> 2818474.9 | J19: =+J27+J43 -> 3743927.3
B20: ENERGIA ELECTRICA | C20: 62500 | E20: 62500 | F20: 56112.02 | G20: 62500 | I20: 62500 | J20: 68083.01
B21: TELEFONIA | C21: 7500 | E21: 7500 | F21: 10999 | G21: 7500 | H21: 11011 | I21: 7500 | J21: 10992
B22: IMPRESIÓN, ENCUADERNACION Y REPRODUCCION | C22: 8133.97 | E22: 8133.97 | G22: 8133.97 | I22: 8133.97 | J22: 4358
B23: MANT. Y REP. EQUIPO MEDICO SANITARIO Y DE LAB. | C23: 33333.33 | E23: 33333.33 | G23: 33333.33 | I23: 33333.33 | J23: 45020
B24: SERVICIOS MEDICO-SANITARIOS | C24: 165141.75 | E24: 165141.75 | G24: 165141.75 | H24: 1000 | I24: 165141.75 | J24: 26842.86
B25: SERVICIOS DE VIGILANCIA | C25: 40000 | E25: 40000 | G25: 40000 | I25: 40000 | J25: 76240
B26: OTROS SERVICIOS NO PERSONALES | C26: 26305.03 | E26: 26305.03 | G26: 26305.03 | H26: 46532.64 | I26: 26305.03 | J26: 55063.68
B27: SUMA GASTOS GENERALES | C27: =SUM(C20:C26) -> 342914.08 | D27: =SUM(D20:D26) -> 0 | E27: =SUM(E20:E26) -> 342914.08 | F27: =SUM(F20:F26) -> 67111.02 | G27: =SUM(G20:G26) -> 342914.08 | H27: =SUM(H20:H26) -> 58543.64 | I27: =SUM(I20:I26) -> 342914.08 | J27: =SUM(J20:J26) -> 286599.55
B28: MATERIALES Y SUMINISTROS
B29: ALIMENTOS PARA PERSONAS | C29: 60936.45 | E29: 60936.45 | G29: 60936.45 | I29: 60936.45 | J29: 202940.25
B30: ACABADOS TEXTILES | C30: 600 | E30: 600 | G30: 600 | I30: 600
B31: PRODUCTOS DE PAPEL O CARTON | C31: 945.42 | E31: 945.42 | G31: 945.42 | I31: 945.42
B32: ELEMENTOS Y COMPUESTOS QUIMICOS | C32: 169652.57 | E32: 169652.57 | G32: 169652.57 | I32: 169652.57 | J32: 178282.05
B33: COMBUSTIBLES Y LUBRICANTES | C33: 912 | E33: 912 | G33: 912 | I33: 912
B34: PRODUCTOS MEDICINALES Y FARMACEUTICOS | C34: 427229.65 | E34: 427229.65 | G34: 427229.65 | I34: 427229.65 | J34: 1425199.8
B35: TINTES, PINTURAS Y COLORANTES | C35: 100 | E35: 100 | G35: 100 | I35: 100
B36: PRODUCTOS PLASTICOS, NYLON, VINIL Y PVC | C36: 13579.7 | E36: 13579.7 | G36: 13579.7 | I36: 13579.7 | J36: 75162.24
B37: OTROS PRODUCTOS METALICOS | C37: 310 | E37: 310 | G37: 310 | I37: 310
B38: UTILES DE LIMPIEZA Y PRODUCTOS SANITARIOS | C38: 10809.43 | E38: 10809.43 | G38: 10809.43 | I38: 10809.43 | J38: 14528.6
B39: UTILES MENORES MEDICO QUIRURGICOS Y DE LAB. | C39: 1780006.3 | E39: 1780006.3 | G39: 1780006.3 | I39: 1780006.3 | J39: 1545914.8
B40: UTILES, ACCESORIOS Y MATERIALES ELECTRICOS | C40: 2208.7 | E40: 2208.7 | G40: 2208.7 | I40: 2208.7 | J40: 15300
B41: ACCESORIOS Y REPUESTOS EN GENERAL | C41: 8105.1 | E41: 8105.1 | G41: 8105.1 | I41: 8105.1
B42: OTROS MATERIALES Y SUMINISTROS | C42: 165.5 | E42: 165.5 | G42: 165.5 | I42: 165.5
B43: TOTAL MATERIALES Y SUMINISTROS | C43: =SUM(C29:C42) -> 2475560.8 | D43: =SUM(D29:D42) -> 0 | E43: =SUM(E29:E42) -> 2475560.8 | F43: =SUM(F29:F42) -> 0 | G43: =SUM(G29:G42) -> 2475560.8 | H43: =SUM(H29:H42) -> 0 | I43: =SUM(I29:I42) -> 2475560.8 | J43: =SUM(J29:J42) -> 3457327.8
A46: Programación mensual por tipo de gasto año 2016, Expresado en Quetzales
A47: No. | B47: Categoría de Gasto | C47: Julio | E47: Agosto | G47: Septiembre
B48: Recurso Humano | C48: Pto. | D48: Real | E48: Pto. | F48: Real | G48: Pto. | H48: Real
B51: Gastos de Funcionamiento
B52: detallar cada gasto cargado
A60: TOTALES
A73: Programación mensual por tipo de gasto año 2018, Expresado en Quetzales segundo cuatrimestre 2018
A74: No. | B74: CATEGORIA DE GASTO | C74: MAYO | E74: JUNIO | G74: JULIO | I74: AGOSTO
C75: PRESUPUESTO | D75: REAL | E75: PRESUPUESTO | F75: REAL | G75: PRESUPUESTO | H75: REAL | I75: PRESUPUESTO | J75: REAL
B76: RECURSO HUMANO | C76: 1764858.4 | D76: 2281196.2 | E76: 1764858.4 | F76: 1896496.9
B78: GASTOS DE FUNCIONAMIENTO | C78: =+C86+C102 -> 2818474.9 | D78: =+D86+D102 -> 3820610.3 | E78: =+E86+E102 -> 2818474.9 | F78: =+F86+F102 -> 2361172.2 | G78: =+G86+G102 -> 0 | H78: =+H86+H102 -> 0 | I78: =+I86+I102 -> 0 | J78: =+J86+J102 -> 0
B79: ENERGIA ELECTRICA | C79: 62500 | D79: 138609.61 | E79: 62500
B80: TELEFONIA | C80: 7500 | D80: 9818.25 | E80: 7500 | F80: 9560.36
B81: IMPRESIÓN, ENCUADERNACION Y REPRODUCCION | C81: 8133.97 | E81: 8133.97 | F81: 39787
B82: MANT. Y REP. EQUIPO MEDICO SANITARIO Y DE LAB. | C82: 33333.33 | D82: 19161.8 | E82: 33333.33
B83: SERVICIOS MEDICO-SANITARIOS | C83: 165141.75 | D83: 4057.14 | E83: 165141.75 | F83: 184282.78
B84: SERVICIOS DE VIGILANCIA | C84: 40000 | D84: 38120 | E84: 40000 | F84: 38120
B85: OTROS SERVICIOS NO PERSONALES | C85: 26305.03 | D85: 48548.64 | E85: 26305.03 | F85: 44604
B86: SUMA GASTOS GENERALES | C86: =SUM(C79:C85) -> 342914.08 | D86: =SUM(D79:D85) -> 258315.44 | E86: =SUM(E79:E85) -> 342914.08 | F86: =SUM(F79:F85) -> 316354.14 | G86: =SUM(G79:G85) -> 0 | H86: =SUM(H79:H85) -> 0 | I86: =SUM(I79:I85) -> 0 | J86: =SUM(J79:J85) -> 0
B87: MATERIALES Y SUMINISTROS
B88: ALIMENTOS PARA PERSONAS | C88: 60936.45 | D88: 1023 | E88: 60936.45 | F88: 58023.7
B89: ACABADOS TEXTILES | C89: 600 | E89: 600
B90: PRODUCTOS DE PAPEL O CARTON | C90: 945.42 | E90: 945.42
B91: ELEMENTOS Y COMPUESTOS QUIMICOS | C91: 169652.57 | D91: 181188.84 | E91: 169652.57 | F91: 66957.58
B92: COMBUSTIBLES Y LUBRICANTES | C92: 912 | E92: 912
B93: PRODUCTOS MEDICINALES Y FARMACEUTICOS | C93: 427229.65 | D93: 535053.33 | E93: 427229.65 | F93: 261536.69
B94: TINTES, PINTURAS Y COLORANTES | C94: 100 | E94: 100
B95: PRODUCTOS PLASTICOS, NYLON, VINIL Y PVC | C95: 13579.7 | D95: 6224.76 | E95: 13579.7 | F95: 6630
B96: OTROS PRODUCTOS METALICOS | C96: 310 | D96: 3610 | E96: 310
B97: UTILES DE LIMPIEZA Y PRODUCTOS SANITARIOS | C97: 10809.43 | D97: 39404.76 | E97: 10809.43 | F97: 23463
B98: UTILES MENORES MEDICO QUIRURGICOS Y DE LAB. | C98: 1780006.3 | D98: 2752150.2 | E98: 1780006.3 | F98: 1617110.1
B99: UTILES, ACCESORIOS Y MATERIALES ELECTRICOS | C99: 2208.7 | E99: 2208.7 | F99: 11097
B100: ACCESORIOS Y REPUESTOS EN GENERAL | C100: 8105.1 | D100: 43640 | E100: 8105.1
B101: OTROS MATERIALES Y SUMINISTROS | C101: 165.5 | E101: 165.5
B102: TOTAL MATERIALES Y SUMINISTROS | C102: =SUM(C88:C101) -> 2475560.8 | D102: =SUM(D88:D101) -> 3562294.9 | E102: =SUM(E88:E101) -> 2475560.8 | F102: =SUM(F88:F101) -> 2044818 | G102: =SUM(G88:G101) -> 0 | H102: =SUM(H88:H101) -> 0 | I102: =SUM(I88:I101) -> 0 | J102: =SUM(J88:J101) -> 0
A123: Programación mensual por tipo de gasto año 2017, Expresado en Quetzales tercer cuatrimestre 2018
A124: No. | B124: CATEGORIA DE GASTO | C124: SEPTIEMBRE | E124: OCTUBRE | G124: NOVIEMBRE | I124: DICIEMBRE
C125: PRESUPUESTO | D125: REAL | E125: PRESUPUESTO | F125: REAL | G125: PRESUPUESTO | H125: REAL | I125: PRESUPUESTO | J125: REAL
B126: RECURSO HUMANO
B128: GASTOS DE FUNCIONAMIENTO | C128: =+C136+C152 -> 0 | D128: =+D136+D152 -> 0 | E128: =+E136+E152 -> 0 | F128: =+F136+F152 -> 0 | G128: =+G136+G152 -> 0 | H128: =+H136+H152 -> 0 | I128: =+I136+I152 -> 0 | J128: =+J136+J152 -> 0
B129: ENERGIA ELECTRICA
B130: TELEFONIA
B131: IMPRESIÓN, ENCUADERNACION Y REPRODUCCION
B132: MANT. Y REP. EQUIPO MEDICO SANITARIO Y DE LAB.
B133: SERVICIOS MEDICO-SANITARIOS
B134: SERVICIOS DE VIGILANCIA
B135: OTROS SERVICIOS NO PERSONALES
B136: SUMA GASTOS GENERALES | C136: =SUM(C129:C135) -> 0 | D136: =SUM(D129:D135) -> 0 | E136: =SUM(E129:E135) -> 0 | F136: =SUM(F129:F135) -> 0 | G136: =SUM(G129:G135) -> 0 | H136: =SUM(H129:H135) -> 0 | I136: =SUM(I129:I135) -> 0 | J136: =SUM(J129:J135) -> 0
B137: MATERIALES Y SUMINISTROS
B138: ALIMENTOS PARA PERSONAS
B139: AVABADOS TEXTILES
B140: PRODUCTOS DE PAPEL O CARTON
B141: ELEMENTOS Y COMPUESTOS QUIMICOS
B142: COMBUSTIBLES Y LUBRICANTES
B143: PRODUCTOS MEDICINALES Y FARMACEUTICOS
B144: TINTES, PINTURAS Y COLORANTES
B145: PRODUCTOS PLASTICOS, NYLON, VINIL Y PVC
B146: OTROS PRODUCTOS METALICOS
B147: UTILES DE LIMPIEZA Y PRODUCTOS SANITARIOS
B148: UTILES MENORES MEDICO QUIRURGICOS Y DE LAB.
... B151: OTROS MATERIALES Y SUMINISTROS
B152: TOTAL MATERIALES Y SUMINISTROS | C152: =SUM(C138:C151) -> 0 | D152: =SUM(D138:D151) -> 0 | E152: =SUM(E138:E151) -> 0 | F152: =SUM(F138:F151) -> 0 | G152: =SUM(G138:G151) -> 0 | H152: =SUM(H138:H151) -> 0 | I152: =SUM(I138:I151) -> 0 | J152: =SUM(J138:J151) -> 0
C177: PROGRAMACION POR TIPO DE GASTO AÑO 2022
C178: RESUMEN AL 30 DE JUNIO 2022
C179: No. | D179: CATEGORIA DE GASTO | E179: TOTAL ANUAL
E180: PRESUPUESTO | F180: COMPROMETIDO
D181: RECURSO HUMANO | E181: =+'JUNIO CTE-5'!C177 -> 14488868 | F181: =+'JUNIO CTE-5'!D177 -> 14417901
...

Sheet JULIO ANEXO A CTE-5
B8: ÀREA FINANCIERA | I8: ANEXO DE CTE-5
A10: UNIDAD DE CIRUGIA CARDIOVASCULAR DE GUATEMALA
A11: 5a. AVENIDA 6-22 ZONA 11
A12: dgunicar@yahoo.es Tel. 24163000
A14: Programación mensual por tipo de gasto año 2018, Expresado en Quetzales primer cuatrimestre 2018
A15: No. | B15: CATEGORIA DE GASTO | C15: ENERO | E15: FEBRERO | G15: MARZO | I15: ABRIL
C16: PRESUPUESTO | D16: REAL | E16: PRESUPUESTO | F16: REAL | G16: PRESUPUESTO | H16: REAL | I16: PRESUPUESTO | J16: REAL
B17: RECURSO HUMANO | C17: 1764858.4 | D17: 1492317.4 | E17: 1764858.4 | F17: 1792563.6 | G17: 1764858.4 | H17: 1578007.9 | I17: 1764858.4 | J17: 1803793.6
B19: GASTOS DE FUNCIONAMIENTO | C19: =+C27+C43 -> 2818474.9 | D19: =+D27+D43 -> 0 | E19: =+E27+E43 -> 2818474.9 | F19: =+F27+F43 -> 67111.02 | G19: =+G27+G43 -> 2818474.9 | H19: =+H27+H43 -> 58543.64 | I19: =+I27+I43 -> 2818474.9 | J19: =+J27+J43 -> 3743927.3
B20: ENERGIA ELECTRICA | C20: 62500 | E20: 62500 | F20: 56112.02 | G20: 62500 | I20: 62500 | J20: 68083.01
B21: TELEFONIA | C21: 7500 | E21: 7500 | F21: 10999 | G21: 7500 | H21: 11011 | I21: 7500 | J21: 10992
B22: IMPRESIÓN, ENCUADERNACION Y REPRODUCCION | C22: 8133.97 | E22: 8133.97 | G22: 8133.97 | I22: 8133.97 | J22: 4358
B23: MANT. Y REP. EQUIPO MEDICO SANITARIO Y DE LAB. | C23: 33333.33 | E23: 33333.33 | G23: 33333.33 | I23: 33333.33 | J23: 45020
B24: SERVICIOS MEDICO-SANITARIOS | C24: 165141.75 | E24: 165141.75 | G24: 165141.75 | H24: 1000 | I24: 165141.75 | J24: 26842.86
B25: SERVICIOS DE VIGILANCIA | C25: 40000 | E25: 40000 | G25: 40000 | I25: 40000 | J25: 76240
B26: OTROS SERVICIOS NO PERSONALES | C26: 26305.03 | E26: 26305.03 | G26: 26305.03 | H26: 46532.64 | I26: 26305.03 | J26: 55063.68
B27: SUMA GASTOS GENERALES | C27: =SUM(C20:C26) -> 342914.08 | D27: =SUM(D20:D26) -> 0 | E27: =SUM(E20:E26) -> 342914.08 | F27: =SUM(F20:F26) -> 67111.02 | G27: =SUM(G20:G26) -> 342914.08 | H27: =SUM(H20:H26) -> 58543.64 | I27: =SUM(I20:I26) -> 342914.08 | J27: =SUM(J20:J26) -> 286599.55
B28: MATERIALES Y SUMINISTROS
B29: ALIMENTOS PARA PERSONAS | C29: 60936.45 | E29: 60936.45 | G29: 60936.45 | I29: 60936.45 | J29: 202940.25
B30: ACABADOS TEXTILES | C30: 600 | E30: 600 | G30: 600 | I30: 600
B31: PRODUCTOS DE PAPEL O CARTON | C31: 945.42 | E31: 945.42 | G31: 945.42 | I31: 945.42
B32: ELEMENTOS Y COMPUESTOS QUIMICOS | C32: 169652.57 | E32: 169652.57 | G32: 169652.57 | I32: 169652.57 | J32: 178282.05
B33: COMBUSTIBLES Y LUBRICANTES | C33: 912 | E33: 912 | G33: 912 | I33: 912
B34: PRODUCTOS MEDICINALES Y FARMACEUTICOS | C34: 427229.65 | E34: 427229.65 | G34: 427229.65 | I34: 427229.65 | J34: 1425199.8
B35: TINTES, PINTURAS Y COLORANTES | C35: 100 | E35: 100 | G35: 100 | I35: 100
B36: PRODUCTOS PLASTICOS, NYLON, VINIL Y PVC | C36: 13579.7 | E36: 13579.7 | G36: 13579.7 | I36: 13579.7 | J36: 75162.24
B37: OTROS PRODUCTOS METALICOS | C37: 310 | E37: 310 | G37: 310 | I37: 310
B38: UTILES DE LIMPIEZA Y PRODUCTOS SANITARIOS | C38: 10809.43 | E38: 10809.43 | G38: 10809.43 | I38: 10809.43 | J38: 14528.6
B39: UTILES MENORES MEDICO QUIRURGICOS Y DE LAB. | C39: 1780006.3 | E39: 1780006.3 | G39: 1780006.3 | I39: 1780006.3 | J39: 1545914.8
B40: UTILES, ACCESORIOS Y MATERIALES ELECTRICOS | C40: 2208.7 | E40: 2208.7 | G40: 2208.7 | I40: 2208.7 | J40: 15300
B41: ACCESORIOS Y REPUESTOS EN GENERAL | C41: 8105.1 | E41: 8105.1 | G41: 8105.1 | I41: 8105.1
B42: OTROS MATERIALES Y SUMINISTROS | C42: 165.5 | E42: 165.5 | G42: 165.5 | I42: 165.5
B43: TOTAL MATERIALES Y SUMINISTROS | C43: =SUM(C29:C42) -> 2475560.8 | D43: =SUM(D29:D42) -> 0 | E43: =SUM(E29:E42) -> 2475560.8 | F43: =SUM(F29:F42) -> 0 | G43: =SUM(G29:G42) -> 2475560.8 | H43: =SUM(H29:H42) -> 0 | I43: =SUM(I29:I42) -> 2475560.8 | J43: =SUM(J29:J42) -> 3457327.8
A46: Programación mensual por tipo de gasto año 2016, Expresado en Quetzales
A47: No. | B47: Categoría de Gasto | C47: Julio | E47: Agosto | G47: Septiembre
B48: Recurso Humano | C48: Pto. | D48: Real | E48: Pto. | F48: Real | G48: Pto. | H48: Real
B51: Gastos de Funcionamiento
B52: detallar cada gasto cargado
A60: TOTALES
A73: Programación mensual por tipo de gasto año 2018, Expresado en Quetzales segundo cuatrimestre 2018
A74: No. | B74: CATEGORIA DE GASTO | C74: MAYO | E74: JUNIO | G74: JULIO | I74: AGOSTO
C75: PRESUPUESTO | D75: REAL | E75: PRESUPUESTO | F75: REAL | G75: PRESUPUESTO | H75: REAL | I75: PRESUPUESTO | J75: REAL
B76: RECURSO HUMANO | C76: 1764858.4 | D76: 2281196.2 | E76: 1764858.4 | F76: 1896496.9
B78: GASTOS DE FUNCIONAMIENTO | C78: =+C86+C102 -> 2818474.9 | D78: =+D86+D102 -> 3820610.3 | E78: =+E86+E102 -> 2818474.9 | F78: =+F86+F102 -> 2361172.2 | G78: =+G86+G102 -> 0 | H78: =+H86+H102 -> 0 | I78: =+I86+I102 -> 0 | J78: =+J86+J102 -> 0
B79: ENERGIA ELECTRICA | C79: 62500 | D79: 138609.61 | E79: 62500
B80: TELEFONIA | C80: 7500 | D80: 9818.25 | E80: 7500 | F80: 9560.36
B81: IMPRESIÓN, ENCUADERNACION Y REPRODUCCION | C81: 8133.97 | E81: 8133.97 | F81: 39787
B82: MANT. Y REP. EQUIPO MEDICO SANITARIO Y DE LAB. | C82: 33333.33 | D82: 19161.8 | E82: 33333.33
B83: SERVICIOS MEDICO-SANITARIOS | C83: 165141.75 | D83: 4057.14 | E83: 165141.75 | F83: 184282.78
B84: SERVICIOS DE VIGILANCIA | C84: 40000 | D84: 38120 | E84: 40000 | F84: 38120
B85: OTROS SERVICIOS NO PERSONALES | C85: 26305.03 | D85: 48548.64 | E85: 26305.03 | F85: 44604
B86: SUMA GASTOS GENERALES | C86: =SUM(C79:C85) -> 342914.08 | D86: =SUM(D79:D85) -> 258315.44 | E86: =SUM(E79:E85) -> 342914.08 | F86: =SUM(F79:F85) -> 316354.14 | G86: =SUM(G79:G85) -> 0 | H86: =SUM(H79:H85) -> 0 | I86: =SUM(I79:I85) -> 0 | J86: =SUM(J79:J85) -> 0
B87: MATERIALES Y SUMINISTROS
B88: ALIMENTOS PARA PERSONAS | C88: 60936.45 | D88: 1023 | E88: 60936.45 | F88: 58023.7
B89: ACABADOS TEXTILES | C89: 600 | E89: 600
B90: PRODUCTOS DE PAPEL O CARTON | C90: 945.42 | E90: 945.42
B91: ELEMENTOS Y COMPUESTOS QUIMICOS | C91: 169652.57 | D91: 181188.84 | E91: 169652.57 | F91: 66957.58
B92: COMBUSTIBLES Y LUBRICANTES | C92: 912 | E92: 912
B93: PRODUCTOS MEDICINALES Y FARMACEUTICOS | C93: 427229.65 | D93: 535053.33 | E93: 427229.65 | F93: 261536.69
B94: TINTES, PINTURAS Y COLORANTES | C94: 100 | E94: 100
B95: PRODUCTOS PLASTICOS, NYLON, VINIL Y PVC | C95: 13579.7 | D95: 6224.76 | E95: 13579.7 | F95: 6630
B96: OTROS PRODUCTOS METALICOS | C96: 310 | D96: 3610 | E96: 310
B97: UTILES DE LIMPIEZA Y PRODUCTOS SANITARIOS | C97: 10809.43 | D97: 39404.76 | E97: 10809.43 | F97: 23463
B98: UTILES MENORES MEDICO QUIRURGICOS Y DE LAB. | C98: 1780006.3 | D98: 2752150.2 | E98: 1780006.3 | F98: 1617110.1
B99: UTILES, ACCESORIOS Y MATERIALES ELECTRICOS | C99: 2208.7 | E99: 2208.7 | F99: 11097
B100: ACCESORIOS Y REPUESTOS EN GENERAL | C100: 8105.1 | D100: 43640 | E100: 8105.1
B101: OTROS MATERIALES Y SUMINISTROS | C101: 165.5 | E101: 165.5
B102: TOTAL MATERIALES Y SUMINISTROS | C102: =SUM(C88:C101) -> 2475560.8 | D102: =SUM(D88:D101) -> 3562294.9 | E102: =SUM(E88:E101) -> 2475560.8 | F102: =SUM(F88:F101) -> 2044818 | G102: =SUM(G88:G101) -> 0 | H102: =SUM(H88:H101) -> 0 | I102: =SUM(I88:I101) -> 0 | J102: =SUM(J88:J101) -> 0
A123: Programación mensual por tipo de gasto año 2017, Expresado en Quetzales tercer cuatrimestre 2018
A124: No. | B124: CATEGORIA DE GASTO | C124: SEPTIEMBRE | E124: OCTUBRE | G124: NOVIEMBRE | I124: DICIEMBRE
C125: PRESUPUESTO | D125: REAL | E125: PRESUPUESTO | F125: REAL | G125: PRESUPUESTO | H125: REAL | I125: PRESUPUESTO | J125: REAL
B126: RECURSO HUMANO
B128: GASTOS DE FUNCIONAMIENTO | C128: =+C136+C152 -> 0 | D128: =+D136+D152 -> 0 | E128: =+E136+E152 -> 0 | F128: =+F136+F152 -> 0 | G128: =+G136+G152 -> 0 | H128: =+H136+H152 -> 0 | I128: =+I136+I152 -> 0 | J128: =+J136+J152 -> 0
B129: ENERGIA ELECTRICA
B130: TELEFONIA
B131: IMPRESIÓN, ENCUADERNACION Y REPRODUCCION
B132: MANT. Y REP. EQUIPO MEDICO SANITARIO Y DE LAB.
B133: SERVICIOS MEDICO-SANITARIOS
B134: SERVICIOS DE VIGILANCIA
B135: OTROS SERVICIOS NO PERSONALES
B136: SUMA GASTOS GENERALES | C136: =SUM(C129:C135) -> 0 | D136: =SUM(D129:D135) -> 0 | E136: =SUM(E129:E135) -> 0 | F136: =SUM(F129:F135) -> 0 | G136: =SUM(G129:G135) -> 0 | H136: =SUM(H129:H135) -> 0 | I136: =SUM(I129:I135) -> 0 | J136: =SUM(J129:J135) -> 0
B137: MATERIALES Y SUMINISTROS
B138: ALIMENTOS PARA PERSONAS
B139: AVABADOS TEXTILES
B140: PRODUCTOS DE PAPEL O CARTON
B141: ELEMENTOS Y COMPUESTOS QUIMICOS
B142: COMBUSTIBLES Y LUBRICANTES
B143: PRODUCTOS MEDICINALES Y FARMACEUTICOS
B144: TINTES, PINTURAS Y COLORANTES
B145: PRODUCTOS PLASTICOS, NYLON, VINIL Y PVC
B146: OTROS PRODUCTOS METALICOS
B147: UTILES DE LIMPIEZA Y PRODUCTOS SANITARIOS
B148: UTILES MENORES MEDICO QUIRURGICOS Y DE LAB.
... B151: OTROS MATERIALES Y SUMINISTROS
B152: TOTAL MATERIALES Y SUMINISTROS | C152: =SUM(C138:C151) -> 0 | D152: =SUM(D138:D151) -> 0 | E152: =SUM(E138:E151) -> 0 | F152: =SUM(F138:F151) -> 0 | G152: =SUM(G138:G151) -> 0 | H152: =SUM(H138:H151) -> 0 | I152: =SUM(I138:I151) -> 0 | J152: =SUM(J138:J151) -> 0
C177: PROGRAMACION POR TIPO DE GASTO AÑO 2022
C178: RESUMEN AL 31 DE JULIO 2022
C179: No. | D179: CATEGORIA DE GASTO | E179: TOTAL ANUAL
E180: PRESUPUESTO | F180: COMPROMETIDO
D181: RECURSO HUMANO | E181: =+'JULIO CTE-5'!C177 -> 16903679 | F181: =+'JULIO CTE-5'!D177 -> 16834778
...

Sheet AGOSTO ANEXO A CTE-5
B8: ÀREA FINANCIERA | I8: ANEXO DE CTE-5
A10: UNIDAD DE CIRUGIA CARDIOVASCULAR DE GUATEMALA
A11: 5a. AVENIDA 6-22 ZONA 11
A12: dgunicar@yahoo.es Tel. 24163000
A14: Programación mensual por tipo de gasto año 2018, Expresado en Quetzales primer cuatrimestre 2018
A15: No. | B15: CATEGORIA DE GASTO | C15: ENERO | E15: FEBRERO | G15: MARZO | I15: ABRIL
C16: PRESUPUESTO | D16: REAL | E16: PRESUPUESTO | F16: REAL | G16: PRESUPUESTO | H16: REAL | I16: PRESUPUESTO | J16: REAL
B17: RECURSO HUMANO | C17: 1764858.4 | D17: 1492317.4 | E17: 1764858.4 | F17: 1792563.6 | G17: 1764858.4 | H17: 1578007.9 | I17: 1764858.4 | J17: 1803793.6
B19: GASTOS DE FUNCIONAMIENTO | C19: =+C27+C43 -> 2818474.9 | D19: =+D27+D43 -> 0 | E19: =+E27+E43 -> 2818474.9 | F19: =+F27+F43 -> 67111.02 | G19: =+G27+G43 -> 2818474.9 | H19: =+H27+H43 -> 58543.64 | I19: =+I27+I43 -> 2818474.9 | J19: =+J27+J43 -> 3743927.3
B20: ENERGIA ELECTRICA | C20: 62500 | E20: 62500 | F20: 56112.02 | G20: 62500 | I20: 62500 | J20: 68083.01
B21: TELEFONIA | C21: 7500 | E21: 7500 | F21: 10999 | G21: 7500 | H21: 11011 | I21: 7500 | J21: 10992
B22: IMPRESIÓN, ENCUADERNACION Y REPRODUCCION | C22: 8133.97 | E22: 8133.97 | G22: 8133.97 | I22: 8133.97 | J22: 4358
B23: MANT. Y REP. EQUIPO MEDICO SANITARIO Y DE LAB. | C23: 33333.33 | E23: 33333.33 | G23: 33333.33 | I23: 33333.33 | J23: 45020
B24: SERVICIOS MEDICO-SANITARIOS | C24: 165141.75 | E24: 165141.75 | G24: 165141.75 | H24: 1000 | I24: 165141.75 | J24: 26842.86
B25: SERVICIOS DE VIGILANCIA | C25: 40000 | E25: 40000 | G25: 40000 | I25: 40000 | J25: 76240
B26: OTROS SERVICIOS NO PERSONALES | C26: 26305.03 | E26: 26305.03 | G26: 26305.03 | H26: 46532.64 | I26: 26305.03 | J26: 55063.68
B27: SUMA GASTOS GENERALES | C27: =SUM(C20:C26) -> 342914.08 | D27: =SUM(D20:D26) -> 0 | E27: =SUM(E20:E26) -> 342914.08 | F27: =SUM(F20:F26) -> 67111.02 | G27: =SUM(G20:G26) -> 342914.08 | H27: =SUM(H20:H26) -> 58543.64 | I27: =SUM(I20:I26) -> 342914.08 | J27: =SUM(J20:J26) -> 286599.55
B28: MATERIALES Y SUMINISTROS
B29: ALIMENTOS PARA PERSONAS | C29: 60936.45 | E29: 60936.45 | G29: 60936.45 | I29: 60936.45 | J29: 202940.25
B30: ACABADOS TEXTILES | C30: 600 | E30: 600 | G30: 600 | I30: 600
B31: PRODUCTOS DE PAPEL O CARTON | C31: 945.42 | E31: 945.42 | G31: 945.42 | I31: 945.42
B32: ELEMENTOS Y COMPUESTOS QUIMICOS | C32: 169652.57 | E32: 169652.57 | G32: 169652.57 | I32: 169652.57 | J32: 178282.05
B33: COMBUSTIBLES Y LUBRICANTES | C33: 912 | E33: 912 | G33: 912 | I33: 912
B34: PRODUCTOS MEDICINALES Y FARMACEUTICOS | C34: 427229.65 | E34: 427229.65 | G34: 427229.65 | I34: 427229.65 | J34: 1425199.8
B35: TINTES, PINTURAS Y COLORANTES | C35: 100 | E35: 100 | G35: 100 | I35: 100
B36: PRODUCTOS PLASTICOS, NYLON, VINIL Y PVC | C36: 13579.7 | E36: 13579.7 | G36: 13579.7 | I36: 13579.7 | J36: 75162.24
B37: OTROS PRODUCTOS METALICOS | C37: 310 | E37: 310 | G37: 310 | I37: 310
B38: UTILES DE LIMPIEZA Y PRODUCTOS SANITARIOS | C38: 10809.43 | E38: 10809.43 | G38: 10809.43 | I38: 10809.43 | J38: 14528.6
B39: UTILES MENORES MEDICO QUIRURGICOS Y DE LAB. | C39: 1780006.3 | E39: 1780006.3 | G39: 1780006.3 | I39: 1780006.3 | J39: 1545914.8
B40: UTILES, ACCESORIOS Y MATERIALES ELECTRICOS | C40: 2208.7 | E40: 2208.7 | G40: 2208.7 | I40: 2208.7 | J40: 15300
B41: ACCESORIOS Y REPUESTOS EN GENERAL | C41: 8105.1 | E41: 8105.1 | G41: 8105.1 | I41: 8105.1
B42: OTROS MATERIALES Y SUMINISTROS | C42: 165.5 | E42: 165.5 | G42: 165.5 | I42: 165.5
B43: TOTAL MATERIALES Y SUMINISTROS | C43: =SUM(C29:C42) -> 2475560.8 | D43: =SUM(D29:D42) -> 0 | E43: =SUM(E29:E42) -> 2475560.8 | F43: =SUM(F29:F42) -> 0 | G43: =SUM(G29:G42) -> 2475560.8 | H43: =SUM(H29:H42) -> 0 | I43: =SUM(I29:I42) -> 2475560.8 | J43: =SUM(J29:J42) -> 3457327.8
A46: Programación mensual por tipo de gasto año 2016, Expresado en Quetzales
A47: No. | B47: Categoría de Gasto | C47: Julio | E47: Agosto | G47: Septiembre
B48: Recurso Humano | C48: Pto. | D48: Real | E48: Pto. | F48: Real | G48: Pto. | H48: Real
B51: Gastos de Funcionamiento
B52: detallar cada gasto cargado
A60: TOTALES
A73: Programación mensual por tipo de gasto año 2018, Expresado en Quetzales segundo cuatrimestre 2018
A74: No. | B74: CATEGORIA DE GASTO | C74: MAYO | E74: JUNIO | G74: JULIO | I74: AGOSTO
C75: PRESUPUESTO | D75: REAL | E75: PRESUPUESTO | F75: REAL | G75: PRESUPUESTO | H75: REAL | I75: PRESUPUESTO | J75: REAL
B76: RECURSO HUMANO | C76: 1764858.4 | D76: 2281196.2 | E76: 1764858.4 | F76: 1896496.9
B78: GASTOS DE FUNCIONAMIENTO | C78: =+C86+C102 -> 2818474.9 | D78: =+D86+D102 -> 3820610.3 | E78: =+E86+E102 -> 2818474.9 | F78: =+F86+F102 -> 2361172.2 | G78: =+G86+G102 -> 0 | H78: =+H86+H102 -> 0 | I78: =+I86+I102 -> 0 | J78: =+J86+J102 -> 0
B79: ENERGIA ELECTRICA | C79: 62500 | D79: 138609.61 | E79: 62500
B80: TELEFONIA | C80: 7500 | D80: 9818.25 | E80: 7500 | F80: 9560.36
B81: IMPRESIÓN, ENCUADERNACION Y REPRODUCCION | C81: 8133.97 | E81: 8133.97 | F81: 39787
B82: MANT. Y REP. EQUIPO MEDICO SANITARIO Y DE LAB. | C82: 33333.33 | D82: 19161.8 | E82: 33333.33
B83: SERVICIOS MEDICO-SANITARIOS | C83: 165141.75 | D83: 4057.14 | E83: 165141.75 | F83: 184282.78
B84: SERVICIOS DE VIGILANCIA | C84: 40000 | D84: 38120 | E84: 40000 | F84: 38120
B85: OTROS SERVICIOS NO PERSONALES | C85: 26305.03 | D85: 48548.64 | E85: 26305.03 | F85: 44604
B86: SUMA GASTOS GENERALES | C86: =SUM(C79:C85) -> 342914.08 | D86: =SUM(D79:D85) -> 258315.44 | E86: =SUM(E79:E85) -> 342914.08 | F86: =SUM(F79:F85) -> 316354.14 | G86: =SUM(G79:G85) -> 0 | H86: =SUM(H79:H85) -> 0 | I86: =SUM(I79:I85) -> 0 | J86: =SUM(J79:J85) -> 0
B87: MATERIALES Y SUMINISTROS
B88: ALIMENTOS PARA PERSONAS | C88: 60936.45 | D88: 1023 | E88: 60936.45 | F88: 58023.7
B89: ACABADOS TEXTILES | C89: 600 | E89: 600
B90: PRODUCTOS DE PAPEL O CARTON | C90: 945.42 | E90: 945.42
B91: ELEMENTOS Y COMPUESTOS QUIMICOS | C91: 169652.57 | D91: 181188.84 | E91: 169652.57 | F91: 66957.58
B92: COMBUSTIBLES Y LUBRICANTES | C92: 912 | E92: 912
B93: PRODUCTOS MEDICINALES Y FARMACEUTICOS | C93: 427229.65 | D93: 535053.33 | E93: 427229.65 | F93: 261536.69
B94: TINTES, PINTURAS Y COLORANTES | C94: 100 | E94: 100
B95: PRODUCTOS PLASTICOS, NYLON, VINIL Y PVC | C95: 13579.7 | D95: 6224.76 | E95: 13579.7 | F95: 6630
B96: OTROS PRODUCTOS METALICOS | C96: 310 | D96: 3610 | E96: 310
B97: UTILES DE LIMPIEZA Y PRODUCTOS SANITARIOS | C97: 10809.43 | D97: 39404.76 | E97: 10809.43 | F97: 23463
B98: UTILES MENORES MEDICO QUIRURGICOS Y DE LAB. | C98: 1780006.3 | D98: 2752150.2 | E98: 1780006.3 | F98: 1617110.1
B99: UTILES, ACCESORIOS Y MATERIALES ELECTRICOS | C99: 2208.7 | E99: 2208.7 | F99: 11097
B100: ACCESORIOS Y REPUESTOS EN GENERAL | C100: 8105.1 | D100: 43640 | E100: 8105.1
B101: OTROS MATERIALES Y SUMINISTROS | C101: 165.5 | E101: 165.5
B102: TOTAL MATERIALES Y SUMINISTROS | C102: =SUM(C88:C101) -> 2475560.8 | D102: =SUM(D88:D101) -> 3562294.9 | E102: =SUM(E88:E101) -> 2475560.8 | F102: =SUM(F88:F101) -> 2044818 | G102: =SUM(G88:G101) -> 0 | H102: =SUM(H88:H101) -> 0 | I102: =SUM(I88:I101) -> 0 | J102: =SUM(J88:J101) -> 0
A123: Programación mensual por tipo de gasto año 2017, Expresado en Quetzales tercer cuatrimestre 2018
A124: No. | B124: CATEGORIA DE GASTO | C124: SEPTIEMBRE | E124: OCTUBRE | G124: NOVIEMBRE | I124: DICIEMBRE
C125: PRESUPUESTO | D125: REAL | E125: PRESUPUESTO | F125: REAL | G125: PRESUPUESTO | H125: REAL | I125: PRESUPUESTO | J125: REAL
B126: RECURSO HUMANO
B128: GASTOS DE FUNCIONAMIENTO | C128: =+C136+C152 -> 0 | D128: =+D136+D152 -> 0 | E128: =+E136+E152 -> 0 | F128: =+F136+F152 -> 0 | G128: =+G136+G152 -> 0 | H128: =+H136+H152 -> 0 | I128: =+I136+I152 -> 0 | J128: =+J136+J152 -> 0
B129: ENERGIA ELECTRICA
B130: TELEFONIA
B131: IMPRESIÓN, ENCUADERNACION Y REPRODUCCION
B132: MANT. Y REP. EQUIPO MEDICO SANITARIO Y DE LAB.
B133: SERVICIOS MEDICO-SANITARIOS
B134: SERVICIOS DE VIGILANCIA
B135: OTROS SERVICIOS NO PERSONALES
B136: SUMA GASTOS GENERALES | C136: =SUM(C129:C135) -> 0 | D136: =SUM(D129:D135) -> 0 | E136: =SUM(E129:E135) -> 0 | F136: =SUM(F129:F135) -> 0 | G136: =SUM(G129:G135) -> 0 | H136: =SUM(H129:H135) -> 0 | I136: =SUM(I129:I135) -> 0 | J136: =SUM(J129:J135) -> 0
B137: MATERIALES Y SUMINISTROS
B138: ALIMENTOS PARA PERSONAS
B139: AVABADOS TEXTILES
B140: PRODUCTOS DE PAPEL O CARTON
B141: ELEMENTOS Y COMPUESTOS QUIMICOS
B142: COMBUSTIBLES Y LUBRICANTES
B143: PRODUCTOS MEDICINALES Y FARMACEUTICOS
B144: TINTES, PINTURAS Y COLORANTES
B145: PRODUCTOS PLASTICOS, NYLON, VINIL Y PVC
B146: OTROS PRODUCTOS METALICOS
B147: UTILES DE LIMPIEZA Y PRODUCTOS SANITARIOS
B148: UTILES MENORES MEDICO QUIRURGICOS Y DE LAB.
... B151: OTROS MATERIALES Y SUMINISTROS
B152: TOTAL MATERIALES Y SUMINISTROS | C152: =SUM(C138:C151) -> 0 | D152: =SUM(D138:D151) -> 0 | E152: =SUM(E138:E151) -> 0 | F152: =SUM(F138:F151) -> 0 | G152: =SUM(G138:G151) -> 0 | H152: =SUM(H138:H151) -> 0 | I152: =SUM(I138:I151) -> 0 | J152: =SUM(J138:J151) -> 0
C177: PROGRAMACION POR TIPO DE GASTO AÑO 2022
C178: RESUMEN AL 31 DE AGOSTO 2022
C179: No. | D179: CATEGORIA DE GASTO | E179: TOTAL ANUAL
E180: PRESUPUESTO | F180: COMPROMETIDO
D181: RECURSO HUMANO | E181: =+'AGOSTO CTE-5'!C177 -> 19318491 | F181: =+'AGOSTO CTE-5'!D177 -> 19261141
...

Sheet MAYO CTE-7
B7: ÀREA FINANCIERA | J7: CTE-7
A9: UNIDAD DE CIRUGIA CARDIOVASCULAR DE GUATEMALA
A10: 5a. AVENIDA 6-22 ZONA 11
A11: dgunicar@yahoo.es Tel. 24163000
A13: Ejecucion de avance fìnanciero programado-ejecutado por categoria del gasto primer cuatrimestre 2022
A15: Categoría del gasto | B15: Enero | D15: Febrero | F15: Marzo | H15: Abril | J15: Totales
B16: Presupuestado | C16: Ejecutado | D16: Presupuestado | E16: Ejecutado | F16: Presupuestado | G16: Ejecutado | H16: Presupuestado | I16: Ejecutado | J16: Presupuestado | K16: Ejecutado
A17: Recurso Humano | B17: 2414811.3 | C17: 2367268.7 | D17: 2414811.3 | E17: 2396683.9 | F17: 2414811.3 | G17: 2410583.5 | H17: 2414811.3 | I17: 2417060.8 | J17: =+B17+D17+F17+H17 -> 9659245.3 | K17: =+C17+E17+G17+I17 -> 9591596.9
A18: Gastos de Funcionamiento | B18: 2612557.9 | C18: 0 | D18: 2689873.5 | E18: 16502.89 | F18: 2771983.2 | G18: 132643.57 | H18: 2771983.2 | I18: 748869.8 | J18: =+B18+D18+F18+H18 -> 10846398 | K18: =+C18+E18+G18+I18 -> 898016.26
A19: Propiedad planta y equipo | J19: =+B19+D19+F19+H19 -> 0 | K19: =+C19+E19+G19+I19 -> 0
A20: TOTAL | B20: =SUM(B17:B19) -> 5027369.2 | C20: =SUM(C17:C19) -> 2367268.7 | D20: =SUM(D17:D19) -> 5104684.8 | E20: =SUM(E17:E19) -> 2413186.8 | F20: =SUM(F17:F19) -> 5186794.6 | G20: =SUM(G17:G19) -> 2543227.1 | H20: =SUM(H17:H19) -> 5186794.6 | I20: =SUM(I17:I19) -> 3165930.6 | ... K20: =SUM(K17:K19) -> 10489613
A22: Ejecucion de avance fìnanciero programado-ejecutado por categoria del gasto segundo cuatrimestre 2022
A24: Categoría del gasto | B24: Mayo | D24: Junio | F24: Julio | H24: Agosto | J24: Totales | L24: Total acumulado
B25: Presupuestado | C25: Ejecutado | D25: Presupuestado | E25: Ejecutado | F25: Presupuestado | G25: Ejecutado | H25: Presupuestado | I25: Ejecutado | J25: Presupuestado | K25: Ejecutado | L25: Presupuestado | M25: Ejecutado
A26: Recurso Humano | B26: 2414811.3 | C26: 2417711.1 | J26: =+B26+D26+F26+H26 -> 2414811.3 | K26: =+C26+E26+G26+I26 -> 2417711.1
A27: Gastos de Funcionamiento | B27: 2771983.2 | C27: 1295730.8 | J27: =+B27+D27+F27+H27 -> 2771983.2 | K27: =+C27+E27+G27+I27 -> 1295730.8
A28: Propiedad planta y equipo | J28: =+B28+D28+F28+H28 -> 0 | K28: =+C28+E28+G28+I28 -> 0
A29: TOTAL | B29: =SUM(B26:B28) -> 5186794.6 | C29: =SUM(C26:C28) -> 3713441.9 | D29: =SUM(D26:D28) -> 0 | E29: =SUM(E26:E28) -> 0 | F29: =SUM(F26:F28) -> 0 | G29: =SUM(G26:G28) -> 0 | H29: =SUM(H26:H28) -> 0 | I29: =SUM(I26:I28) -> 0 | ... K29: =SUM(K26:K28) -> 3713441.9
A32: Ejecucion de avance fìnanciero programado-ejecutado por categoria del gasto tercer cuatrimestre 2022
A34: Categoría del gasto | B34: Septiembre | D34: Octubre | F34: Noviembre | H34: Diciembre | J34: Totales | L34: Total acumulado
B35: Presupuestado | C35: Ejecutado | D35: Presupuestado | E35: Ejecutado | F35: Presupuestado | G35: Ejecutado | H35: Presupuestado | I35: Ejecutado | J35: Presupuestado | K35: Ejecutado | L35: Presupuestado | M35: Ejecutado
A36: Recurso Humano | J36: =+B36+D36+F36+H36 -> 0 | K36: =+C36+E36+G36+I36 -> 0
A37: Gastos de Funcionamiento | J37: =+B37+D37+F37+H37 -> 0 | K37: =+C37+E37+G37+I37 -> 0
A38: Propiedad Planta y Equipo | J38: =+B38+D38+F38+H38 -> 0 | K38: =+C38+E38+G38+I38 -> 0
A39: TOTAL | B39: =SUM(B36:B38) -> 0 | C39: =SUM(C36:C38) -> 0 | D39: =SUM(D36:D38) -> 0 | E39: =SUM(E36:E38) -> 0 | F39: =SUM(F36:F38) -> 0 | G39: =SUM(G36:G38) -> 0 | H39: =SUM(H36:H38) -> 0 | I39: =SUM(I36:I38) -> 0 | ... K39: =SUM(K36:K38) -> 0
A43: Resumen año 2022
A44: Categoría del gasto | B44: año 2022
B45: Presupuestado | C45: Ejecutado
A46: Recurso Humano | B46: =+J17+J26+J36 -> 12074057 | C46: =+K17+K26+K36 -> 12009308
A47: Gastos de Funcionamiento | B47: =+J18+J27+J37 -> 13618381 | C47: =+K18+K27+K37 -> 2193747
A48: Propiedad Planta y Equipo | B48: =+J38+J28+J19 -> 0 | C48: =K38+K28+K19 -> 0
A49: TOTAL | B49: =SUM(B46:B48) -> 25692438 | C49: =SUM(C46:C48) -> 14203055
A67: Elaborado por: | C67: ___________________________ | F67: Autorizado por: | H67: ___________________________________
C68: Víctor Cresencio Reyes Porres | H68: Dr. Walter Antonio Mazariegos Samayoa
C69: Jefe de Contabilidad | H69: Director General
A70: Fecha: | C70: 10 de junio 2022

Sheet JUNIO CTE-7
B7: ÀREA FINANCIERA | J7: CTE-7
A9: UNIDAD DE CIRUGIA CARDIOVASCULAR DE GUATEMALA
A10: 5a. AVENIDA 6-22 ZONA 11
A11: dgunicar@yahoo.es Tel. 24163000
A13: Ejecucion de avance fìnanciero programado-ejecutado por categoria del gasto primer cuatrimestre 2022
A15: Categoría del gasto | B15: Enero | D15: Febrero | F15: Marzo | H15: Abril | J15: Totales
B16: Presupuestado | C16: Ejecutado | D16: Presupuestado | E16: Ejecutado | F16: Presupuestado | G16: Ejecutado | H16: Presupuestado | I16: Ejecutado | J16: Presupuestado | K16: Ejecutado
A17: Recurso Humano | B17: 2414811.3 | C17: 2367268.7 | D17: 2414811.3 | E17: 2396683.9 | F17: 2414811.3 | G17: 2410583.5 | H17: 2414811.3 | I17: 2417060.8 | J17: =+B17+D17+F17+H17 -> 9659245.3 | K17: =+C17+E17+G17+I17 -> 9591596.9
A18: Gastos de Funcionamiento | B18: 2612557.9 | C18: 0 | D18: 2689873.5 | E18: 16502.89 | F18: 2771983.2 | G18: 132643.57 | H18: 2771983.2 | I18: 748869.8 | J18: =+B18+D18+F18+H18 -> 10846398 | K18: =+C18+E18+G18+I18 -> 898016.26
A19: Propiedad planta y equipo | J19: =+B19+D19+F19+H19 -> 0 | K19: =+C19+E19+G19+I19 -> 0
A20: TOTAL | B20: =SUM(B17:B19) -> 5027369.2 | C20: =SUM(C17:C19) -> 2367268.7 | D20: =SUM(D17:D19) -> 5104684.8 | E20: =SUM(E17:E19) -> 2413186.8 | F20: =SUM(F17:F19) -> 5186794.6 | G20: =SUM(G17:G19) -> 2543227.1 | H20: =SUM(H17:H19) -> 5186794.6 | I20: =SUM(I17:I19) -> 3165930.6 | ... K20: =SUM(K17:K19) -> 10489613
A22: Ejecucion de avance fìnanciero programado-ejecutado por categoria del gasto segundo cuatrimestre 2022
A24: Categoría del gasto | B24: Mayo | D24: Junio | F24: Julio | H24: Agosto | J24: Totales | L24: Total acumulado
B25: Presupuestado | C25: Ejecutado | D25: Presupuestado | E25: Ejecutado | F25: Presupuestado | G25: Ejecutado | H25: Presupuestado | I25: Ejecutado | J25: Presupuestado | K25: Ejecutado | L25: Presupuestado | M25: Ejecutado
A26: Recurso Humano | B26: 2414811.3 | C26: 2417711.1 | D26: 2414811.3 | E26: 2408593 | J26: =+B26+D26+F26+H26 -> 4829622.7 | K26: =+C26+E26+G26+I26 -> 4826304.2
A27: Gastos de Funcionamiento | B27: 2771983.2 | C27: 1295730.8 | D27: 2771983.2 | E27: 3338607.9 | J27: =+B27+D27+F27+H27 -> 5543966.5 | K27: =+C27+E27+G27+I27 -> 4634338.7
A28: Propiedad planta y equipo | J28: =+B28+D28+F28+H28 -> 0 | K28: =+C28+E28+G28+I28 -> 0
A29: TOTAL | B29: =SUM(B26:B28) -> 5186794.6 | C29: =SUM(C26:C28) -> 3713441.9 | D29: =SUM(D26:D28) -> 5186794.6 | E29: =SUM(E26:E28) -> 5747200.9 | F29: =SUM(F26:F28) -> 0 | G29: =SUM(G26:G28) -> 0 | H29: =SUM(H26:H28) -> 0 | I29: =SUM(I26:I28) -> 0 | ... K29: =SUM(K26:K28) -> 9460642.8
A32: Ejecucion de avance fìnanciero programado-ejecutado por categoria del gasto tercer cuatrimestre 2022
A34: Categoría del gasto | B34: Septiembre | D34: Octubre | F34: Noviembre | H34: Diciembre | J34: Totales | L34: Total acumulado
B35: Presupuestado | C35: Ejecutado | D35: Presupuestado | E35: Ejecutado | F35: Presupuestado | G35: Ejecutado | H35: Presupuestado | I35: Ejecutado | J35: Presupuestado | K35: Ejecutado | L35: Presupuestado | M35: Ejecutado
A36: Recurso Humano | J36: =+B36+D36+F36+H36 -> 0 | K36: =+C36+E36+G36+I36 -> 0
A37: Gastos de Funcionamiento | J37: =+B37+D37+F37+H37 -> 0 | K37: =+C37+E37+G37+I37 -> 0
A38: Propiedad Planta y Equipo | J38: =+B38+D38+F38+H38 -> 0 | K38: =+C38+E38+G38+I38 -> 0
A39: TOTAL | B39: =SUM(B36:B38) -> 0 | C39: =SUM(C36:C38) -> 0 | D39: =SUM(D36:D38) -> 0 | E39: =SUM(E36:E38) -> 0 | F39: =SUM(F36:F38) -> 0 | G39: =SUM(G36:G38) -> 0 | H39: =SUM(H36:H38) -> 0 | I39: =SUM(I36:I38) -> 0 | ... K39: =SUM(K36:K38) -> 0
A43: Resumen año 2022
A44: Categoría del gasto | B44: año 2022
B45: Presupuestado | C45: Ejecutado
A46: Recurso Humano | B46: =+J17+J26+J36 -> 14488868 | C46: =+K17+K26+K36 -> 14417901
A47: Gastos de Funcionamiento | B47: =+J18+J27+J37 -> 16390364 | C47: =+K18+K27+K37 -> 5532354.9
A48: Propiedad Planta y Equipo | B48: =+J38+J28+J19 -> 0 | C48: =K38+K28+K19 -> 0
A49: TOTAL | B49: =SUM(B46:B48) -> 30879232 | C49: =SUM(C46:C48) -> 19950256
A67: Elaborado por: | C67: ___________________________ | F67: Autorizado por: | H67: ___________________________________
C68: Víctor Cresencio Reyes Porres | H68: Dr. Walter Antonio Mazariegos Samayoa
C69: Jefe de Contabilidad | H69: Director General
A70: Fecha: | C70: 08 de julio 2022

Sheet JULIO CTE-7
B7: ÀREA FINANCIERA | J7: CTE-7
A9: UNIDAD DE CIRUGIA CARDIOVASCULAR DE GUATEMALA
A10: 5a. AVENIDA 6-22 ZONA 11
A11: dgunicar@yahoo.es Tel. 24163000
A13: Ejecucion de avance fìnanciero programado-ejecutado por categoria del gasto primer cuatrimestre 2022
A15: Categoría del gasto | B15: Enero | D15: Febrero | F15: Marzo | H15: Abril | J15: Totales
B16: Presupuestado | C16: Ejecutado | D16: Presupuestado | E16: Ejecutado | F16: Presupuestado | G16: Ejecutado | H16: Presupuestado | I16: Ejecutado | J16: Presupuestado | K16: Ejecutado
A17: Recurso Humano | B17: 2414811.3 | C17: 2367268.7 | D17: 2414811.3 | E17: 2396683.9 | F17: 2414811.3 | G17: 2410583.5 | H17: 2414811.3 | I17: 2417060.8 | J17: =+B17+D17+F17+H17 -> 9659245.3 | K17: =+C17+E17+G17+I17 -> 9591596.9
A18: Gastos de Funcionamiento | B18: 2612557.9 | C18: 0 | D18: 2689873.5 | E18: 16502.89 | F18: 2771983.2 | G18: 132643.57 | H18: 2771983.2 | I18: 748869.8 | J18: =+B18+D18+F18+H18 -> 10846398 | K18: =+C18+E18+G18+I18 -> 898016.26
A19: Propiedad planta y equipo | J19: =+B19+D19+F19+H19 -> 0 | K19: =+C19+E19+G19+I19 -> 0
A20: TOTAL | B20: =SUM(B17:B19) -> 5027369.2 | C20: =SUM(C17:C19) -> 2367268.7 | D20: =SUM(D17:D19) -> 5104684.8 | E20: =SUM(E17:E19) -> 2413186.8 | F20: =SUM(F17:F19) -> 5186794.6 | G20: =SUM(G17:G19) -> 2543227.1 | H20: =SUM(H17:H19) -> 5186794.6 | I20: =SUM(I17:I19) -> 3165930.6 | ... K20: =SUM(K17:K19) -> 10489613
A22: Ejecucion de avance fìnanciero programado-ejecutado por categoria del gasto segundo cuatrimestre 2022
A24: Categoría del gasto | B24: Mayo | D24: Junio | F24: Julio | H24: Agosto | J24: Totales | L24: Total acumulado
B25: Presupuestado | C25: Ejecutado | D25: Presupuestado | E25: Ejecutado | F25: Presupuestado | G25: Ejecutado | H25: Presupuestado | I25: Ejecutado | J25: Presupuestado | K25: Ejecutado | L25: Presupuestado | M25: Ejecutado
A26: Recurso Humano | B26: 2414811.3 | C26: 2417711.1 | D26: 2414811.3 | E26: 2408593 | F26: 2414811.3 | G26: 2416876.5 | J26: =+B26+D26+F26+H26 -> 7244434 | K26: =+C26+E26+G26+I26 -> 7243180.7
A27: Gastos de Funcionamiento | B27: 2771983.2 | C27: 1295730.8 | D27: 2771983.2 | E27: 3338607.9 | F27: 2771983.2 | G27: 2433144.6 | J27: =+B27+D27+F27+H27 -> 8315949.8 | K27: =+C27+E27+G27+I27 -> 7067483.3
A28: Propiedad planta y equipo | J28: =+B28+D28+F28+H28 -> 0 | K28: =+C28+E28+G28+I28 -> 0
A29: TOTAL | B29: =SUM(B26:B28) -> 5186794.6 | C29: =SUM(C26:C28) -> 3713441.9 | D29: =SUM(D26:D28) -> 5186794.6 | E29: =SUM(E26:E28) -> 5747200.9 | F29: =SUM(F26:F28) -> 5186794.6 | G29: =SUM(G26:G28) -> 4850021.2 | H29: =SUM(H26:H28) -> 0 | I29: =SUM(I26:I28) -> 0 | ... K29: =SUM(K26:K28) -> 14310664
A32: Ejecucion de avance fìnanciero programado-ejecutado por categoria del gasto tercer cuatrimestre 2022
A34: Categoría del gasto | B34: Septiembre | D34: Octubre | F34: Noviembre | H34: Diciembre | J34: Totales | L34: Total acumulado
B35: Presupuestado | C35: Ejecutado | D35: Presupuestado | E35: Ejecutado | F35: Presupuestado | G35: Ejecutado | H35: Presupuestado | I35: Ejecutado | J35: Presupuestado | K35: Ejecutado | L35: Presupuestado | M35: Ejecutado
A36: Recurso Humano | J36: =+B36+D36+F36+H36 -> 0 | K36: =+C36+E36+G36+I36 -> 0
A37: Gastos de Funcionamiento | J37: =+B37+D37+F37+H37 -> 0 | K37: =+C37+E37+G37+I37 -> 0
A38: Propiedad Planta y Equipo | J38: =+B38+D38+F38+H38 -> 0 | K38: =+C38+E38+G38+I38 -> 0
A39: TOTAL | B39: =SUM(B36:B38) -> 0 | C39: =SUM(C36:C38) -> 0 | D39: =SUM(D36:D38) -> 0 | E39: =SUM(E36:E38) -> 0 | F39: =SUM(F36:F38) -> 0 | G39: =SUM(G36:G38) -> 0 | H39: =SUM(H36:H38) -> 0 | I39: =SUM(I36:I38) -> 0 | ... K39: =SUM(K36:K38) -> 0
A43: Resumen año 2022
A44: Categoría del gasto | B44: año 2022
B45: Presupuestado | C45: Ejecutado
A46: Recurso Humano | B46: =+J17+J26+J36 -> 16903679 | C46: =+K17+K26+K36 -> 16834778
A47: Gastos de Funcionamiento | B47: =+J18+J27+J37 -> 19162348 | C47: =+K18+K27+K37 -> 7965499.6
A48: Propiedad Planta y Equipo | B48: =+J38+J28+J19 -> 0 | C48: =K38+K28+K19 -> 0
A49: TOTAL | B49: =SUM(B46:B48) -> 36066027 | C49: =SUM(C46:C48) -> 24800277
A67: Elaborado por: | C67: ___________________________ | F67: Autorizado por: | H67: ___________________________________
C68: Víctor Cresencio Reyes Porres | H68: Dr. Walter Antonio Mazariegos Samayoa
C69: Jefe de Contabilidad | H69: Director General
A70: Fecha: | C70: 10 de agosto 2022

Sheet AGOSTO CTE-7
B7: ÀREA FINANCIERA | J7: CTE-7
A9: UNIDAD DE CIRUGIA CARDIOVASCULAR DE GUATEMALA
A10: 5a. AVENIDA 6-22 ZONA 11
A11: dgunicar@yahoo.es Tel. 24163000
A13: Ejecucion de avance fìnanciero programado-ejecutado por categoria del gasto primer cuatrimestre 2022
A15: Categoría del gasto | B15: Enero | D15: Febrero | F15: Marzo | H15: Abril | J15: Totales
B16: Presupuestado | C16: Ejecutado | D16: Presupuestado | E16: Ejecutado | F16: Presupuestado | G16: Ejecutado | H16: Presupuestado | I16: Ejecutado | J16: Presupuestado | K16: Ejecutado
A17: Recurso Humano | B17: 2414811.3 | C17: 2367268.7 | D17: 2414811.3 | E17: 2396683.9 | F17: 2414811.3 | G17: 2410583.5 | H17: 2414811.3 | I17: 2417060.8 | J17: =+B17+D17+F17+H17 -> 9659245.3 | K17: =+C17+E17+G17+I17 -> 9591596.9
A18: Gastos de Funcionamiento | B18: 2612557.9 | C18: 0 | D18: 2689873.5 | E18: 16502.89 | F18: 2771983.2 | G18: 132643.57 | H18: 2771983.2 | I18: 748869.8 | J18: =+B18+D18+F18+H18 -> 10846398 | K18: =+C18+E18+G18+I18 -> 898016.26
A19: Propiedad planta y equipo | J19: =+B19+D19+F19+H19 -> 0 | K19: =+C19+E19+G19+I19 -> 0
A20: TOTAL | B20: =SUM(B17:B19) -> 5027369.2 | C20: =SUM(C17:C19) -> 2367268.7 | D20: =SUM(D17:D19) -> 5104684.8 | E20: =SUM(E17:E19) -> 2413186.8 | F20: =SUM(F17:F19) -> 5186794.6 | G20: =SUM(G17:G19) -> 2543227.1 | H20: =SUM(H17:H19) -> 5186794.6 | I20: =SUM(I17:I19) -> 3165930.6 | ... K20: =SUM(K17:K19) -> 10489613
A22: Ejecucion de avance fìnanciero programado-ejecutado por categoria del gasto segundo cuatrimestre 2022
A24: Categoría del gasto | B24: Mayo | D24: Junio | F24: Julio | H24: Agosto | J24: Totales | L24: Total acumulado
B25: Presupuestado | C25: Ejecutado | D25: Presupuestado | E25: Ejecutado | F25: Presupuestado | G25: Ejecutado | H25: Presupuestado | I25: Ejecutado | J25: Presupuestado | K25: Ejecutado | L25: Presupuestado | M25: Ejecutado
A26: Recurso Humano | B26: 2414811.3 | C26: 2417711.1 | D26: 2414811.3 | E26: 2408593 | F26: 2414811.3 | G26: 2416876.5 | H26: 2414811.3 | I26: 2426363.1 | J26: =+B26+D26+F26+H26 -> 9659245.3 | K26: =+C26+E26+G26+I26 -> 9669543.8
A27: Gastos de Funcionamiento | B27: 2771983.2 | C27: 1295730.8 | D27: 2771983.2 | E27: 3338607.9 | F27: 2771983.2 | G27: 2433144.6 | H27: 2771983.2 | I27: 4481129.3 | J27: =+B27+D27+F27+H27 -> 11087933 | K27: =+C27+E27+G27+I27 -> 11548613
A28: Propiedad planta y equipo | J28: =+B28+D28+F28+H28 -> 0 | K28: =+C28+E28+G28+I28 -> 0
A29: TOTAL | B29: =SUM(B26:B28) -> 5186794.6 | C29: =SUM(C26:C28) -> 3713441.9 | D29: =SUM(D26:D28) -> 5186794.6 | E29: =SUM(E26:E28) -> 5747200.9 | F29: =SUM(F26:F28) -> 5186794.6 | G29: =SUM(G26:G28) -> 4850021.2 | H29: =SUM(H26:H28) -> 5186794.6 | I29: =SUM(I26:I28) -> 6907492.4 | ... K29: =SUM(K26:K28) -> 21218156
A32: Ejecucion de avance fìnanciero programado-ejecutado por categoria del gasto tercer cuatrimestre 2022
A34: Categoría del gasto | B34: Septiembre | D34: Octubre | F34: Noviembre | H34: Diciembre | J34: Totales | L34: Total acumulado
B35: Presupuestado | C35: Ejecutado | D35: Presupuestado | E35: Ejecutado | F35: Presupuestado | G35: Ejecutado | H35: Presupuestado | I35: Ejecutado | J35: Presupuestado | K35: Ejecutado | L35: Presupuestado | M35: Ejecutado
A36: Recurso Humano | J36: =+B36+D36+F36+H36 -> 0 | K36: =+C36+E36+G36+I36 -> 0
A37: Gastos de Funcionamiento | J37: =+B37+D37+F37+H37 -> 0 | K37: =+C37+E37+G37+I37 -> 0
A38: Propiedad Planta y Equipo | J38: =+B38+D38+F38+H38 -> 0 | K38: =+C38+E38+G38+I38 -> 0
A39: TOTAL | B39: =SUM(B36:B38) -> 0 | C39: =SUM(C36:C38) -> 0 | D39: =SUM(D36:D38) -> 0 | E39: =SUM(E36:E38) -> 0 | F39: =SUM(F36:F38) -> 0 | G39: =SUM(G36:G38) -> 0 | H39: =SUM(H36:H38) -> 0 | I39: =SUM(I36:I38) -> 0 | ... K39: =SUM(K36:K38) -> 0
A43: Resumen año 2022
A44: Categoría del gasto | B44: año 2022
B45: Presupuestado | C45: Ejecutado
A46: Recurso Humano | B46: =+J17+J26+J36 -> 19318491 | C46: =+K17+K26+K36 -> 19261141
A47: Gastos de Funcionamiento | B47: =+J18+J27+J37 -> 21934331 | C47: =+K18+K27+K37 -> 12446629
A48: Propiedad Planta y Equipo | B48: =+J38+J28+J19 -> 0 | C48: =K38+K28+K19 -> 0
A49: TOTAL | B49: =SUM(B46:B48) -> 41252822 | C49: =SUM(C46:C48) -> 31707770
A67: Elaborado por: | C67: ___________________________ | F67: Autorizado por: | H67: ___________________________________
C68: Víctor Cresencio Reyes Porres | H68: Dr. Walter Antonio Mazariegos Samayoa
C69: Jefe de Contabilidad | H69: Director General
A70: Fecha: | C70: 9 de septiembre 2022

Sheet EJEC. FISICA MAYO
L2: CTE-9
L3: Vigente abril 2022
A6: UNIDAD DE CIRUGIA CARDIOVASCULAR DE GUATEMALA
A7: 5a. AVENIDA 6-22 ZONA 11
A8: dgunicar@yahoo.es Tel. 24163000
B10: Ejecucion y/o avance de cumplimiento de metas fisicas correspondiente al primer cuatrimestre
A11: No. | B11: Servicio | C11: Enero | E11: Febrero | G11: Marzo | I11: Abril | K11: Total cuatrimestre
C12: Programado | D12: Ejecutado | E12: Programado | F12: Ejecutado | G12: Programado | H12: Ejecutado | I12: Programado | J12: Ejecutado | K12: Programado | L12: Ejecutado
A13: 1 | B13: CIRUGIA DE ADULTOS | C13: 6 | D13: 9 | E13: 14 | F13: 8 | G13: 14 | H13: 12 | I13: 12 | J13: 10 | K13: =+C13+E13+G13+I13 -> 46 | L13: =+D13+F13+H13+J13 -> 39
A14: 2 | B14: CIRUGIA DE PEDIATRIA | C14: 6 | D14: 8 | E14: 14 | F14: 6 | G14: 14 | H14: 22 | I14: 12 | J14: 15 | K14: =+C14+E14+G14+I14 -> 46 | L14: =+D14+F14+H14+J14 -> 51
A15: 3 | B15: HEMODINAMIA ADULTOS | C15: 26 | D15: 84 | E15: 55 | F15: 82 | G15: 55 | H15: 93 | I15: 55 | J15: 72 | K15: =+C15+E15+G15+I15 -> 191 | L15: =+D15+F15+H15+J15 -> 331
A16: 4 | B16: HEMODINAMIA PEDIATRIA | C16: 5 | D16: 9 | E16: 11 | F16: 13 | G16: 11 | H16: 13 | I16: 11 | J16: 12 | K16: =+C16+E16+G16+I16 -> 38 | L16: =+D16+F16+H16+J16 -> 47
A17: 5 | B17: ECOCARDIOGRAMA ADULTOS | C17: 158 | D17: 411 | E17: 348 | F17: 324 | G17: 348 | H17: 331 | I17: 347 | J17: 285 | K17: =+C17+E17+G17+I17 -> 1201 | L17: =+D17+F17+H17+J17 -> 1351
A18: 6 | B18: ECOCARDIOGRAMA PEDIATRIA | C18: 85 | D18: 130 | E18: 183 | F18: 194 | G18: 183 | H18: 330 | I18: 183 | J18: 157 | K18: =+C18+E18+G18+I18 -> 634 | L18: =+D18+F18+H18+J18 -> 811
A19: 7 | B19: ELECTROCARDIOGRAMAS ADULTOS | C19: 65 | D19: 148 | E19: 141 | F19: 123 | G19: 141 | H19: 172 | I19: 141 | J19: 103 | K19: =+C19+E19+G19+I19 -> 488 | L19: =+D19+F19+H19+J19 -> 546
A20: 8 | B20: ELECTROCARDIOGRAMAS PEDIATRIA | C20: 62 | D20: 132 | E20: 138 | F20: 145 | G20: 138 | H20: 211 | I20: 134 | J20: 113 | K20: =+C20+E20+G20+I20 -> 472 | L20: =+D20+F20+H20+J20 -> 601
A21: 9 | B21: CONSULTAS MEDICAS ADULTOS | C21: 408 | D21: 935 | E21: 898 | F21: 1024 | G21: 898 | H21: 1155 | I21: 898 | J21: 829 | K21: =+C21+E21+G21+I21 -> 3102 | L21: =+D21+F21+H21+J21 -> 3943
A22: 10 | B22: CONSULTA MEDICAS PEDIATRICAS | C22: 208 | D22: 398 | E22: 459 | F22: 481 | G22: 459 | H22: 596 | I22: 453 | J22: 377 | K22: =+C22+E22+G22+I22 -> 1579 | L22: =+D22+F22+H22+J22 -> 1852
A23: 11 | B23: ESTOMATOLOGIA | C23: 20 | D23: 57 | E23: 44 | F23: 57 | G23: 44 | H23: 62 | I23: 44 | J23: 33 | K23: =+C23+E23+G23+I23 -> 152 | L23: =+D23+F23+H23+J23 -> 209
A24: 12 | B24: ENCAMAMIENTO POR COMPLICACIONES | C24: 10 | D24: 18 | E24: 23 | F24: 21 | G24: 23 | H24: 17 | I24: 23 | J24: 15 | K24: =+C24+E24+G24+I24 -> 79 | L24: =+D24+F24+H24+J24 -> 71
... A27: 15 | B27: HOLTERS | C27: 14 | D27: 17 | E27: 35 | F27: 24 | G27: 35 | H27: 21 | I27: 32 | J27: 21 | K27: =+C27+E27+G27+I27 -> 116 | L27: =+D27+F27+H27+J27 -> 83
A28: Total | C28: =SUM(C13:C27) -> 1091 | D28: =SUM(D13:D27) -> 2402 | E28: =SUM(E13:E27) -> 2403 | F28: =SUM(F13:F27) -> 2565 | G28: =SUM(G13:G27) -> 2403 | H28: =SUM(H13:H27) -> 3093 | I28: =SUM(I13:I27) -> 2381 | J28: =SUM(J13:J27) -> 2095 | ... L28: =SUM(L13:L27) -> 10155
B30: Programacion de metas fisicas versus ejecucion (mensual) segundo cuatrimestre
A31: No. | B31: Servicio | C31: Mayo | E31: Junio | G31: Julio | I31: Agosto | K31: Totales | M31: Total acumulado
C32: Programado | D32: Ejecutado | E32: Programado | F32: Ejecutado | G32: Programado | H32: Ejecutado | I32: Programado | J32: Ejecutado | K32: Programado | L32: Ejecutado | M32: Programado | N32: Ejecutado
A33: 1 | B33: CIRUGIA DE ADULTOS | C33: 14 | D33: 13 | K33: =+C33+E33+G33+I33 -> 14 | L33: =+D33+F33+H33+J33 -> 13 | M33: =+K33+K13 -> 60 | N33: =+L33+L13 -> 52
A34: 2 | B34: CIRUGIA DE PEDIATRIA | C34: 14 | D34: 20 | K34: =+C34+E34+G34+I34 -> 14 | L34: =+D34+F34+H34+J34 -> 20 | M34: =+K34+K14 -> 60 | N34: =+L34+L14 -> 71
A35: 3 | B35: HEMODINAMIA ADULTOS | C35: 56 | D35: 93 | K35: =+C35+E35+G35+I35 -> 56 | L35: =+D35+F35+H35+J35 -> 93 | M35: =+K35+K15 -> 247 | N35: =+L35+L15 -> 424
A36: 4 | B36: HEMODINAMIA PEDIATRIA | C36: 11 | D36: 19 | K36: =+C36+E36+G36+I36 -> 11 | L36: =+D36+F36+H36+J36 -> 19 | M36: =+K36+K16 -> 49 | N36: =+L36+L16 -> 66
A37: 5 | B37: ECOCARDIOGRAMA ADULTOS | C37: 348 | D37: 361 | K37: =+C37+E37+G37+I37 -> 348 | L37: =+D37+F37+H37+J37 -> 361 | M37: =+K37+K17 -> 1549 | N37: =+L37+L17 -> 1712
A38: 6 | B38: ECOCARDIOGRAMA PEDIATRIA | C38: 183 | D38: 177 | K38: =+C38+E38+G38+I38 -> 183 | L38: =+D38+F38+H38+J38 -> 177 | M38: =+K38+K18 -> 817 | N38: =+L38+L18 -> 988
A39: 7 | B39: ELECTROCARDIOGRAMAS ADULTOS | C39: 141 | D39: 151 | K39: =+C39+E39+G39+I39 -> 141 | L39: =+D39+F39+H39+J39 -> 151 | M39: =+K39+K19 -> 629 | N39: =+L39+L19 -> 697
A40: 8 | B40: ELECTROCARDIOGRAMAS PEDIATRIA | C40: 138 | D40: 181 | K40: =+C40+E40+G40+I40 -> 138 | L40: =+D40+F40+H40+J40 -> 181 | M40: =+K40+K20 -> 610 | N40: =+L40+L20 -> 782
A41: 9 | B41: CONSULTAS MEDICAS ADULTOS | C41: 898 | D41: 984 | K41: =+C41+E41+G41+I41 -> 898 | L41: =+D41+F41+H41+J41 -> 984 | M41: =+K41+K21 -> 4000 | N41: =+L41+L21 -> 4927
A42: 10 | B42: CONSULTA MEDICAS PEDIATRICAS | C42: 459 | D42: 501 | K42: =+C42+E42+G42+I42 -> 459 | L42: =+D42+F42+H42+J42 -> 501 | M42: =+K42+K22 -> 2038 | N42: =+L42+L22 -> 2353
A43: 11 | B43: ESTOMATOLOGIA | C43: 44 | D43: 56 | K43: =+C43+E43+G43+I43 -> 44 | L43: =+D43+F43+H43+J43 -> 56 | M43: =+K43+K23 -> 196 | N43: =+L43+L23 -> 265
A44: 12 | B44: ENCAMAMIENTO POR COMPLICACIONES | C44: 23 | D44: 21 | K44: =+C44+E44+G44+I44 -> 23 | L44: =+D44+F44+H44+J44 -> 21 | M44: =+K44+K24 -> 102 | N44: =+L44+L24 -> 92
... A47: 15 | B47: HOLTERS | C47: 35 | D47: 21 | K47: =+C47+E47+G47+I47 -> 35 | L47: =+D47+F47+H47+J47 -> 21 | M47: =+K47+K27 -> 151 | N47: =+L47+L27 -> 104
A48: Total | C48: =SUM(C33:C47) -> 2404 | D48: =SUM(D33:D47) -> 2657 | E48: =SUM(E33:E47) -> 0 | F48: =SUM(F33:F47) -> 0 | G48: =SUM(G33:G47) -> 0 | H48: =SUM(H33:H47) -> 0 | I48: =SUM(I33:I47) -> 0 | J48: =SUM(J33:J47) -> 0 | ... N48: =SUM(N33:N47) -> 12812
B50: Programacion de metas fisicas versus ejecucion (mensual) tercer cuatrimestre
A51: No. | B51: Servicio | C51: Septiembre | E51: Octubre | G51: Noviembre | I51: Diciembre | K51: Totales | M51: Total acumulado
C52: Programado | D52: Ejecutado | E52: Programado | F52: Ejecutado | G52: Programado | H52: Ejecutado | I52: Programado | J52: Ejecutado | K52: Programado | L52: Ejecutado | M52: Programado | N52: Ejecutado
A53: 1 | B53: CIRUGIA DE ADULTOS | K53: =+C53+E53+G53+I53 -> 0 | L53: =+D53+F53+H53+J53 -> 0 | M53: =+K53+M33 -> 60 | N53: =+L53+N33 -> 52
A54: 2 | B54: CIRUGIA DE PEDIATRIA | K54: =+C54+E54+G54+I54 -> 0 | L54: =+D54+F54+H54+J54 -> 0 | M54: =+K54+M34 -> 60 | N54: =+L54+N34 -> 71
A55: 3 | B55: HEMODINAMIA ADULTOS | K55: =+C55+E55+G55+I55 -> 0 | L55: =+D55+F55+H55+J55 -> 0 | M55: =+K55+M35 -> 247 | N55: =+L55+N35 -> 424
A56: 4 | B56: HEMODINAMIA PEDIATRIA | K56: =+C56+E56+G56+I56 -> 0 | L56: =+D56+F56+H56+J56 -> 0 | M56: =+K56+M36 -> 49 | N56: =+L56+N36 -> 66
A57: 5 | B57: ECOCARDIOGRAMA ADULTOS | K57: =+C57+E57+G57+I57 -> 0 | L57: =+D57+F57+H57+J57 -> 0 | M57: =+K57+M37 -> 1549 | N57: =+L57+N37 -> 1712
A58: 6 | B58: ECOCARDIOGRAMA PEDIATRIA | K58: =+C58+E58+G58+I58 -> 0 | L58: =+D58+F58+H58+J58 -> 0 | M58: =+K58+M38 -> 817 | N58: =+L58+N38 -> 988
A59: 7 | B59: ELECTROCARDIOGRAMAS ADULTOS | K59: =+C59+E59+G59+I59 -> 0 | L59: =+D59+F59+H59+J59 -> 0 | M59: =+K59+M39 -> 629 | N59: =+L59+N39 -> 697
A60: 8 | B60: ELECTROCARDIOGRAMAS PEDIATRIA | K60: =+C60+E60+G60+I60 -> 0 | L60: =+D60+F60+H60+J60 -> 0 | M60: =+K60+M40 -> 610 | N60: =+L60+N40 -> 782
A61: 9 | B61: CONSULTAS MEDICAS ADULTOS | K61: =+C61+E61+G61+I61 -> 0 | L61: =+D61+F61+H61+J61 -> 0 | M61: =+K61+M41 -> 4000 | N61: =+L61+N41 -> 4927
A62: 10 | B62: CONSULTA MEDICAS PEDIATRICAS | K62: =+C62+E62+G62+I62 -> 0 | L62: =+D62+F62+H62+J62 -> 0 | M62: =+K62+M42 -> 2038 | N62: =+L62+N42 -> 2353
A63: 11 | B63: ESTOMATOLOGIA | K63: =+C63+E63+G63+I63 -> 0 | L63: =+D63+F63+H63+J63 -> 0 | M63: =+K63+M43 -> 196 | N63: =+L63+N43 -> 265
A64: 12 | B64: ENCAMAMIENTO POR COMPLICACIONES | K64: =+C64+E64+G64+I64 -> 0 | L64: =+D64+F64+H64+J64 -> 0 | M64: =+K64+M44 -> 102 | N64: =+L64+N44 -> 92
... A67: 15 | B67: HOLTERS | K67: =+C67+E67+G67+I67 -> 0 | L67: =+D67+F67+H67+J67 -> 0 | M67: =+K67+M47 -> 151 | N67: =+L67+N47 -> 104
A68: Total | C68: =SUM(C53:C67) -> 0 | D68: =SUM(D53:D67) -> 0 | E68: =SUM(E53:E67) -> 0 | F68: =SUM(F53:F67) -> 0 | G68: =SUM(G53:G67) -> 0 | H68: =SUM(H53:H67) -> 0 | I68: =SUM(I53:I67) -> 0 | J68: =SUM(J53:J67) -> 0 | ... N68: =SUM(N53:N67) -> 12812
B71: RESUMEN AÑO 2022
A72: No. | B72: Servicio | C72: Totales
C73: Programado | D73: Ejecutado
A74: 1 | B74: CIRUGIA DE ADULTOS | C74: =+K13+K33+K53 -> 60 | D74: =+L13+L33+L53 -> 52
A75: 2 | B75: CIRUGIA DE PEDIATRIA | C75: =+K14+K34+K54 -> 60 | D75: =+L14+L34+L54 -> 71
A76: 3 | B76: HEMODINAMIA ADULTOS | C76: =+K15+K35+K55 -> 247 | D76: =+L15+L35+L55 -> 424
A77: 4 | B77: HEMODINAMIA PEDIATRIA | C77: =+K16+K36+K56 -> 49 | D77: =+L16+L36+L56 -> 66
A78: 5 | B78: ECOCARDIOGRAMA ADULTOS | C78: =+K17+K37+K57 -> 1549 | D78: =+L17+L37+L57 -> 1712
A79: 6 | B79: ECOCARDIOGRAMA PEDIATRIA | C79: =+K18+K38+K58 -> 817 | D79: =+L18+L38+L58 -> 988
A80: 7 | B80: ELECTROCARDIOGRAMAS ADULTOS | C80: =+K19+K39+K59 -> 629 | D80: =+L19+L39+L59 -> 697
A81: 8 | B81: ELECTROCARDIOGRAMAS PEDIATRIA | C81: =+K20+K40+K60 -> 610 | D81: =+L20+L40+L60 -> 782
A82: 9 | B82: CONSULTAS MEDICAS ADULTOS | C82: =+K21+K41+K61 -> 4000 | D82: =+L21+L41+L61 -> 4927
A83: 10 | B83: CONSULTA MEDICAS PEDIATRICAS | C83: =+K22+K42+K62 -> 2038 | D83: =+L22+L42+L62 -> 2353
A84: 11 | B84: ESTOMATOLOGIA | C84: =+K23+K43+K63 -> 196 | D84: =+L23+L43+L63 -> 265
A85: 12 | B85: ENCAMAMIENTO POR COMPLICACIONES | C85: =+K24+K44+K64 -> 102 | D85: =+L24+L44+L64 -> 92
... A88: 15 | B88: HOLTERS | C88: =+K27+K47+K67 -> 151 | D88: =+L27+L47+L67 -> 104
A89: Total | C89: =SUM(C74:C88) -> 10682 | D89: =SUM(D74:D88) -> 12812
B113: Elaborado por: | C113: ___________________________ | F113: Autorizado por: | H113: _______________________________________
C114: VÍctor Cresencio Reyes Porres | H114: Dr. Walter Antonio Mazariegos Samayoa
C115: Jefe de Contabilidad | H115: Director General
B116: Fecha: | C116: 10 de junio 2,022

Sheet EJEC. FISICA JUNIO
L2: CTE-9
L3: Vigente abril 2022
A6: UNIDAD DE CIRUGIA CARDIOVASCULAR DE GUATEMALA
A7: 5a. AVENIDA 6-22 ZONA 11
A8: dgunicar@yahoo.es Tel. 24163000
B10: Ejecucion y/o avance de cumplimiento de metas fisicas correspondiente al primer cuatrimestre
A11: No. | B11: Servicio | C11: Enero | E11: Febrero | G11: Marzo | I11: Abril | K11: Total cuatrimestre
C12: Programado | D12: Ejecutado | E12: Programado | F12: Ejecutado | G12: Programado | H12: Ejecutado | I12: Programado | J12: Ejecutado | K12: Programado | L12: Ejecutado
A13: 1 | B13: CIRUGIA DE ADULTOS | C13: 6 | D13: 9 | E13: 14 | F13: 8 | G13: 14 | H13: 12 | I13: 12 | J13: 10 | K13: =+C13+E13+G13+I13 -> 46 | L13: =+D13+F13+H13+J13 -> 39
A14: 2 | B14: CIRUGIA DE PEDIATRIA | C14: 6 | D14: 8 | E14: 14 | F14: 6 | G14: 14 | H14: 22 | I14: 12 | J14: 15 | K14: =+C14+E14+G14+I14 -> 46 | L14: =+D14+F14+H14+J14 -> 51
A15: 3 | B15: HEMODINAMIA ADULTOS | C15: 26 | D15: 84 | E15: 55 | F15: 82 | G15: 55 | H15: 93 | I15: 55 | J15: 72 | K15: =+C15+E15+G15+I15 -> 191 | L15: =+D15+F15+H15+J15 -> 331
A16: 4 | B16: HEMODINAMIA PEDIATRIA | C16: 5 | D16: 9 | E16: 11 | F16: 13 | G16: 11 | H16: 13 | I16: 11 | J16: 12 | K16: =+C16+E16+G16+I16 -> 38 | L16: =+D16+F16+H16+J16 -> 47
A17: 5 | B17: ECOCARDIOGRAMA ADULTOS | C17: 158 | D17: 411 | E17: 348 | F17: 324 | G17: 348 | H17: 331 | I17: 347 | J17: 285 | K17: =+C17+E17+G17+I17 -> 1201 | L17: =+D17+F17+H17+J17 -> 1351
A18: 6 | B18: ECOCARDIOGRAMA PEDIATRIA | C18: 85 | D18: 130 | E18: 183 | F18: 194 | G18: 183 | H18: 330 | I18: 183 | J18: 157 | K18: =+C18+E18+G18+I18 -> 634 | L18: =+D18+F18+H18+J18 -> 811
A19: 7 | B19: ELECTROCARDIOGRAMAS ADULTOS | C19: 65 | D19: 148 | E19: 141 | F19: 123 | G19: 141 | H19: 172 | I19: 141 | J19: 103 | K19: =+C19+E19+G19+I19 -> 488 | L19: =+D19+F19+H19+J19 -> 546
A20: 8 | B20: ELECTROCARDIOGRAMAS PEDIATRIA | C20: 62 | D20: 132 | E20: 138 | F20: 145 | G20: 138 | H20: 211 | I20: 134 | J20: 113 | K20: =+C20+E20+G20+I20 -> 472 | L20: =+D20+F20+H20+J20 -> 601
A21: 9 | B21: CONSULTAS MEDICAS ADULTOS | C21: 408 | D21: 935 | E21: 898 | F21: 1024 | G21: 898 | H21: 1155 | I21: 898 | J21: 829 | K21: =+C21+E21+G21+I21 -> 3102 | L21: =+D21+F21+H21+J21 -> 3943
A22: 10 | B22: CONSULTA MEDICAS PEDIATRICAS | C22: 208 | D22: 398 | E22: 459 | F22: 481 | G22: 459 | H22: 596 | I22: 453 | J22: 377 | K22: =+C22+E22+G22+I22 -> 1579 | L22: =+D22+F22+H22+J22 -> 1852
A23: 11 | B23: ESTOMATOLOGIA | C23: 20 | D23: 57 | E23: 44 | F23: 57 | G23: 44 | H23: 62 | I23: 44 | J23: 33 | K23: =+C23+E23+G23+I23 -> 152 | L23: =+D23+F23+H23+J23 -> 209
A24: 12 | B24: ENCAMAMIENTO POR COMPLICACIONES | C24: 10 | D24: 18 | E24: 23 | F24: 21 | G24: 23 | H24: 17 | I24: 23 | J24: 15 | K24: =+C24+E24+G24+I24 -> 79 | L24: =+D24+F24+H24+J24 -> 71
... A27: 15 | B27: HOLTERS | C27: 14 | D27: 17 | E27: 35 | F27: 24 | G27: 35 | H27: 21 | I27: 32 | J27: 21 | K27: =+C27+E27+G27+I27 -> 116 | L27: =+D27+F27+H27+J27 -> 83
A28: Total | C28: =SUM(C13:C27) -> 1091 | D28: =SUM(D13:D27) -> 2402 | E28: =SUM(E13:E27) -> 2403 | F28: =SUM(F13:F27) -> 2565 | G28: =SUM(G13:G27) -> 2403 | H28: =SUM(H13:H27) -> 3093 | I28: =SUM(I13:I27) -> 2381 | J28: =SUM(J13:J27) -> 2095 | ... L28: =SUM(L13:L27) -> 10155
B30: Programacion de metas fisicas versus ejecucion (mensual) segundo cuatrimestre
A31: No. | B31: Servicio | C31: Mayo | E31: Junio | G31: Julio | I31: Agosto | K31: Totales | M31: Total acumulado
C32: Programado | D32: Ejecutado | E32: Programado | F32: Ejecutado | G32: Programado | H32: Ejecutado | I32: Programado | J32: Ejecutado | K32: Programado | L32: Ejecutado | M32: Programado | N32: Ejecutado
A33: 1 | B33: CIRUGIA DE ADULTOS | C33: 14 | D33: 13 | E33: 14 | F33: 19 | K33: =+C33+E33+G33+I33 -> 28 | L33: =+D33+F33+H33+J33 -> 32 | M33: =+K33+K13 -> 74 | N33: =+L33+L13 -> 71
A34: 2 | B34: CIRUGIA DE PEDIATRIA | C34: 14 | D34: 20 | E34: 14 | F34: 9 | K34: =+C34+E34+G34+I34 -> 28 | L34: =+D34+F34+H34+J34 -> 29 | M34: =+K34+K14 -> 74 | N34: =+L34+L14 -> 80
A35: 3 | B35: HEMODINAMIA ADULTOS | C35: 56 | D35: 93 | E35: 56 | F35: 84 | K35: =+C35+E35+G35+I35 -> 112 | L35: =+D35+F35+H35+J35 -> 177 | M35: =+K35+K15 -> 303 | N35: =+L35+L15 -> 508
A36: 4 | B36: HEMODINAMIA PEDIATRIA | C36: 11 | D36: 19 | E36: 11 | F36: 15 | K36: =+C36+E36+G36+I36 -> 22 | L36: =+D36+F36+H36+J36 -> 34 | M36: =+K36+K16 -> 60 | N36: =+L36+L16 -> 81
A37: 5 | B37: ECOCARDIOGRAMA ADULTOS | C37: 348 | D37: 361 | E37: 348 | F37: 373 | K37: =+C37+E37+G37+I37 -> 696 | L37: =+D37+F37+H37+J37 -> 734 | M37: =+K37+K17 -> 1897 | N37: =+L37+L17 -> 2085
A38: 6 | B38: ECOCARDIOGRAMA PEDIATRIA | C38: 183 | D38: 177 | E38: 183 | F38: 176 | K38: =+C38+E38+G38+I38 -> 366 | L38: =+D38+F38+H38+J38 -> 353 | M38: =+K38+K18 -> 1000 | N38: =+L38+L18 -> 1164
A39: 7 | B39: ELECTROCARDIOGRAMAS ADULTOS | C39: 141 | D39: 151 | E39: 141 | F39: 108 | K39: =+C39+E39+G39+I39 -> 282 | L39: =+D39+F39+H39+J39 -> 259 | M39: =+K39+K19 -> 770 | N39: =+L39+L19 -> 805
A40: 8 | B40: ELECTROCARDIOGRAMAS PEDIATRIA | C40: 138 | D40: 181 | E40: 138 | F40: 163 | K40: =+C40+E40+G40+I40 -> 276 | L40: =+D40+F40+H40+J40 -> 344 | M40: =+K40+K20 -> 748 | N40: =+L40+L20 -> 945
A41: 9 | B41: CONSULTAS MEDICAS ADULTOS | C41: 898 | D41: 984 | E41: 898 | F41: 1002 | K41: =+C41+E41+G41+I41 -> 1796 | L41: =+D41+F41+H41+J41 -> 1986 | M41: =+K41+K21 -> 4898 | N41: =+L41+L21 -> 5929
A42: 10 | B42: CONSULTA MEDICAS PEDIATRICAS | C42: 459 | D42: 501 | E42: 459 | F42: 402 | K42: =+C42+E42+G42+I42 -> 918 | L42: =+D42+F42+H42+J42 -> 903 | M42: =+K42+K22 -> 2497 | N42: =+L42+L22 -> 2755
A43: 11 | B43: ESTOMATOLOGIA | C43: 44 | D43: 56 | E43: 44 | F43: 40 | K43: =+C43+E43+G43+I43 -> 88 | L43: =+D43+F43+H43+J43 -> 96 | M43: =+K43+K23 -> 240 | N43: =+L43+L23 -> 305
A44: 12 | B44: ENCAMAMIENTO POR COMPLICACIONES | C44: 23 | D44: 21 | E44: 23 | F44: 21 | K44: =+C44+E44+G44+I44 -> 46 | L44: =+D44+F44+H44+J44 -> 42 | M44: =+K44+K24 -> 125 | N44: =+L44+L24 -> 113
... A47: 15 | B47: HOLTERS | C47: 35 | D47: 21 | E47: 35 | F47: 46 | K47: =+C47+E47+G47+I47 -> 70 | L47: =+D47+F47+H47+J47 -> 67 | M47: =+K47+K27 -> 186 | N47: =+L47+L27 -> 150
A48: Total | C48: =SUM(C33:C47) -> 2404 | D48: =SUM(D33:D47) -> 2657 | E48: =SUM(E33:E47) -> 2404 | F48: =SUM(F33:F47) -> 2488 | G48: =SUM(G33:G47) -> 0 | H48: =SUM(H33:H47) -> 0 | I48: =SUM(I33:I47) -> 0 | J48: =SUM(J33:J47) -> 0 | ... N48: =SUM(N33:N47) -> 15300
B50: Programacion de metas fisicas versus ejecucion (mensual) tercer cuatrimestre
A51: No. | B51: Servicio | C51: Septiembre | E51: Octubre | G51: Noviembre | I51: Diciembre | K51: Totales | M51: Total acumulado
C52: Programado | D52: Ejecutado | E52: Programado | F52: Ejecutado | G52: Programado | H52: Ejecutado | I52: Programado | J52: Ejecutado | K52: Programado | L52: Ejecutado | M52: Programado | N52: Ejecutado
A53: 1 | B53: CIRUGIA DE ADULTOS | K53: =+C53+E53+G53+I53 -> 0 | L53: =+D53+F53+H53+J53 -> 0 | M53: =+K53+M33 -> 74 | N53: =+L53+N33 -> 71
A54: 2 | B54: CIRUGIA DE PEDIATRIA | K54: =+C54+E54+G54+I54 -> 0 | L54: =+D54+F54+H54+J54 -> 0 | M54: =+K54+M34 -> 74 | N54: =+L54+N34 -> 80
A55: 3 | B55: HEMODINAMIA ADULTOS | K55: =+C55+E55+G55+I55 -> 0 | L55: =+D55+F55+H55+J55 -> 0 | M55: =+K55+M35 -> 303 | N55: =+L55+N35 -> 508
A56: 4 | B56: HEMODINAMIA PEDIATRIA | K56: =+C56+E56+G56+I56 -> 0 | L56: =+D56+F56+H56+J56 -> 0 | M56: =+K56+M36 -> 60 | N56: =+L56+N36 -> 81
A57: 5 | B57: ECOCARDIOGRAMA ADULTOS | K57: =+C57+E57+G57+I57 -> 0 | L57: =+D57+F57+H57+J57 -> 0 | M57: =+K57+M37 -> 1897 | N57: =+L57+N37 -> 2085
A58: 6 | B58: ECOCARDIOGRAMA PEDIATRIA | K58: =+C58+E58+G58+I58 -> 0 | L58: =+D58+F58+H58+J58 -> 0 | M58: =+K58+M38 -> 1000 | N58: =+L58+N38 -> 1164
A59: 7 | B59: ELECTROCARDIOGRAMAS ADULTOS | K59: =+C59+E59+G59+I59 -> 0 | L59: =+D59+F59+H59+J59 -> 0 | M59: =+K59+M39 -> 770 | N59: =+L59+N39 -> 805
A60: 8 | B60: ELECTROCARDIOGRAMAS PEDIATRIA | K60: =+C60+E60+G60+I60 -> 0 | L60: =+D60+F60+H60+J60 -> 0 | M60: =+K60+M40 -> 748 | N60: =+L60+N40 -> 945
A61: 9 | B61: CONSULTAS MEDICAS ADULTOS | K61: =+C61+E61+G61+I61 -> 0 | L61: =+D61+F61+H61+J61 -> 0 | M61: =+K61+M41 -> 4898 | N61: =+L61+N41 -> 5929
A62: 10 | B62: CONSULTA MEDICAS PEDIATRICAS | K62: =+C62+E62+G62+I62 -> 0 | L62: =+D62+F62+H62+J62 -> 0 | M62: =+K62+M42 -> 2497 | N62: =+L62+N42 -> 2755
A63: 11 | B63: ESTOMATOLOGIA | K63: =+C63+E63+G63+I63 -> 0 | L63: =+D63+F63+H63+J63 -> 0 | M63: =+K63+M43 -> 240 | N63: =+L63+N43 -> 305
A64: 12 | B64: ENCAMAMIENTO POR COMPLICACIONES | K64: =+C64+E64+G64+I64 -> 0 | L64: =+D64+F64+H64+J64 -> 0 | M64: =+K64+M44 -> 125 | N64: =+L64+N44 -> 113
... A67: 15 | B67: HOLTERS | K67: =+C67+E67+G67+I67 -> 0 | L67: =+D67+F67+H67+J67 -> 0 | M67: =+K67+M47 -> 186 | N67: =+L67+N47 -> 150
A68: Total | C68: =SUM(C53:C67) -> 0 | D68: =SUM(D53:D67) -> 0 | E68: =SUM(E53:E67) -> 0 | F68: =SUM(F53:F67) -> 0 | G68: =SUM(G53:G67) -> 0 | H68: =SUM(H53:H67) -> 0 | I68: =SUM(I53:I67) -> 0 | J68: =SUM(J53:J67) -> 0 | ... N68: =SUM(N53:N67) -> 15300
B71: RESUMEN AÑO 2022
A72: No. | B72: Servicio | C72: Totales
C73: Programado | D73: Ejecutado
A74: 1 | B74: CIRUGIA DE ADULTOS | C74: =+K13+K33+K53 -> 74 | D74: =+L13+L33+L53 -> 71
A75: 2 | B75: CIRUGIA DE PEDIATRIA | C75: =+K14+K34+K54 -> 74 | D75: =+L14+L34+L54 -> 80
A76: 3 | B76: HEMODINAMIA ADULTOS | C76: =+K15+K35+K55 -> 303 | D76: =+L15+L35+L55 -> 508
A77: 4 | B77: HEMODINAMIA PEDIATRIA | C77: =+K16+K36+K56 -> 60 | D77: =+L16+L36+L56 -> 81
A78: 5 | B78: ECOCARDIOGRAMA ADULTOS | C78: =+K17+K37+K57 -> 1897 | D78: =+L17+L37+L57 -> 2085
A79: 6 | B79: ECOCARDIOGRAMA PEDIATRIA | C79: =+K18+K38+K58 -> 1000 | D79: =+L18+L38+L58 -> 1164
A80: 7 | B80: ELECTROCARDIOGRAMAS ADULTOS | C80: =+K19+K39+K59 -> 770 | D80: =+L19+L39+L59 -> 805
A81: 8 | B81: ELECTROCARDIOGRAMAS PEDIATRIA | C81: =+K20+K40+K60 -> 748 | D81: =+L20+L40+L60 -> 945
A82: 9 | B82: CONSULTAS MEDICAS ADULTOS | C82: =+K21+K41+K61 -> 4898 | D82: =+L21+L41+L61 -> 5929
A83: 10 | B83: CONSULTA MEDICAS PEDIATRICAS | C83: =+K22+K42+K62 -> 2497 | D83: =+L22+L42+L62 -> 2755
A84: 11 | B84: ESTOMATOLOGIA | C84: =+K23+K43+K63 -> 240 | D84: =+L23+L43+L63 -> 305
A85: 12 | B85: ENCAMAMIENTO POR COMPLICACIONES | C85: =+K24+K44+K64 -> 125 | D85: =+L24+L44+L64 -> 113
... A88: 15 | B88: HOLTERS | C88: =+K27+K47+K67 -> 186 | D88: =+L27+L47+L67 -> 150
A89: Total | C89: =SUM(C74:C88) -> 13086 | D89: =SUM(D74:D88) -> 15300
B113: Elaborado por: | C113: ___________________________ | F113: Autorizado por: | H113: _______________________________________
C114: VÍctor Cresencio Reyes Porres | H114: Dr. Walter Antonio Mazariegos Samayoa
C115: Jefe de Contabilidad | H115: Director General
B116: Fecha: | C116: 08 de julio 2,022

Sheet EJEC. FISICA JULIO
L2: CTE-9
L3: Vigente abril 2022
A6: UNIDAD DE CIRUGIA CARDIOVASCULAR DE GUATEMALA
A7: 5a. AVENIDA 6-22 ZONA 11
A8: dgunicar@yahoo.es Tel. 24163000
B10: Ejecucion y/o avance de cumplimiento de metas fisicas correspondiente al primer cuatrimestre
A11: No. | B11: Servicio | C11: Enero | E11: Febrero | G11: Marzo | I11: Abril | K11: Total cuatrimestre
C12: Programado | D12: Ejecutado | E12: Programado | F12: Ejecutado | G12: Programado | H12: Ejecutado | I12: Programado | J12: Ejecutado | K12: Programado | L12: Ejecutado
A13: 1 | B13: CIRUGIA DE ADULTOS | C13: 6 | D13: 9 | E13: 14 | F13: 8 | G13: 14 | H13: 12 | I13: 12 | J13: 10 | K13: =+C13+E13+G13+I13 -> 46 | L13: =+D13+F13+H13+J13 -> 39
A14: 2 | B14: CIRUGIA DE PEDIATRIA | C14: 6 | D14: 8 | E14: 14 | F14: 6 | G14: 14 | H14: 22 | I14: 12 | J14: 15 | K14: =+C14+E14+G14+I14 -> 46 | L14: =+D14+F14+H14+J14 -> 51
A15: 3 | B15: HEMODINAMIA ADULTOS | C15: 26 | D15: 84 | E15: 55 | F15: 82 | G15: 55 | H15: 93 | I15: 55 | J15: 72 | K15: =+C15+E15+G15+I15 -> 191 | L15: =+D15+F15+H15+J15 -> 331
A16: 4 | B16: HEMODINAMIA PEDIATRIA | C16: 5 | D16: 9 | E16: 11 | F16: 13 | G16: 11 | H16: 13 | I16: 11 | J16: 12 | K16: =+C16+E16+G16+I16 -> 38 | L16: =+D16+F16+H16+J16 -> 47
A17: 5 | B17: ECOCARDIOGRAMA ADULTOS | C17: 158 | D17: 411 | E17: 348 | F17: 324 | G17: 348 | H17: 331 | I17: 347 | J17: 285 | K17: =+C17+E17+G17+I17 -> 1201 | L17: =+D17+F17+H17+J17 -> 1351
A18: 6 | B18: ECOCARDIOGRAMA PEDIATRIA | C18: 85 | D18: 130 | E18: 183 | F18: 194 | G18: 183 | H18: 330 | I18: 183 | J18: 157 | K18: =+C18+E18+G18+I18 -> 634 | L18: =+D18+F18+H18+J18 -> 811
A19: 7 | B19: ELECTROCARDIOGRAMAS ADULTOS | C19: 65 | D19: 148 | E19: 141 | F19: 123 | G19: 141 | H19: 172 | I19: 141 | J19: 103 | K19: =+C19+E19+G19+I19 -> 488 | L19: =+D19+F19+H19+J19 -> 546
A20: 8 | B20: ELECTROCARDIOGRAMAS PEDIATRIA | C20: 62 | D20: 132 | E20: 138 | F20: 145 | G20: 138 | H20: 211 | I20: 134 | J20: 113 | K20: =+C20+E20+G20+I20 -> 472 | L20: =+D20+F20+H20+J20 -> 601
A21: 9 | B21: CONSULTAS MEDICAS ADULTOS | C21: 408 | D21: 935 | E21: 898 | F21: 1024 | G21: 898 | H21: 1155 | I21: 898 | J21: 829 | K21: =+C21+E21+G21+I21 -> 3102 | L21: =+D21+F21+H21+J21 -> 3943
A22: 10 | B22: CONSULTA MEDICAS PEDIATRICAS | C22: 208 | D22: 398 | E22: 459 | F22: 481 | G22: 459 | H22: 596 | I22: 453 | J22: 377 | K22: =+C22+E22+G22+I22 -> 1579 | L22: =+D22+F22+H22+J22 -> 1852
A23: 11 | B23: ESTOMATOLOGIA | C23: 20 | D23: 57 | E23: 44 | F23: 57 | G23: 44 | H23: 62 | I23: 44 | J23: 33 | K23: =+C23+E23+G23+I23 -> 152 | L23: =+D23+F23+H23+J23 -> 209
A24: 12 | B24: ENCAMAMIENTO POR COMPLICACIONES | C24: 10 | D24: 18 | E24: 23 | F24: 21 | G24: 23 | H24: 17 | I24: 23 | J24: 15 | K24: =+C24+E24+G24+I24 -> 79 | L24: =+D24+F24+H24+J24 -> 71
... A27: 15 | B27: HOLTERS | C27: 14 | D27: 17 | E27: 35 | F27: 24 | G27: 35 | H27: 21 | I27: 32 | J27: 21 | K27: =+C27+E27+G27+I27 -> 116 | L27: =+D27+F27+H27+J27 -> 83
A28: Total | C28: =SUM(C13:C27) -> 1091 | D28: =SUM(D13:D27) -> 2402 | E28: =SUM(E13:E27) -> 2403 | F28: =SUM(F13:F27) -> 2565 | G28: =SUM(G13:G27) -> 2403 | H28: =SUM(H13:H27) -> 3093 | I28: =SUM(I13:I27) -> 2381 | J28: =SUM(J13:J27) -> 2095 | ... L28: =SUM(L13:L27) -> 10155
B30: Programacion de metas fisicas versus ejecucion (mensual) segundo cuatrimestre
A31: No. | B31: Servicio | C31: Mayo | E31: Junio | G31: Julio | I31: Agosto | K31: Totales | M31: Total acumulado
C32: Programado | D32: Ejecutado | E32: Programado | F32: Ejecutado | G32: Programado | H32: Ejecutado | I32: Programado | J32: Ejecutado | K32: Programado | L32: Ejecutado | M32: Programado | N32: Ejecutado
A33: 1 | B33: CIRUGIA DE ADULTOS | C33: 14 | D33: 13 | E33: 14 | F33: 19 | G33: 14 | H33: 14 | K33: =+C33+E33+G33+I33 -> 42 | L33: =+D33+F33+H33+J33 -> 46 | M33: =+K33+K13 -> 88 | N33: =+L33+L13 -> 85
A34: 2 | B34: CIRUGIA DE PEDIATRIA | C34: 14 | D34: 20 | E34: 14 | F34: 9 | G34: 14 | H34: 8 | K34: =+C34+E34+G34+I34 -> 42 | L34: =+D34+F34+H34+J34 -> 37 | M34: =+K34+K14 -> 88 | N34: =+L34+L14 -> 88
A35: 3 | B35: HEMODINAMIA ADULTOS | C35: 56 | D35: 93 | E35: 56 | F35: 84 | G35: 56 | H35: 79 | K35: =+C35+E35+G35+I35 -> 168 | L35: =+D35+F35+H35+J35 -> 256 | M35: =+K35+K15 -> 359 | N35: =+L35+L15 -> 587
A36: 4 | B36: HEMODINAMIA PEDIATRIA | C36: 11 | D36: 19 | E36: 11 | F36: 15 | G36: 11 | H36: 11 | K36: =+C36+E36+G36+I36 -> 33 | L36: =+D36+F36+H36+J36 -> 45 | M36: =+K36+K16 -> 71 | N36: =+L36+L16 -> 92
A37: 5 | B37: ECOCARDIOGRAMA ADULTOS | C37: 348 | D37: 361 | E37: 348 | F37: 373 | G37: 349 | H37: 409 | K37: =+C37+E37+G37+I37 -> 1045 | L37: =+D37+F37+H37+J37 -> 1143 | M37: =+K37+K17 -> 2246 | N37: =+L37+L17 -> 2494
A38: 6 | B38: ECOCARDIOGRAMA PEDIATRIA | C38: 183 | D38: 177 | E38: 183 | F38: 176 | G38: 183 | H38: 166 | K38: =+C38+E38+G38+I38 -> 549 | L38: =+D38+F38+H38+J38 -> 519 | M38: =+K38+K18 -> 1183 | N38: =+L38+L18 -> 1330
A39: 7 | B39: ELECTROCARDIOGRAMAS ADULTOS | C39: 141 | D39: 151 | E39: 141 | F39: 108 | G39: 141 | H39: 131 | K39: =+C39+E39+G39+I39 -> 423 | L39: =+D39+F39+H39+J39 -> 390 | M39: =+K39+K19 -> 911 | N39: =+L39+L19 -> 936
A40: 8 | B40: ELECTROCARDIOGRAMAS PEDIATRIA | C40: 138 | D40: 181 | E40: 138 | F40: 163 | G40: 138 | H40: 130 | K40: =+C40+E40+G40+I40 -> 414 | L40: =+D40+F40+H40+J40 -> 474 | M40: =+K40+K20 -> 886 | N40: =+L40+L20 -> 1075
A41: 9 | B41: CONSULTAS MEDICAS ADULTOS | C41: 898 | D41: 984 | E41: 898 | F41: 1002 | G41: 898 | H41: 956 | K41: =+C41+E41+G41+I41 -> 2694 | L41: =+D41+F41+H41+J41 -> 2942 | M41: =+K41+K21 -> 5796 | N41: =+L41+L21 -> 6885
A42: 10 | B42: CONSULTA MEDICAS PEDIATRICAS | C42: 459 | D42: 501 | E42: 459 | F42: 402 | G42: 459 | H42: 396 | K42: =+C42+E42+G42+I42 -> 1377 | L42: =+D42+F42+H42+J42 -> 1299 | M42: =+K42+K22 -> 2956 | N42: =+L42+L22 -> 3151
A43: 11 | B43: ESTOMATOLOGIA | C43: 44 | D43: 56 | E43: 44 | F43: 40 | G43: 44 | H43: 43 | K43: =+C43+E43+G43+I43 -> 132 | L43: =+D43+F43+H43+J43 -> 139 | M43: =+K43+K23 -> 284 | N43: =+L43+L23 -> 348
A44: 12 | B44: ENCAMAMIENTO POR COMPLICACIONES | C44: 23 | D44: 21 | E44: 23 | F44: 21 | G44: 23 | H44: 18 | K44: =+C44+E44+G44+I44 -> 69 | L44: =+D44+F44+H44+J44 -> 60 | M44: =+K44+K24 -> 148 | N44: =+L44+L24 -> 131
... A47: 15 | B47: HOLTERS | C47: 35 | D47: 21 | E47: 35 | F47: 46 | G47: 35 | H47: 46 | K47: =+C47+E47+G47+I47 -> 105 | L47: =+D47+F47+H47+J47 -> 113 | M47: =+K47+K27 -> 221 | N47: =+L47+L27 -> 196
A48: Total | C48: =SUM(C33:C47) -> 2404 | D48: =SUM(D33:D47) -> 2657 | E48: =SUM(E33:E47) -> 2404 | F48: =SUM(F33:F47) -> 2488 | G48: =SUM(G33:G47) -> 2405 | H48: =SUM(H33:H47) -> 2444 | I48: =SUM(I33:I47) -> 0 | J48: =SUM(J33:J47) -> 0 | ... N48: =SUM(N33:N47) -> 17744
B50: Programacion de metas fisicas versus ejecucion (mensual) tercer cuatrimestre
A51: No. | B51: Servicio | C51: Septiembre | E51: Octubre | G51: Noviembre | I51: Diciembre | K51: Totales | M51: Total acumulado
C52: Programado | D52: Ejecutado | E52: Programado | F52: Ejecutado | G52: Programado | H52: Ejecutado | I52: Programado | J52: Ejecutado | K52: Programado | L52: Ejecutado | M52: Programado | N52: Ejecutado
A53: 1 | B53: CIRUGIA DE ADULTOS | K53: =+C53+E53+G53+I53 -> 0 | L53: =+D53+F53+H53+J53 -> 0 | M53: =+K53+M33 -> 88 | N53: =+L53+N33 -> 85
A54: 2 | B54: CIRUGIA DE PEDIATRIA | K54: =+C54+E54+G54+I54 -> 0 | L54: =+D54+F54+H54+J54 -> 0 | M54: =+K54+M34 -> 88 | N54: =+L54+N34 -> 88
A55: 3 | B55: HEMODINAMIA ADULTOS | K55: =+C55+E55+G55+I55 -> 0 | L55: =+D55+F55+H55+J55 -> 0 | M55: =+K55+M35 -> 359 | N55: =+L55+N35 -> 587
A56: 4 | B56: HEMODINAMIA PEDIATRIA | K56: =+C56+E56+G56+I56 -> 0 | L56: =+D56+F56+H56+J56 -> 0 | M56: =+K56+M36 -> 71 | N56: =+L56+N36 -> 92
A57: 5 | B57: ECOCARDIOGRAMA ADULTOS | K57: =+C57+E57+G57+I57 -> 0 | L57: =+D57+F57+H57+J57 -> 0 | M57: =+K57+M37 -> 2246 | N57: =+L57+N37 -> 2494
A58: 6 | B58: ECOCARDIOGRAMA PEDIATRIA | K58: =+C58+E58+G58+I58 -> 0 | L58: =+D58+F58+H58+J58 -> 0 | M58: =+K58+M38 -> 1183 | N58: =+L58+N38 -> 1330
A59: 7 | B59: ELECTROCARDIOGRAMAS ADULTOS | K59: =+C59+E59+G59+I59 -> 0 | L59: =+D59+F59+H59+J59 -> 0 | M59: =+K59+M39 -> 911 | N59: =+L59+N39 -> 936
A60: 8 | B60: ELECTROCARDIOGRAMAS PEDIATRIA | K60: =+C60+E60+G60+I60 -> 0 | L60: =+D60+F60+H60+J60 -> 0 | M60: =+K60+M40 -> 886 | N60: =+L60+N40 -> 1075
A61: 9 | B61: CONSULTAS MEDICAS ADULTOS | K61: =+C61+E61+G61+I61 -> 0 | L61: =+D61+F61+H61+J61 -> 0 | M61: =+K61+M41 -> 5796 | N61: =+L61+N41 -> 6885
A62: 10 | B62: CONSULTA MEDICAS PEDIATRICAS | K62: =+C62+E62+G62+I62 -> 0 | L62: =+D62+F62+H62+J62 -> 0 | M62: =+K62+M42 -> 2956 | N62: =+L62+N42 -> 3151
A63: 11 | B63: ESTOMATOLOGIA | K63: =+C63+E63+G63+I63 -> 0 | L63: =+D63+F63+H63+J63 -> 0 | M63: =+K63+M43 -> 284 | N63: =+L63+N43 -> 348
A64: 12 | B64: ENCAMAMIENTO POR COMPLICACIONES | K64: =+C64+E64+G64+I64 -> 0 | L64: =+D64+F64+H64+J64 -> 0 | M64: =+K64+M44 -> 148 | N64: =+L64+N44 -> 131
... A67: 15 | B67: HOLTERS | K67: =+C67+E67+G67+I67 -> 0 | L67: =+D67+F67+H67+J67 -> 0 | M67: =+K67+M47 -> 221 | N67: =+L67+N47 -> 196
A68: Total | C68: =SUM(C53:C67) -> 0 | D68: =SUM(D53:D67) -> 0 | E68: =SUM(E53:E67) -> 0 | F68: =SUM(F53:F67) -> 0 | G68: =SUM(G53:G67) -> 0 | H68: =SUM(H53:H67) -> 0 | I68: =SUM(I53:I67) -> 0 | J68: =SUM(J53:J67) -> 0 | ... N68: =SUM(N53:N67) -> 17744
B71: RESUMEN AÑO 2022
A72: No. | B72: Servicio | C72: Totales
C73: Programado | D73: Ejecutado
A74: 1 | B74: CIRUGIA DE ADULTOS | C74: =+K13+K33+K53 -> 88 | D74: =+L13+L33+L53 -> 85
A75: 2 | B75: CIRUGIA DE PEDIATRIA | C75: =+K14+K34+K54 -> 88 | D75: =+L14+L34+L54 -> 88
A76: 3 | B76: HEMODINAMIA ADULTOS | C76: =+K15+K35+K55 -> 359 | D76: =+L15+L35+L55 -> 587
A77: 4 | B77: HEMODINAMIA PEDIATRIA | C77: =+K16+K36+K56 -> 71 | D77: =+L16+L36+L56 -> 92
A78: 5 | B78: ECOCARDIOGRAMA ADULTOS | C78: =+K17+K37+K57 -> 2246 | D78: =+L17+L37+L57 -> 2494
A79: 6 | B79: ECOCARDIOGRAMA PEDIATRIA | C79: =+K18+K38+K58 -> 1183 | D79: =+L18+L38+L58 -> 1330
A80: 7 | B80: ELECTROCARDIOGRAMAS ADULTOS | C80: =+K19+K39+K59 -> 911 | D80: =+L19+L39+L59 -> 936
A81: 8 | B81: ELECTROCARDIOGRAMAS PEDIATRIA | C81: =+K20+K40+K60 -> 886 | D81: =+L20+L40+L60 -> 1075
A82: 9 | B82: CONSULTAS MEDICAS ADULTOS | C82: =+K21+K41+K61 -> 5796 | D82: =+L21+L41+L61 -> 6885
A83: 10 | B83: CONSULTA MEDICAS PEDIATRICAS | C83: =+K22+K42+K62 -> 2956 | D83: =+L22+L42+L62 -> 3151
A84: 11 | B84: ESTOMATOLOGIA | C84: =+K23+K43+K63 -> 284 | D84: =+L23+L43+L63 -> 348
A85: 12 | B85: ENCAMAMIENTO POR COMPLICACIONES | C85: =+K24+K44+K64 -> 148 | D85: =+L24+L44+L64 -> 131
... A88: 15 | B88: HOLTERS | C88: =+K27+K47+K67 -> 221 | D88: =+L27+L47+L67 -> 196
A89: Total | C89: =SUM(C74:C88) -> 15491 | D89: =SUM(D74:D88) -> 17744
B113: Elaborado por: | C113: ___________________________ | F113: Autorizado por: | H113: _______________________________________
C114: VÍctor Cresencio Reyes Porres | H114: Dr. Walter Antonio Mazariegos Samayoa
C115: Jefe de Contabilidad | H115: Director General
B116: Fecha: | C116: 10 de agosto 2,022

Sheet EJEC. FISICA AGOSTO
L2: CTE-9
L3: Vigente abril 2022
A6: UNIDAD DE CIRUGIA CARDIOVASCULAR DE GUATEMALA
A7: 5a. AVENIDA 6-22 ZONA 11
A8: dgunicar@yahoo.es Tel. 24163000
B10: Ejecucion y/o avance de cumplimiento de metas fisicas correspondiente al primer cuatrimestre
A11: No. | B11: Servicio | C11: Enero | E11: Febrero | G11: Marzo | I11: Abril | K11: Total cuatrimestre
C12: Programado | D12: Ejecutado | E12: Programado | F12: Ejecutado | G12: Programado | H12: Ejecutado | I12: Programado | J12: Ejecutado | K12: Programado | L12: Ejecutado
A13: 1 | B13: CIRUGIA DE ADULTOS | C13: 6 | D13: 9 | E13: 14 | F13: 8 | G13: 14 | H13: 12 | I13: 12 | J13: 10 | K13: =+C13+E13+G13+I13 -> 46 | L13: =+D13+F13+H13+J13 -> 39
A14: 2 | B14: CIRUGIA DE PEDIATRIA | C14: 6 | D14: 8 | E14: 14 | F14: 6 | G14: 14 | H14: 22 | I14: 12 | J14: 15 | K14: =+C14+E14+G14+I14 -> 46 | L14: =+D14+F14+H14+J14 -> 51
A15: 3 | B15: HEMODINAMIA ADULTOS | C15: 26 | D15: 84 | E15: 55 | F15: 82 | G15: 55 | H15: 93 | I15: 55 | J15: 72 | K15: =+C15+E15+G15+I15 -> 191 | L15: =+D15+F15+H15+J15 -> 331
A16: 4 | B16: HEMODINAMIA PEDIATRIA | C16: 5 | D16: 9 | E16: 11 | F16: 13 | G16: 11 | H16: 13 | I16: 11 | J16: 12 | K16: =+C16+E16+G16+I16 -> 38 | L16: =+D16+F16+H16+J16 -> 47
A17: 5 | B17: ECOCARDIOGRAMA ADULTOS | C17: 158 | D17: 411 | E17: 348 | F17: 324 | G17: 348 | H17: 331 | I17: 347 | J17: 285 | K17: =+C17+E17+G17+I17 -> 1201 | L17: =+D17+F17+H17+J17 -> 1351
A18: 6 | B18: ECOCARDIOGRAMA PEDIATRIA | C18: 85 | D18: 130 | E18: 183 | F18: 194 | G18: 183 | H18: 330 | I18: 183 | J18: 157 | K18: =+C18+E18+G18+I18 -> 634 | L18: =+D18+F18+H18+J18 -> 811
A19: 7 | B19: ELECTROCARDIOGRAMAS ADULTOS | C19: 65 | D19: 148 | E19: 141 | F19: 123 | G19: 141 | H19: 172 | I19: 141 | J19: 103 | K19: =+C19+E19+G19+I19 -> 488 | L19: =+D19+F19+H19+J19 -> 546
A20: 8 | B20: ELECTROCARDIOGRAMAS PEDIATRIA | C20: 62 | D20: 132 | E20: 138 | F20: 145 | G20: 138 | H20: 211 | I20: 134 | J20: 113 | K20: =+C20+E20+G20+I20 -> 472 | L20: =+D20+F20+H20+J20 -> 601
A21: 9 | B21: CONSULTAS MEDICAS ADULTOS | C21: 408 | D21: 935 | E21: 898 | F21: 1024 | G21: 898 | H21: 1155 | I21: 898 | J21: 829 | K21: =+C21+E21+G21+I21 -> 3102 | L21: =+D21+F21+H21+J21 -> 3943
A22: 10 | B22: CONSULTA MEDICAS PEDIATRICAS | C22: 208 | D22: 398 | E22: 459 | F22: 481 | G22: 459 | H22: 596 | I22: 453 | J22: 377 | K22: =+C22+E22+G22+I22 -> 1579 | L22: =+D22+F22+H22+J22 -> 1852
A23: 11 | B23: ESTOMATOLOGIA | C23: 20 | D23: 57 | E23: 44 | F23: 57 | G23: 44 | H23: 62 | I23: 44 | J23: 33 | K23: =+C23+E23+G23+I23 -> 152 | L23: =+D23+F23+H23+J23 -> 209
A24: 12 | B24: ENCAMAMIENTO POR COMPLICACIONES | C24: 10 | D24: 18 | E24: 23 | F24: 21 | G24: 23 | H24: 17 | I24: 23 | J24: 15 | K24: =+C24+E24+G24+I24 -> 79 | L24: =+D24+F24+H24+J24 -> 71
... A27: 15 | B27: HOLTERS | C27: 14 | D27: 17 | E27: 35 | F27: 24 | G27: 35 | H27: 21 | I27: 32 | J27: 21 | K27: =+C27+E27+G27+I27 -> 116 | L27: =+D27+F27+H27+J27 -> 83
A28: Total | C28: =SUM(C13:C27) -> 1091 | D28: =SUM(D13:D27) -> 2402 | E28: =SUM(E13:E27) -> 2403 | F28: =SUM(F13:F27) -> 2565 | G28: =SUM(G13:G27) -> 2403 | H28: =SUM(H13:H27) -> 3093 | I28: =SUM(I13:I27) -> 2381 | J28: =SUM(J13:J27) -> 2095 | ... L28: =SUM(L13:L27) -> 10155
B30: Programacion de metas fisicas versus ejecucion (mensual) segundo cuatrimestre
A31: No. | B31: Servicio | C31: Mayo | E31: Junio | G31: Julio | I31: Agosto | K31: Totales | M31: Total acumulado
C32: Programado | D32: Ejecutado | E32: Programado | F32: Ejecutado | G32: Programado | H32: Ejecutado | I32: Programado | J32: Ejecutado | K32: Programado | L32: Ejecutado | M32: Programado | N32: Ejecutado
A33: 1 | B33: CIRUGIA DE ADULTOS | C33: 14 | D33: 13 | E33: 14 | F33: 19 | G33: 14 | H33: 14 | I33: 14 | J33: 14 | K33: =+C33+E33+G33+I33 -> 56 | L33: =+D33+F33+H33+J33 -> 60 | M33: =+K33+K13 -> 102 | N33: =+L33+L13 -> 99
A34: 2 | B34: CIRUGIA DE PEDIATRIA | C34: 14 | D34: 20 | E34: 14 | F34: 9 | G34: 14 | H34: 8 | I34: 14 | J34: 14 | K34: =+C34+E34+G34+I34 -> 56 | L34: =+D34+F34+H34+J34 -> 51 | M34: =+K34+K14 -> 102 | N34: =+L34+L14 -> 102
A35: 3 | B35: HEMODINAMIA ADULTOS | C35: 56 | D35: 93 | E35: 56 | F35: 84 | G35: 56 | H35: 79 | I35: 56 | J35: 95 | K35: =+C35+E35+G35+I35 -> 224 | L35: =+D35+F35+H35+J35 -> 351 | M35: =+K35+K15 -> 415 | N35: =+L35+L15 -> 682
A36: 4 | B36: HEMODINAMIA PEDIATRIA | C36: 11 | D36: 19 | E36: 11 | F36: 15 | G36: 11 | H36: 11 | I36: 11 | J36: 21 | K36: =+C36+E36+G36+I36 -> 44 | L36: =+D36+F36+H36+J36 -> 66 | M36: =+K36+K16 -> 82 | N36: =+L36+L16 -> 113
A37: 5 | B37: ECOCARDIOGRAMA ADULTOS | C37: 348 | D37: 361 | E37: 348 | F37: 373 | G37: 349 | H37: 409 | I37: 349 | J37: 430 | K37: =+C37+E37+G37+I37 -> 1394 | L37: =+D37+F37+H37+J37 -> 1573 | M37: =+K37+K17 -> 2595 | N37: =+L37+L17 -> 2924
A38: 6 | B38: ECOCARDIOGRAMA PEDIATRIA | C38: 183 | D38: 177 | E38: 183 | F38: 176 | G38: 183 | H38: 166 | I38: 183 | J38: 249 | K38: =+C38+E38+G38+I38 -> 732 | L38: =+D38+F38+H38+J38 -> 768 | M38: =+K38+K18 -> 1366 | N38: =+L38+L18 -> 1579
A39: 7 | B39: ELECTROCARDIOGRAMAS ADULTOS | C39: 141 | D39: 151 | E39: 141 | F39: 108 | G39: 141 | H39: 131 | I39: 141 | J39: 147 | K39: =+C39+E39+G39+I39 -> 564 | L39: =+D39+F39+H39+J39 -> 537 | M39: =+K39+K19 -> 1052 | N39: =+L39+L19 -> 1083
A40: 8 | B40: ELECTROCARDIOGRAMAS PEDIATRIA | C40: 138 | D40: 181 | E40: 138 | F40: 163 | G40: 138 | H40: 130 | I40: 138 | J40: 149 | K40: =+C40+E40+G40+I40 -> 552 | L40: =+D40+F40+H40+J40 -> 623 | M40: =+K40+K20 -> 1024 | N40: =+L40+L20 -> 1224
A41: 9 | B41: CONSULTAS MEDICAS ADULTOS | C41: 898 | D41: 984 | E41: 898 | F41: 1002 | G41: 898 | H41: 956 | I41: 898 | J41: 1062 | K41: =+C41+E41+G41+I41 -> 3592 | L41: =+D41+F41+H41+J41 -> 4004 | M41: =+K41+K21 -> 6694 | N41: =+L41+L21 -> 7947
A42: 10 | B42: CONSULTA MEDICAS PEDIATRICAS | C42: 459 | D42: 501 | E42: 459 | F42: 402 | G42: 459 | H42: 396 | I42: 459 | J42: 455 | K42: =+C42+E42+G42+I42 -> 1836 | L42: =+D42+F42+H42+J42 -> 1754 | M42: =+K42+K22 -> 3415 | N42: =+L42+L22 -> 3606
A43: 11 | B43: ESTOMATOLOGIA | C43: 44 | D43: 56 | E43: 44 | F43: 40 | G43: 44 | H43: 43 | I43: 44 | J43: 42 | K43: =+C43+E43+G43+I43 -> 176 | L43: =+D43+F43+H43+J43 -> 181 | M43: =+K43+K23 -> 328 | N43: =+L43+L23 -> 390
A44: 12 | B44: ENCAMAMIENTO POR COMPLICACIONES | C44: 23 | D44: 21 | E44: 23 | F44: 21 | G44: 23 | H44: 18 | I44: 23 | J44: 18 | K44: =+C44+E44+G44+I44 -> 92 | L44: =+D44+F44+H44+J44 -> 78 | M44: =+K44+K24 -> 171 | N44: =+L44+L24 -> 149
... A47: 15 | B47: HOLTERS | C47: 35 | D47: 21 | E47: 35 | F47: 46 | G47: 35 | H47: 46 | I47: 35 | J47: 63 | K47: =+C47+E47+G47+I47 -> 140 | L47: =+D47+F47+H47+J47 -> 176 | M47: =+K47+K27 -> 256 | N47: =+L47+L27 -> 259
A48: Total | C48: =SUM(C33:C47) -> 2404 | D48: =SUM(D33:D47) -> 2657 | E48: =SUM(E33:E47) -> 2404 | F48: =SUM(F33:F47) -> 2488 | G48: =SUM(G33:G47) -> 2405 | H48: =SUM(H33:H47) -> 2444 | I48: =SUM(I33:I47) -> 2405 | J48: =SUM(J33:J47) -> 2798 | ... N48: =SUM(N33:N47) -> 20542
B50: Programacion de metas fisicas versus ejecucion (mensual) tercer cuatrimestre
A51: No. | B51: Servicio | C51: Septiembre | E51: Octubre | G51: Noviembre | I51: Diciembre | K51: Totales | M51: Total acumulado
C52: Programado | D52: Ejecutado | E52: Programado | F52: Ejecutado | G52: Programado | H52: Ejecutado | I52: Programado | J52: Ejecutado | K52: Programado | L52: Ejecutado | M52: Programado | N52: Ejecutado
A53: 1 | B53: CIRUGIA DE ADULTOS | K53: =+C53+E53+G53+I53 -> 0 | L53: =+D53+F53+H53+J53 -> 0 | M53: =+K53+M33 -> 102 | N53: =+L53+N33 -> 99
A54: 2 | B54: CIRUGIA DE PEDIATRIA | K54: =+C54+E54+G54+I54 -> 0 | L54: =+D54+F54+H54+J54 -> 0 | M54: =+K54+M34 -> 102 | N54: =+L54+N34 -> 102
A55: 3 | B55: HEMODINAMIA ADULTOS | K55: =+C55+E55+G55+I55 -> 0 | L55: =+D55+F55+H55+J55 -> 0 | M55: =+K55+M35 -> 415 | N55: =+L55+N35 -> 682
A56: 4 | B56: HEMODINAMIA PEDIATRIA | K56: =+C56+E56+G56+I56 -> 0 | L56: =+D56+F56+H56+J56 -> 0 | M56: =+K56+M36 -> 82 | N56: =+L56+N36 -> 113
A57: 5 | B57: ECOCARDIOGRAMA ADULTOS | K57: =+C57+E57+G57+I57 -> 0 | L57: =+D57+F57+H57+J57 -> 0 | M57: =+K57+M37 -> 2595 | N57: =+L57+N37 -> 2924
A58: 6 | B58: ECOCARDIOGRAMA PEDIATRIA | K58: =+C58+E58+G58+I58 -> 0 | L58: =+D58+F58+H58+J58 -> 0 | M58: =+K58+M38 -> 1366 | N58: =+L58+N38 -> 1579
A59: 7 | B59: ELECTROCARDIOGRAMAS ADULTOS | K59: =+C59+E59+G59+I59 -> 0 | L59: =+D59+F59+H59+J59 -> 0 | M59: =+K59+M39 -> 1052 | N59: =+L59+N39 -> 1083
A60: 8 | B60: ELECTROCARDIOGRAMAS PEDIATRIA | K60: =+C60+E60+G60+I60 -> 0 | L60: =+D60+F60+H60+J60 -> 0 | M60: =+K60+M40 -> 1024 | N60: =+L60+N40 -> 1224
A61: 9 | B61: CONSULTAS MEDICAS ADULTOS | K61: =+C61+E61+G61+I61 -> 0 | L61: =+D61+F61+H61+J61 -> 0 | M61: =+K61+M41 -> 6694 | N61: =+L61+N41 -> 7947
A62: 10 | B62: CONSULTA MEDICAS PEDIATRICAS | K62: =+C62+E62+G62+I62 -> 0 | L62: =+D62+F62+H62+J62 -> 0 | M62: =+K62+M42 -> 3415 | N62: =+L62+N42 -> 3606
A63: 11 | B63: ESTOMATOLOGIA | K63: =+C63+E63+G63+I63 -> 0 | L63: =+D63+F63+H63+J63 -> 0 | M63: =+K63+M43 -> 328 | N63: =+L63+N43 -> 390
A64: 12 | B64: ENCAMAMIENTO POR COMPLICACIONES | K64: =+C64+E64+G64+I64 -> 0 | L64: =+D64+F64+H64+J64 -> 0 | M64: =+K64+M44 -> 171 | N64: =+L64+N44 -> 149
... A67: 15 | B67: HOLTERS | K67: =+C67+E67+G67+I67 -> 0 | L67: =+D67+F67+H67+J67 -> 0 | M67: =+K67+M47 -> 256 | N67: =+L67+N47 -> 259
A68: Total | C68: =SUM(C53:C67) -> 0 | D68: =SUM(D53:D67) -> 0 | E68: =SUM(E53:E67) -> 0 | F68: =SUM(F53:F67) -> 0 | G68: =SUM(G53:G67) -> 0 | H68: =SUM(H53:H67) -> 0 | I68: =SUM(I53:I67) -> 0 | J68: =SUM(J53:J67) -> 0 | ... N68: =SUM(N53:N67) -> 20542
B71: RESUMEN AÑO 2022
A72: No. | B72: Servicio | C72: Totales
C73: Programado | D73: Ejecutado
A74: 1 | B74: CIRUGIA DE ADULTOS | C74: =+K13+K33+K53 -> 102 | D74: =+L13+L33+L53 -> 99
A75: 2 | B75: CIRUGIA DE PEDIATRIA | C75: =+K14+K34+K54 -> 102 | D75: =+L14+L34+L54 -> 102
A76: 3 | B76: HEMODINAMIA ADULTOS | C76: =+K15+K35+K55 -> 415 | D76: =+L15+L35+L55 -> 682
A77: 4 | B77: HEMODINAMIA PEDIATRIA | C77: =+K16+K36+K56 -> 82 | D77: =+L16+L36+L56 -> 113
A78: 5 | B78: ECOCARDIOGRAMA ADULTOS | C78: =+K17+K37+K57 -> 2595 | D78: =+L17+L37+L57 -> 2924
A79: 6 | B79: ECOCARDIOGRAMA PEDIATRIA | C79: =+K18+K38+K58 -> 1366 | D79: =+L18+L38+L58 -> 1579
A80: 7 | B80: ELECTROCARDIOGRAMAS ADULTOS | C80: =+K19+K39+K59 -> 1052 | D80: =+L19+L39+L59 -> 1083
A81: 8 | B81: ELECTROCARDIOGRAMAS PEDIATRIA | C81: =+K20+K40+K60 -> 1024 | D81: =+L20+L40+L60 -> 1224
A82: 9 | B82: CONSULTAS MEDICAS ADULTOS | C82: =+K21+K41+K61 -> 6694 | D82: =+L21+L41+L61 -> 7947
A83: 10 | B83: CONSULTA MEDICAS PEDIATRICAS | C83: =+K22+K42+K62 -> 3415 | D83: =+L22+L42+L62 -> 3606
A84: 11 | B84: ESTOMATOLOGIA | C84: =+K23+K43+K63 -> 328 | D84: =+L23+L43+L63 -> 390
A85: 12 | B85: ENCAMAMIENTO POR COMPLICACIONES | C85: =+K24+K44+K64 -> 171 | D85: =+L24+L44+L64 -> 149
... A88: 15 | B88: HOLTERS | C88: =+K27+K47+K67 -> 256 | D88: =+L27+L47+L67 -> 259
A89: Total | C89: =SUM(C74:C88) -> 17896 | D89: =SUM(D74:D88) -> 20542
B113: Elaborado por: | C113: ___________________________ | F113: Autorizado por: | H113: _______________________________________
C114: VÍctor Cresencio Reyes Porres | H114: Dr. Walter Antonio Mazariegos Samayoa
C115: Jefe de Contabilidad | H115: Director General
B116: Fecha: | C116: 9 de septiembre 2,022

Sheet PRESUPUESTO MAYO 2022
A1: UNIDAD DE CIRUGIA CARDIOVASCULAR DE GUATEMALA
A2: FONDOS ESTATALES
A3: PRESUPUESTO MAYO 2,022
C4: PRESUPUESTO 2022 | D4: TRANSFERENCIAS (+-), AMPLIACION | E4: PRESUPUESTO AJUSTADO 2,022 | F4: EJECUTADO ENERO | G4: EJECUTADO FEBRERO | H4: EJECUTADO MARZO | I4: EJECUTADO ABRIL | J4: EJECUTADO MAYO | K4: EJECUTADO JUNIO | L4: EJECUTADO JULIO | M4: EJECUTADO AGOSTO | N4: EJECUTADO SEPTIEMBRE | O4: EJECUTADO OCTUBRE | P4: EJECUTADO NOVIEMBRE | Q4: EJECUTADO DICIEMBRE | R4: EJECUTADO COMPROMETIDO | S4: SALDO
B5: ASIGNACION DEL ESTADO | C5: 62000000 | E5: =+C5+D5 -> 62000000 | F5: 0 | G5: 0 | H5: 0 | I5: 12400000 | R5: =SUM(F5:Q5) -> 12400000 | S5: =+E5-R5 -> 49600000
B6: TOTAL ASIGNACION DEL ESTADO | C6: =SUM(C5) -> 62000000 | D6: =SUM(D5) -> 0 | E6: =SUM(E5) -> 62000000 | F6: =SUM(F5) -> 0 | G6: =SUM(G5) -> 0 | I6: =SUM(I5) -> 12400000 | R6: =SUM(R5) -> 12400000 | S6: =SUM(S5) -> 49600000
C8: =+C4 -> PRESUPUESTO 2022 | D8: TRANSFERENCIAS (+-) | E8: =+E4 -> PRESUPUESTO AJUSTADO 2,022 | F8: =+F4 -> EJECUTADO ENERO | G8: =+G4 -> EJECUTADO FEBRERO | H8: =+H4 -> EJECUTADO MARZO | I8: =+I4 -> EJECUTADO ABRIL | J8: =+J4 -> EJECUTADO MAYO | K8: =+K4 -> EJECUTADO JUNIO | L8: =+L4 -> EJECUTADO JULIO | ... Q8: =+Q4 -> EJECUTADO DICIEMBRE | R8: EJECUTADO COMPROMETIDO | S8: SALDO
A9: 011 | B9: RECURSO HUMANO | C9: 28977736 | E9: =+C9+D9 -> 28977736 | F9: 2367268.7 | G9: 2396683.9 | H9: 2410583.5 | I9: 2417060.8 | J9: 2417711.1 | R9: =SUM(F9:Q9) -> 12009308 | S9: =+E9-R9 -> 16968428
B10: TOTAL RECURSO HUMANO | C10: =SUM(C9) -> 28977736 | D10: =SUM(D9) -> 0 | E10: =SUM(E9) -> 28977736 | F10: =SUM(F9) -> 2367268.7 | G10: =SUM(G9) -> 2396683.9 | H10: =SUM(H9) -> 2410583.5 | I10: =SUM(I9) -> 2417060.8 | J10: =SUM(J9) -> 2417711.1 | R10: =SUM(R9) -> 12009308 | S10: =SUM(S9) -> 16968428
B12: GASTOS GENERALES | C12: =+C8 -> PRESUPUESTO 2022 | D12: TRANSFERENCIAS (+-) | E12: =+E8 -> PRESUPUESTO AJUSTADO 2,022 | F12: =+F8 -> EJECUTADO ENERO | G12: =+G8 -> EJECUTADO FEBRERO | H12: =+H8 -> EJECUTADO MARZO | I12: =+I8 -> EJECUTADO ABRIL | J12: =+J8 -> EJECUTADO MAYO | K12: =+K8 -> EJECUTADO JUNIO | L12: =+L8 -> EJECUTADO JULIO | ... Q12: =+Q8 -> EJECUTADO DICIEMBRE | R12: EJECUTADO COMPROMETIDO | S12: SALDO
A13: 111 | B13: ENERGIA ELECTRICA | C13: 850471.93 | E13: =+C13+D13 -> 850471.93 | G13: 70182.48 | H13: 80017.57 | I13: 86367.27 | J13: 94176.3 | R13: =SUM(F13:Q13) -> 330743.62 | S13: =+E13-R13 -> 519728.31
A14: 113 | B14: TELEFONIA | C14: 126775 | E14: =+C14+D14 -> 126775 | G14: 11227.09 | H14: 11306.4 | I14: 11126.04 | J14: 11246.38 | R14: =SUM(F14:Q14) -> 44905.91 | S14: =+E14-R14 -> 81869.09
A15: 122 | B15: IMPRESIÓN, ENCUADERNACION Y REPRODUCCION | C15: 60855.58 | E15: =+C15+D15 -> 60855.58 | H15: 3676 | I15: 55070.99 | J15: 0 | R15: =SUM(F15:Q15) -> 58746.99 | S15: =+E15-R15 -> 2108.59
A16: 163 | B16: MANT. Y REP. EQUIPO MEDICO SANITARIO Y DE LAB. | C16: 759242 | E16: =+C16+D16 -> 759242 | G16: 15700 | H16: 225896 | I16: 40521 | J16: 106351.08 | R16: =SUM(F16:Q16) -> 388468.08 | S16: =+E16-R16 -> 370773.92
A17: 168 | B17: MANT. DE SOFTWARE | C17: 1000 | E17: =+C17+D17 -> 1000 | H17: 0 | I17: 0 | J17: 0 | R17: =SUM(F17:Q17) -> 0 | S17: =+E17-R17 -> 1000
A18: 169 | B18: MAT. Y REP. DE OTRAS MAQ. Y EQUIPO | C18: 42320 | E18: =+C18+D18 -> 42320 | H18: 0 | I18: 0 | J18: 26300 | R18: =SUM(F18:Q18) -> 26300 | S18: =+E18-R18 -> 16020
A19: 171 | B19: MAT. Y REP. DE EDIFICIOS | C19: 43660 | E19: =+C19+D19 -> 43660 | H19: 12000 | I19: 0 | J19: 0 | R19: =SUM(F19:Q19) -> 12000 | S19: =+E19-R19 -> 31660
A20: 174 | B20: MANT. Y REP. DE INSTALACIONES | C20: 88276 | E20: =+C20+D20 -> 88276 | F20: 12720 | H20: 13500 | I20: 3135 | J20: 12720 | R20: =SUM(F20:Q20) -> 42075 | S20: =+E20-R20 -> 46201
A21: 182 | B21: SERVICIOS MEDICO-SANITARIOS | C21: 3815842 | E21: =+C21+D21 -> 3815842 | G21: 325651 | H21: 89549 | I21: 172385 | J21: 252319 | R21: =SUM(F21:Q21) -> 839904 | S21: =+E21-R21 -> 2975938
A22: 197 | B22: SERVICIOS DE VIGILANCIA | C22: 508200 | E22: =+C22+D22 -> 508200 | F22: 42000 | G22: 42000 | H22: 42000 | I22: 42000 | J22: 42000 | R22: =SUM(F22:Q22) -> 210000 | S22: =+E22-R22 -> 298200
A23: 199 | B23: OTROS SERVICIOS NO PERSONALES | C23: 804720 | E23: =+C23+D23 -> 804720 | G23: 76125.8 | H23: 51547.5 | I23: 53021.45 | J23: 46028.75 | R23: =SUM(F23:Q23) -> 226723.5 | S23: =+E23-R23 -> 577996.5
B24: SUMA GASTOS GENERALES | C24: =SUM(C13:C23) -> 7101362.5 | D24: =SUM(D13:D23) -> 0 | E24: =SUM(E13:E23) -> 7101362.5 | F24: =SUM(F13:F23) -> 54720 | G24: =SUM(G13:G23) -> 540886.37 | H24: =SUM(H13:H23) -> 529492.47 | I24: =SUM(I13:I23) -> 463626.75 | J24: =SUM(J13:J23) -> 591141.51 | R24: =SUM(R13:R23) -> 2179867.1 | S24: =SUM(S13:S23) -> 4921495.4
B25: MATERIALES Y SUMINISTROS | C25: =+C12 -> PRESUPUESTO 2022 | D25: TRANSFERENCIAS (+-) | E25: =+E12 -> PRESUPUESTO AJUSTADO 2,022 | F25: =+F12 -> EJECUTADO ENERO | G25: =+G12 -> EJECUTADO FEBRERO | H25: =+H4 -> EJECUTADO MARZO | I25: =+I4 -> EJECUTADO ABRIL | J25: =+J4 -> EJECUTADO MAYO | K25: =+K4 -> EJECUTADO JUNIO | L25: =+L4 -> EJECUTADO JULIO | M25: =+M4 -> EJECUTADO AGOSTO | N25: =+N4 -> EJECUTADO SEPTIEMBRE | O25: =+O4 -> EJECUTADO OCTUBRE | ... Q25: =+Q4 -> EJECUTADO DICIEMBRE | R25: EJECUTADO COMPROMETIDO | S25: SALDO
A26: 211 | B26: ALIMENTOS PARA PERSONAS | C26: 697986.85 | E26: =+C26+D26 -> 697986.85 | G26: 60583.5 | H26: 21884.75 | I26: 57741.75 | J26: 72399.5 | R26: =SUM(F26:Q26) -> 212609.5 | S26: =+E26-R26 -> 485377.35
B27: PRENDAS DE VESTIR | E27: =+C27+D27 -> 0 | R27: =SUM(F27:Q27) -> 0 | S27: =+E27-R27 -> 0
A28: 232 | B28: ACABADOS TEXTILES | C28: 150000 | E28: =+C28+D28 -> 150000 | H28: 0 | I28: 0 | J28: 0 | R28: =SUM(F28:Q28) -> 0 | S28: =+E28-R28 -> 150000
B29: PAPEL DE ESCRITORIO | E29: =+C29+D29 -> 0 | R29: =SUM(F29:Q29) -> 0 | S29: =+E29-R29 -> 0
B30: ESPECIES TIMBRADAS Y VALORES | E30: =+C30+D30 -> 0 | R30: =SUM(F30:Q30) -> 0 | S30: =+E30-R30 -> 0
A31: 261 | B31: ELEMENTOS Y COMPUESTOS QUIMICOS | C31: 994656.25 | E31: =+C31+D31 -> 994656.25 | G31: 60558.33 | H31: 82297.1 | I31: 66145.2 | J31: 75314.23 | R31: =SUM(F31:Q31) -> 284314.86 | S31: =+E31-R31 -> 710341.39
A32: 262 | B32: COMBUSTIBLES Y LUBRICANTES | C32: 8000 | E32: =+C32+D32 -> 8000 | H32: 0 | I32: 0 | J32: 0 | R32: =SUM(F32:Q32) -> 0 | S32: =+E32-R32 -> 8000
A33: 266 | B33: PRODUCTOS MEDICINALES Y FARMACEUTICOS | C33: 4583271.8 | E33: =+C33+D33 -> 4583271.8 | F33: 3000 | G33: 199538 | H33: 297052.37 | I33: 514211.15 | J33: 344949.64 | R33: =SUM(F33:Q33) -> 1358751.2 | S33: =+E33-R33 -> 3224520.7
A34: 267 | B34: TINTES, PINTURAS Y COLORANTES | C34: 9000 | E34: =+C34+D34 -> 9000 | H34: 0 | I34: 0 | J34: 0 | R34: =SUM(F34:Q34) -> 0 | S34: =+E34-R34 -> 9000
A35: 268 | B35: PRODUCTOS PLASTICOS, NYLON, VINIL Y PVC | C35: 141735.52 | E35: =+C35+D35 -> 141735.52 | H35: 24999.98 | I35: 37989 | J35: 6260 | R35: =SUM(F35:Q35) -> 69248.98 | S35: =+E35-R35 -> 72486.54
A36: 269 | B36: OTROS PRODUCTOS QUIMICOS Y CONEXOS | C36: 10000 | E36: =+C36+D36 -> 10000 | H36: 0 | I36: 0 | J36: 0 | R36: =SUM(F36:Q36) -> 0 | S36: =+E36-R36 -> 10000
A37: 289 | B37: OTROS PRODUCTOS METALICOS | C37: 6898.5 | E37: =+C37+D37 -> 6898.5 | H37: 6592.5 | I37: 0 | J37: 0 | R37: =SUM(F37:Q37) -> 6592.5 | S37: =+E37-R37 -> 306
A38: 292 | B38: UTILES DE LIMPIEZA Y PRODUCTOS SANITARIOS | C38: 84179.13 | E38: =+C38+D38 -> 84179.13 | H38: 39727.9 | I38: 29268.05 | J38: 6740.5 | R38: =SUM(F38:Q38) -> 75736.45 | S38: =+E38-R38 -> 8442.68
A39: 295 | B39: UTILES MENORES MEDICO QUIRURGICOS Y DE LAB. | C39: 18582481 | E39: =+C39+D39 -> 18582481 | G39: 100670 | H39: 926265.9 | I39: 2017378.7 | J39: 570742.6 | R39: =SUM(F39:Q39) -> 3615057.2 | S39: =+E39-R39 -> 14967424
A40: 297 | B40: UTILES, ACCESORIOS Y MATERIALES ELECTRICOS | C40: 19092.79 | E40: =+C40+D40 -> 19092.79 | H40: 8599.25 | I40: 0 | J40: 0 | R40: =SUM(F40:Q40) -> 8599.25 | S40: =+E40-R40 -> 10493.54
A41: 298 | B41: ACCESORIOS Y REPUESTOS EN GENERAL | C41: 405097.84 | E41: =+C41+D41 -> 405097.84 | G41: 29250 | H41: 41005 | I41: 91286 | J41: -45680 | R41: =SUM(F41:Q41) -> 115861 | S41: =+E41-R41 -> 289236.84
A42: 299 | B42: OTROS MATERIALES Y SUMINISTROS | C42: 228502 | E42: =+C42+D42 -> 228502 | H42: 12015 | I42: 2250 | J42: 4605 | R42: =SUM(F42:Q42) -> 18870 | S42: =+E42-R42 -> 209632
B43: TOTAL MATERIALES Y SUMINISTROS | C43: =SUM(C26:C42) -> 25920901 | D43: =SUM(D26:D42) -> 0 | E43: =SUM(E26:E42) -> 25920901 | F43: =SUM(F26:F42) -> 3000 | G43: =SUM(G26:G42) -> 450599.83 | H43: =SUM(H26:H42) -> 1460439.8 | I43: =SUM(I26:I42) -> 2816269.9 | J43: =SUM(J26:J42) -> 1035331.5 | ... S43: =SUM(S26:S42) -> 20155261
B44: TOTAL GENERAL EGRESOS | C44: =C10+C24+C43 -> 62000000 | D44: =D10+D24+D43 -> 0 | E44: =E10+E24+E43 -> 62000000 | F44: =F10+F24+F43 -> 2424988.7 | G44: =G10+G24+G43 -> 3388170.1 | H44: =H10+H24+H43 -> 4400515.8 | I44: =I10+I24+I43 -> 5696957.4 | J44: =J10+J24+J43 -> 4044184.1 | ... P44: =P10+P24+P43 -> 0 | R44: =R10+R24+R43 -> 19954816 | S44: =S10+S24+S43 -> 42045184
F45: =+F44-F10 -> 57720 | G45: =+G44-G10 -> 991486.2 | H45: =+H44-H10 -> 1989932.2 | I45: =+I44-I10 -> 3279896.6 | J45: =+J44-J10 -> 1626473 | K45: =+K44-K10 -> 0 | L45: =+L44-L10 -> 0 | M45: =+M44-M10 -> 0 | ... R45: =+R44-R10 -> 7945508
A52: _______________________________
A53: Víctor Cresencio Reyes Porres
A54: Jefe de Contabilidad

Sheet PRESUPUESTO JUNIO 2022
A1: UNIDAD DE CIRUGIA CARDIOVASCULAR DE GUATEMALA
A2: FONDOS ESTATALES
A3: PRESUPUESTO JUNIO 2,022
C4: PRESUPUESTO 2022 | D4: TRANSFERENCIAS (+-), AMPLIACION | E4: PRESUPUESTO AJUSTADO 2,022 | F4: EJECUTADO ENERO | G4: EJECUTADO FEBRERO | H4: EJECUTADO MARZO | I4: EJECUTADO ABRIL | J4: EJECUTADO MAYO | K4: EJECUTADO JUNIO | L4: EJECUTADO JULIO | M4: EJECUTADO AGOSTO | N4: EJECUTADO SEPTIEMBRE | O4: EJECUTADO OCTUBRE | P4: EJECUTADO NOVIEMBRE | Q4: EJECUTADO DICIEMBRE | R4: EJECUTADO COMPROMETIDO | S4: SALDO
B5: ASIGNACION DEL ESTADO | C5: 62000000 | E5: =+C5+D5 -> 62000000 | F5: 0 | G5: 0 | H5: 0 | I5: 12400000 | R5: =SUM(F5:Q5) -> 12400000 | S5: =+E5-R5 -> 49600000
B6: TOTAL ASIGNACION DEL ESTADO | C6: =SUM(C5) -> 62000000 | D6: =SUM(D5) -> 0 | E6: =SUM(E5) -> 62000000 | F6: =SUM(F5) -> 0 | G6: =SUM(G5) -> 0 | I6: =SUM(I5) -> 12400000 | R6: =SUM(R5) -> 12400000 | S6: =SUM(S5) -> 49600000
C8: =+C4 -> PRESUPUESTO 2022 | D8: TRANSFERENCIAS (+-) | E8: =+E4 -> PRESUPUESTO AJUSTADO 2,022 | F8: =+F4 -> EJECUTADO ENERO | G8: =+G4 -> EJECUTADO FEBRERO | H8: =+H4 -> EJECUTADO MARZO | I8: =+I4 -> EJECUTADO ABRIL | J8: =+J4 -> EJECUTADO MAYO | K8: =+K4 -> EJECUTADO JUNIO | L8: =+L4 -> EJECUTADO JULIO | ... Q8: =+Q4 -> EJECUTADO DICIEMBRE | R8: EJECUTADO COMPROMETIDO | S8: SALDO
A9: 011 | B9: RECURSO HUMANO | C9: 28977736 | E9: =+C9+D9 -> 28977736 | F9: 2367268.7 | G9: 2396683.9 | H9: 2410583.5 | I9: 2417060.8 | J9: 2417711.1 | R9: =SUM(F9:Q9) -> 12009308 | S9: =+E9-R9 -> 16968428
B10: TOTAL RECURSO HUMANO | C10: =SUM(C9) -> 28977736 | D10: =SUM(D9) -> 0 | E10: =SUM(E9) -> 28977736 | F10: =SUM(F9) -> 2367268.7 | G10: =SUM(G9) -> 2396683.9 | H10: =SUM(H9) -> 2410583.5 | I10: =SUM(I9) -> 2417060.8 | J10: =SUM(J9) -> 2417711.1 | R10: =SUM(R9) -> 12009308 | S10: =SUM(S9) -> 16968428
B12: GASTOS GENERALES | C12: =+C8 -> PRESUPUESTO 2022 | D12: TRANSFERENCIAS (+-) | E12: =+E8 -> PRESUPUESTO AJUSTADO 2,022 | F12: =+F8 -> EJECUTADO ENERO | G12: =+G8 -> EJECUTADO FEBRERO | H12: =+H8 -> EJECUTADO MARZO | I12: =+I8 -> EJECUTADO ABRIL | J12: =+J8 -> EJECUTADO MAYO | K12: =+K8 -> EJECUTADO JUNIO | L12: =+L8 -> EJECUTADO JULIO | ... Q12: =+Q8 -> EJECUTADO DICIEMBRE | R12: EJECUTADO COMPROMETIDO | S12: SALDO
A13: 111 | B13: ENERGIA ELECTRICA | C13: 850471.93 | E13: =+C13+D13 -> 850471.93 | G13: 70182.48 | H13: 80017.57 | I13: 86367.27 | J13: 94176.3 | R13: =SUM(F13:Q13) -> 330743.62 | S13: =+E13-R13 -> 519728.31
A14: 113 | B14: TELEFONIA | C14: 126775 | E14: =+C14+D14 -> 126775 | G14: 11227.09 | H14: 11306.4 | I14: 11126.04 | J14: 11246.38 | R14: =SUM(F14:Q14) -> 44905.91 | S14: =+E14-R14 -> 81869.09
A15: 122 | B15: IMPRESIÓN, ENCUADERNACION Y REPRODUCCION | C15: 60855.58 | E15: =+C15+D15 -> 60855.58 | H15: 3676 | I15: 55070.99 | J15: 0 | R15: =SUM(F15:Q15) -> 58746.99 | S15: =+E15-R15 -> 2108.59
A16: 163 | B16: MANT. Y REP. EQUIPO MEDICO SANITARIO Y DE LAB. | C16: 759242 | E16: =+C16+D16 -> 759242 | G16: 15700 | H16: 225896 | I16: 40521 | J16: 106351.08 | R16: =SUM(F16:Q16) -> 388468.08 | S16: =+E16-R16 -> 370773.92
A17: 168 | B17: MANT. DE SOFTWARE | C17: 1000 | E17: =+C17+D17 -> 1000 | H17: 0 | I17: 0 | J17: 0 | R17: =SUM(F17:Q17) -> 0 | S17: =+E17-R17 -> 1000
A18: 169 | B18: MAT. Y REP. DE OTRAS MAQ. Y EQUIPO | C18: 42320 | E18: =+C18+D18 -> 42320 | H18: 0 | I18: 0 | J18: 26300 | R18: =SUM(F18:Q18) -> 26300 | S18: =+E18-R18 -> 16020
A19: 171 | B19: MAT. Y REP. DE EDIFICIOS | C19: 43660 | E19: =+C19+D19 -> 43660 | H19: 12000 | I19: 0 | J19: 0 | R19: =SUM(F19:Q19) -> 12000 | S19: =+E19-R19 -> 31660
A20: 174 | B20: MANT. Y REP. DE INSTALACIONES | C20: 88276 | E20: =+C20+D20 -> 88276 | F20: 12720 | H20: 13500 | I20: 3135 | J20: 12720 | R20: =SUM(F20:Q20) -> 42075 | S20: =+E20-R20 -> 46201
A21: 182 | B21: SERVICIOS MEDICO-SANITARIOS | C21: 3815842 | E21: =+C21+D21 -> 3815842 | G21: 325651 | H21: 89549 | I21: 172385 | J21: 252319 | R21: =SUM(F21:Q21) -> 839904 | S21: =+E21-R21 -> 2975938
A22: 197 | B22: SERVICIOS DE VIGILANCIA | C22: 508200 | E22: =+C22+D22 -> 508200 | F22: 42000 | G22: 42000 | H22: 42000 | I22: 42000 | J22: 42000 | R22: =SUM(F22:Q22) -> 210000 | S22: =+E22-R22 -> 298200
A23: 199 | B23: OTROS SERVICIOS NO PERSONALES | C23: 804720 | E23: =+C23+D23 -> 804720 | G23: 76125.8 | H23: 51547.5 | I23: 53021.45 | J23: 46028.75 | R23: =SUM(F23:Q23) -> 226723.5 | S23: =+E23-R23 -> 577996.5
B24: SUMA GASTOS GENERALES | C24: =SUM(C13:C23) -> 7101362.5 | D24: =SUM(D13:D23) -> 0 | E24: =SUM(E13:E23) -> 7101362.5 | F24: =SUM(F13:F23) -> 54720 | G24: =SUM(G13:G23) -> 540886.37 | H24: =SUM(H13:H23) -> 529492.47 | I24: =SUM(I13:I23) -> 463626.75 | J24: =SUM(J13:J23) -> 591141.51 | R24: =SUM(R13:R23) -> 2179867.1 | S24: =SUM(S13:S23) -> 4921495.4
B25: MATERIALES Y SUMINISTROS | C25: =+C12 -> PRESUPUESTO 2022 | D25: TRANSFERENCIAS (+-) | E25: =+E12 -> PRESUPUESTO AJUSTADO 2,022 | F25: =+F12 -> EJECUTADO ENERO | G25: =+G12 -> EJECUTADO FEBRERO | H25: =+H4 -> EJECUTADO MARZO | I25: =+I4 -> EJECUTADO ABRIL | J25: =+J4 -> EJECUTADO MAYO | K25: =+K4 -> EJECUTADO JUNIO | L25: =+L4 -> EJECUTADO JULIO | M25: =+M4 -> EJECUTADO AGOSTO | N25: =+N4 -> EJECUTADO SEPTIEMBRE | O25: =+O4 -> EJECUTADO OCTUBRE | ... Q25: =+Q4 -> EJECUTADO DICIEMBRE | R25: EJECUTADO COMPROMETIDO | S25: SALDO
A26: 211 | B26: ALIMENTOS PARA PERSONAS | C26: 697986.85 | E26: =+C26+D26 -> 697986.85 | G26: 60583.5 | H26: 21884.75 | I26: 57741.75 | J26: 72399.5 | R26: =SUM(F26:Q26) -> 212609.5 | S26: =+E26-R26 -> 485377.35
B27: PRENDAS DE VESTIR | E27: =+C27+D27 -> 0 | R27: =SUM(F27:Q27) -> 0 | S27: =+E27-R27 -> 0
A28: 232 | B28: ACABADOS TEXTILES | C28: 150000 | E28: =+C28+D28 -> 150000 | H28: 0 | I28: 0 | J28: 0 | R28: =SUM(F28:Q28) -> 0 | S28: =+E28-R28 -> 150000
B29: PAPEL DE ESCRITORIO | E29: =+C29+D29 -> 0 | R29: =SUM(F29:Q29) -> 0 | S29: =+E29-R29 -> 0
B30: ESPECIES TIMBRADAS Y VALORES | E30: =+C30+D30 -> 0 | R30: =SUM(F30:Q30) -> 0 | S30: =+E30-R30 -> 0
A31: 261 | B31: ELEMENTOS Y COMPUESTOS QUIMICOS | C31: 994656.25 | E31: =+C31+D31 -> 994656.25 | G31: 60558.33 | H31: 82297.1 | I31: 66145.2 | J31: 75314.23 | R31: =SUM(F31:Q31) -> 284314.86 | S31: =+E31-R31 -> 710341.39
A32: 262 | B32: COMBUSTIBLES Y LUBRICANTES | C32: 8000 | E32: =+C32+D32 -> 8000 | H32: 0 | I32: 0 | J32: 0 | R32: =SUM(F32:Q32) -> 0 | S32: =+E32-R32 -> 8000
A33: 266 | B33: PRODUCTOS MEDICINALES Y FARMACEUTICOS | C33: 4583271.8 | E33: =+C33+D33 -> 4583271.8 | F33: 3000 | G33: 199538 | H33: 297052.37 | I33: 514211.15 | J33: 344949.64 | R33: =SUM(F33:Q33) -> 1358751.2 | S33: =+E33-R33 -> 3224520.7
A34: 267 | B34: TINTES, PINTURAS Y COLORANTES | C34: 9000 | E34: =+C34+D34 -> 9000 | H34: 0 | I34: 0 | J34: 0 | R34: =SUM(F34:Q34) -> 0 | S34: =+E34-R34 -> 9000
A35: 268 | B35: PRODUCTOS PLASTICOS, NYLON, VINIL Y PVC | C35: 141735.52 | E35: =+C35+D35 -> 141735.52 | H35: 24999.98 | I35: 37989 | J35: 6260 | R35: =SUM(F35:Q35) -> 69248.98 | S35: =+E35-R35 -> 72486.54
A36: 269 | B36: OTROS PRODUCTOS QUIMICOS Y CONEXOS | C36: 10000 | E36: =+C36+D36 -> 10000 | H36: 0 | I36: 0 | J36: 0 | R36: =SUM(F36:Q36) -> 0 | S36: =+E36-R36 -> 10000
A37: 289 | B37: OTROS PRODUCTOS METALICOS | C37: 6898.5 | E37: =+C37+D37 -> 6898.5 | H37: 6592.5 | I37: 0 | J37: 0 | R37: =SUM(F37:Q37) -> 6592.5 | S37: =+E37-R37 -> 306
A38: 292 | B38: UTILES DE LIMPIEZA Y PRODUCTOS SANITARIOS | C38: 84179.13 | E38: =+C38+D38 -> 84179.13 | H38: 39727.9 | I38: 29268.05 | J38: 6740.5 | R38: =SUM(F38:Q38) -> 75736.45 | S38: =+E38-R38 -> 8442.68
A39: 295 | B39: UTILES MENORES MEDICO QUIRURGICOS Y DE LAB. | C39: 18582481 | E39: =+C39+D39 -> 18582481 | G39: 100670 | H39: 926265.9 | I39: 2017378.7 | J39: 570742.6 | R39: =SUM(F39:Q39) -> 3615057.2 | S39: =+E39-R39 -> 14967424
A40: 297 | B40: UTILES, ACCESORIOS Y MATERIALES ELECTRICOS | C40: 19092.79 | E40: =+C40+D40 -> 19092.79 | H40: 8599.25 | I40: 0 | J40: 0 | R40: =SUM(F40:Q40) -> 8599.25 | S40: =+E40-R40 -> 10493.54
A41: 298 | B41: ACCESORIOS Y REPUESTOS EN GENERAL | C41: 405097.84 | E41: =+C41+D41 -> 405097.84 | G41: 29250 | H41: 41005 | I41: 91286 | J41: -45680 | R41: =SUM(F41:Q41) -> 115861 | S41: =+E41-R41 -> 289236.84
A42: 299 | B42: OTROS MATERIALES Y SUMINISTROS | C42: 228502 | E42: =+C42+D42 -> 228502 | H42: 12015 | I42: 2250 | J42: 4605 | R42: =SUM(F42:Q42) -> 18870 | S42: =+E42-R42 -> 209632
B43: TOTAL MATERIALES Y SUMINISTROS | C43: =SUM(C26:C42) -> 25920901 | D43: =SUM(D26:D42) -> 0 | E43: =SUM(E26:E42) -> 25920901 | F43: =SUM(F26:F42) -> 3000 | G43: =SUM(G26:G42) -> 450599.83 | H43: =SUM(H26:H42) -> 1460439.8 | I43: =SUM(I26:I42) -> 2816269.9 | J43: =SUM(J26:J42) -> 1035331.5 | ... S43: =SUM(S26:S42) -> 20155261
B44: TOTAL GENERAL EGRESOS | C44: =C10+C24+C43 -> 62000000 | D44: =D10+D24+D43 -> 0 | E44: =E10+E24+E43 -> 62000000 | F44: =F10+F24+F43 -> 2424988.7 | G44: =G10+G24+G43 -> 3388170.1 | H44: =H10+H24+H43 -> 4400515.8 | I44: =I10+I24+I43 -> 5696957.4 | J44: =J10+J24+J43 -> 4044184.1 | ... P44: =P10+P24+P43 -> 0 | R44: =R10+R24+R43 -> 19954816 | S44: =S10+S24+S43 -> 42045184
F45: =+F44-F10 -> 57720 | G45: =+G44-G10 -> 991486.2 | H45: =+H44-H10 -> 1989932.2 | I45: =+I44-I10 -> 3279896.6 | J45: =+J44-J10 -> 1626473 | K45: =+K44-K10 -> 0 | L45: =+L44-L10 -> 0 | M45: =+M44-M10 -> 0 | ... R45: =+R44-R10 -> 7945508
A52: _______________________________
A53: Víctor Cresencio Reyes Porres
A54: Jefe de Contabilidad

Sheet PRESUPUESTO JULIO 2022
A1: UNIDAD DE CIRUGIA CARDIOVASCULAR DE GUATEMALA
A2: FONDOS ESTATALES
A3: PRESUPUESTO JULIO 2,022
C4: PRESUPUESTO 2022 | D4: TRANSFERENCIAS (+-), AMPLIACION | E4: PRESUPUESTO AJUSTADO 2,022 | F4: EJECUTADO ENERO | G4: EJECUTADO FEBRERO | H4: EJECUTADO MARZO | I4: EJECUTADO ABRIL | J4: EJECUTADO MAYO | K4: EJECUTADO JUNIO | L4: EJECUTADO JULIO | M4: EJECUTADO AGOSTO | N4: EJECUTADO SEPTIEMBRE | O4: EJECUTADO OCTUBRE | P4: EJECUTADO NOVIEMBRE | Q4: EJECUTADO DICIEMBRE | R4: EJECUTADO COMPROMETIDO | S4: SALDO
B5: ASIGNACION DEL ESTADO | C5: 62000000 | E5: =+C5+D5 -> 62000000 | F5: 0 | G5: 0 | H5: 0 | I5: 12400000 | R5: =SUM(F5:Q5) -> 12400000 | S5: =+E5-R5 -> 49600000
B6: TOTAL ASIGNACION DEL ESTADO | C6: =SUM(C5) -> 62000000 | D6: =SUM(D5) -> 0 | E6: =SUM(E5) -> 62000000 | F6: =SUM(F5) -> 0 | G6: =SUM(G5) -> 0 | I6: =SUM(I5) -> 12400000 | R6: =SUM(R5) -> 12400000 | S6: =SUM(S5) -> 49600000
C8: =+C4 -> PRESUPUESTO 2022 | D8: TRANSFERENCIAS (+-) | E8: =+E4 -> PRESUPUESTO AJUSTADO 2,022 | F8: =+F4 -> EJECUTADO ENERO | G8: =+G4 -> EJECUTADO FEBRERO | H8: =+H4 -> EJECUTADO MARZO | I8: =+I4 -> EJECUTADO ABRIL | J8: =+J4 -> EJECUTADO MAYO | K8: =+K4 -> EJECUTADO JUNIO | L8: =+L4 -> EJECUTADO JULIO | ... Q8: =+Q4 -> EJECUTADO DICIEMBRE | R8: EJECUTADO COMPROMETIDO | S8: SALDO
A9: 011 | B9: RECURSO HUMANO | C9: 28977736 | E9: =+C9+D9 -> 28977736 | F9: 2367268.7 | G9: 2396683.9 | H9: 2410583.5 | I9: 2417060.8 | J9: 2417711.1 | R9: =SUM(F9:Q9) -> 12009308 | S9: =+E9-R9 -> 16968428
B10: TOTAL RECURSO HUMANO | C10: =SUM(C9) -> 28977736 | D10: =SUM(D9) -> 0 | E10: =SUM(E9) -> 28977736 | F10: =SUM(F9) -> 2367268.7 | G10: =SUM(G9) -> 2396683.9 | H10: =SUM(H9) -> 2410583.5 | I10: =SUM(I9) -> 2417060.8 | J10: =SUM(J9) -> 2417711.1 | R10: =SUM(R9) -> 12009308 | S10: =SUM(S9) -> 16968428
B12: GASTOS GENERALES | C12: =+C8 -> PRESUPUESTO 2022 | D12: TRANSFERENCIAS (+-) | E12: =+E8 -> PRESUPUESTO AJUSTADO 2,022 | F12: =+F8 -> EJECUTADO ENERO | G12: =+G8 -> EJECUTADO FEBRERO | H12: =+H8 -> EJECUTADO MARZO | I12: =+I8 -> EJECUTADO ABRIL | J12: =+J8 -> EJECUTADO MAYO | K12: =+K8 -> EJECUTADO JUNIO | L12: =+L8 -> EJECUTADO JULIO | ... Q12: =+Q8 -> EJECUTADO DICIEMBRE | R12: EJECUTADO COMPROMETIDO | S12: SALDO
A13: 111 | B13: ENERGIA ELECTRICA | C13: 850471.93 | E13: =+C13+D13 -> 850471.93 | G13: 70182.48 | H13: 80017.57 | I13: 86367.27 | J13: 94176.3 | R13: =SUM(F13:Q13) -> 330743.62 | S13: =+E13-R13 -> 519728.31
A14: 113 | B14: TELEFONIA | C14: 126775 | E14: =+C14+D14 -> 126775 | G14: 11227.09 | H14: 11306.4 | I14: 11126.04 | J14: 11246.38 | R14: =SUM(F14:Q14) -> 44905.91 | S14: =+E14-R14 -> 81869.09
A15: 122 | B15: IMPRESIÓN, ENCUADERNACION Y REPRODUCCION | C15: 60855.58 | E15: =+C15+D15 -> 60855.58 | H15: 3676 | I15: 55070.99 | J15: 0 | R15: =SUM(F15:Q15) -> 58746.99 | S15: =+E15-R15 -> 2108.59
A16: 163 | B16: MANT. Y REP. EQUIPO MEDICO SANITARIO Y DE LAB. | C16: 759242 | E16: =+C16+D16 -> 759242 | G16: 15700 | H16: 225896 | I16: 40521 | J16: 106351.08 | R16: =SUM(F16:Q16) -> 388468.08 | S16: =+E16-R16 -> 370773.92
A17: 168 | B17: MANT. DE SOFTWARE | C17: 1000 | E17: =+C17+D17 -> 1000 | H17: 0 | I17: 0 | J17: 0 | R17: =SUM(F17:Q17) -> 0 | S17: =+E17-R17 -> 1000
A18: 169 | B18: MAT. Y REP. DE OTRAS MAQ. Y EQUIPO | C18: 42320 | E18: =+C18+D18 -> 42320 | H18: 0 | I18: 0 | J18: 26300 | R18: =SUM(F18:Q18) -> 26300 | S18: =+E18-R18 -> 16020
A19: 171 | B19: MAT. Y REP. DE EDIFICIOS | C19: 43660 | E19: =+C19+D19 -> 43660 | H19: 12000 | I19: 0 | J19: 0 | R19: =SUM(F19:Q19) -> 12000 | S19: =+E19-R19 -> 31660
A20: 174 | B20: MANT. Y REP. DE INSTALACIONES | C20: 88276 | E20: =+C20+D20 -> 88276 | F20: 12720 | H20: 13500 | I20: 3135 | J20: 12720 | R20: =SUM(F20:Q20) -> 42075 | S20: =+E20-R20 -> 46201
A21: 182 | B21: SERVICIOS MEDICO-SANITARIOS | C21: 3815842 | E21: =+C21+D21 -> 3815842 | G21: 325651 | H21: 89549 | I21: 172385 | J21: 252319 | R21: =SUM(F21:Q21) -> 839904 | S21: =+E21-R21 -> 2975938
A22: 197 | B22: SERVICIOS DE VIGILANCIA | C22: 508200 | E22: =+C22+D22 -> 508200 | F22: 42000 | G22: 42000 | H22: 42000 | I22: 42000 | J22: 42000 | R22: =SUM(F22:Q22) -> 210000 | S22: =+E22-R22 -> 298200
A23: 199 | B23: OTROS SERVICIOS NO PERSONALES | C23: 804720 | E23: =+C23+D23 -> 804720 | G23: 76125.8 | H23: 51547.5 | I23: 53021.45 | J23: 46028.75 | R23: =SUM(F23:Q23) -> 226723.5 | S23: =+E23-R23 -> 577996.5
B24: SUMA GASTOS GENERALES | C24: =SUM(C13:C23) -> 7101362.5 | D24: =SUM(D13:D23) -> 0 | E24: =SUM(E13:E23) -> 7101362.5 | F24: =SUM(F13:F23) -> 54720 | G24: =SUM(G13:G23) -> 540886.37 | H24: =SUM(H13:H23) -> 529492.47 | I24: =SUM(I13:I23) -> 463626.75 | J24: =SUM(J13:J23) -> 591141.51 | R24: =SUM(R13:R23) -> 2179867.1 | S24: =SUM(S13:S23) -> 4921495.4
B25: MATERIALES Y SUMINISTROS | C25: =+C12 -> PRESUPUESTO 2022 | D25: TRANSFERENCIAS (+-) | E25: =+E12 -> PRESUPUESTO AJUSTADO 2,022 | F25: =+F12 -> EJECUTADO ENERO | G25: =+G12 -> EJECUTADO FEBRERO | H25: =+H4 -> EJECUTADO MARZO | I25: =+I4 -> EJECUTADO ABRIL | J25: =+J4 -> EJECUTADO MAYO | K25: =+K4 -> EJECUTADO JUNIO | L25: =+L4 -> EJECUTADO JULIO | M25: =+M4 -> EJECUTADO AGOSTO | N25: =+N4 -> EJECUTADO SEPTIEMBRE | O25: =+O4 -> EJECUTADO OCTUBRE | ... Q25: =+Q4 -> EJECUTADO DICIEMBRE | R25: EJECUTADO COMPROMETIDO | S25: SALDO
A26: 211 | B26: ALIMENTOS PARA PERSONAS | C26: 697986.85 | E26: =+C26+D26 -> 697986.85 | G26: 60583.5 | H26: 21884.75 | I26: 57741.75 | J26: 72399.5 | R26: =SUM(F26:Q26) -> 212609.5 | S26: =+E26-R26 -> 485377.35
B27: PRENDAS DE VESTIR | E27: =+C27+D27 -> 0 | R27: =SUM(F27:Q27) -> 0 | S27: =+E27-R27 -> 0
A28: 232 | B28: ACABADOS TEXTILES | C28: 150000 | E28: =+C28+D28 -> 150000 | H28: 0 | I28: 0 | J28: 0 | R28: =SUM(F28:Q28) -> 0 | S28: =+E28-R28 -> 150000
B29: PAPEL DE ESCRITORIO | E29: =+C29+D29 -> 0 | R29: =SUM(F29:Q29) -> 0 | S29: =+E29-R29 -> 0
B30: ESPECIES TIMBRADAS Y VALORES | E30: =+C30+D30 -> 0 | R30: =SUM(F30:Q30) -> 0 | S30: =+E30-R30 -> 0
A31: 261 | B31: ELEMENTOS Y COMPUESTOS QUIMICOS | C31: 994656.25 | E31: =+C31+D31 -> 994656.25 | G31: 60558.33 | H31: 82297.1 | I31: 66145.2 | J31: 75314.23 | R31: =SUM(F31:Q31) -> 284314.86 | S31: =+E31-R31 -> 710341.39
A32: 262 | B32: COMBUSTIBLES Y LUBRICANTES | C32: 8000 | E32: =+C32+D32 -> 8000 | H32: 0 | I32: 0 | J32: 0 | R32: =SUM(F32:Q32) -> 0 | S32: =+E32-R32 -> 8000
A33: 266 | B33: PRODUCTOS MEDICINALES Y FARMACEUTICOS | C33: 4583271.8 | E33: =+C33+D33 -> 4583271.8 | F33: 3000 | G33: 199538 | H33: 297052.37 | I33: 514211.15 | J33: 344949.64 | R33: =SUM(F33:Q33) -> 1358751.2 | S33: =+E33-R33 -> 3224520.7
A34: 267 | B34: TINTES, PINTURAS Y COLORANTES | C34: 9000 | E34: =+C34+D34 -> 9000 | H34: 0 | I34: 0 | J34: 0 | R34: =SUM(F34:Q34) -> 0 | S34: =+E34-R34 -> 9000
A35: 268 | B35: PRODUCTOS PLASTICOS, NYLON, VINIL Y PVC | C35: 141735.52 | E35: =+C35+D35 -> 141735.52 | H35: 24999.98 | I35: 37989 | J35: 6260 | R35: =SUM(F35:Q35) -> 69248.98 | S35: =+E35-R35 -> 72486.54
A36: 269 | B36: OTROS PRODUCTOS QUIMICOS Y CONEXOS | C36: 10000 | E36: =+C36+D36 -> 10000 | H36: 0 | I36: 0 | J36: 0 | R36: =SUM(F36:Q36) -> 0 | S36: =+E36-R36 -> 10000
A37: 289 | B37: OTROS PRODUCTOS METALICOS | C37: 6898.5 | E37: =+C37+D37 -> 6898.5 | H37: 6592.5 | I37: 0 | J37: 0 | R37: =SUM(F37:Q37) -> 6592.5 | S37: =+E37-R37 -> 306
A38: 292 | B38: UTILES DE LIMPIEZA Y PRODUCTOS SANITARIOS | C38: 84179.13 | E38: =+C38+D38 -> 84179.13 | H38: 39727.9 | I38: 29268.05 | J38: 6740.5 | R38: =SUM(F38:Q38) -> 75736.45 | S38: =+E38-R38 -> 8442.68
A39: 295 | B39: UTILES MENORES MEDICO QUIRURGICOS Y DE LAB. | C39: 18582481 | E39: =+C39+D39 -> 18582481 | G39: 100670 | H39: 926265.9 | I39: 2017378.7 | J39: 570742.6 | R39: =SUM(F39:Q39) -> 3615057.2 | S39: =+E39-R39 -> 14967424
A40: 297 | B40: UTILES, ACCESORIOS Y MATERIALES ELECTRICOS | C40: 19092.79 | E40: =+C40+D40 -> 19092.79 | H40: 8599.25 | I40: 0 | J40: 0 | R40: =SUM(F40:Q40) -> 8599.25 | S40: =+E40-R40 -> 10493.54
A41: 298 | B41: ACCESORIOS Y REPUESTOS EN GENERAL | C41: 405097.84 | E41: =+C41+D41 -> 405097.84 | G41: 29250 | H41: 41005 | I41: 91286 | J41: -45680 | R41: =SUM(F41:Q41) -> 115861 | S41: =+E41-R41 -> 289236.84
A42: 299 | B42: OTROS MATERIALES Y SUMINISTROS | C42: 228502 | E42: =+C42+D42 -> 228502 | H42: 12015 | I42: 2250 | J42: 4605 | R42: =SUM(F42:Q42) -> 18870 | S42: =+E42-R42 -> 209632
